Workbook

Sheet Guidance
A1: General guidance for how to use this document
A2: Type of sheet | B2: Information
A3: Comparison overview | B3: The comparison overview outlines the individual specification points in the Biology, Chemistry and Physics Separate Science Pearson Edexcel specifications. Specifcation points that are not in bold and do not have a 'B', 'C' or 'P' after the numbers are also found in the Science (Double Award) specification. A tick indicates that the specification point is covered in Pearson Edexcel and the relevant awarding bodies specification. An 'N' means that the specification point from Pearson Edexcel is not clearly identifiable and present in the relevant awarding bodies specification. In the example below (taken from the 'Biology Comparison Overview' sheet), you can find out the following information for the Pearson Edexcel specification point "understand the advantages and disadvantages of using stem cells in medicine": - The linear spec point and modular spec point are emboldened and have a 'B' after the numbers - this means that this specification point is only covered in the Biology International GCSE specification, and not the Science (Double Award) specification. - The 'N' in the CAIE (Seperate) and CAIE (Co-ordinated) means that this content is not explicitly stated in these specifications, therefore this is a way in which the Pearson Edexcel and Cambridge International qualifications may differ. - The green tick in the OxfordAQA (Separate) and OxfordAQA (Combined Science) means that this content is present in these specifications, therefore this is a way in which the Pearson Edexcel and OxfordAQA qualifications are similar.
A4: Specification specific sheets e.g. CAIE IGCSE Biology 0610-0970 | B4: The name of the tab indicates the specification that can be found, where a more granular comparison can be made between the named specification and the comparative discipline in Pearson Edexcel. Where a comparative specification point exists in the Pearson specification, this is indicated for both the linear and modular specifications. The Pearson modular and linear specification number will be provided, as well as the specific specification statement so that you can see exactly how they compare. In the 'Notes' section, this provides additional detail. For example, different terms that students may or may not need to be familar with or if the content may be found in another Pearson specification. The following sheets have biology, chemistry and physics content within them: - CAIE IGCSE Co-Ord Sci 0654-0973 - CAIE IGCSE Combined 0653 - OxAQA IntGCSE Combined Sci 9204 - AQA GCSE Comb Sci Trilogy 8464 - AQA GCSE Comb Sci Synergy 8465 The Pearson Edexcel comparative spec point number will relate to the specification of the relevant discipline. For example, if the discipline is indicated as being Biology, 5.1 in the 'Pearson Edexcel Modular Spec point' column will refer to "understand the terms: population, community, habitat and ecosystem" instead of 5.1 in the Physics and Chemistry specifications ("use the following units: degree (°), hertz (Hz), metre (m), metre/second (m/s) and second (s)" or "understand how ions are formed by electron loss or gain").

Sheet Biology Comparison Overview
A1: Pearson Edexcel | D1: Comparison overview ( "N" means not specified/unclear)
A2: Linear spec point | B2: Modular spec point | C2: Spec point description | D2: CAIE (Separate) | E2: CAIE (Co-ordinated) | F2: OxfordAQA (Separate) | G2: OxfordAQA (Combined Science) | H2: AQA (Separate) | I2: AQA (Comb Sci Trilogy) | J2: AQA (Comb Sci Synergy)
A3: 1.1 | B3: 1.1 | C3: understand how living organisms share the following characteristics: • they require nutrition • they respire • they excrete their waste • they respond to their surroundings • they move • they control their internal conditions • they reproduce • they grow and develop | D3: ü | E3: ü | F3: N | G3: N | H3: N | I3: N | J3: N
A4: 1.2 | B4: 1.2 | C4: describe the common features shown by eukaryotic organisms: plants, animals, fungi and protoctists | D4: ü | E4: N | F4: ü | G4: ü | H4: ü | I4: ü | J4: ü
A5: 1.3 | B5: 1.3 | C5: describe the common features shown by prokaryotic organisms such as bacteria | D5: ü | E5: ü | F5: ü | G5: ü | H5: ü | I5: ü | J5: ü
A6: 1.4 | B6: 1.4 | C6: understand the term ‘pathogen’ and know that pathogens may include fungi, bacteria, protoctists and viruses | D6: ü | E6: ü | F6: ü | G6: ü | H6: ü | I6: ü | J6: ü
A7: 2.1 | B7: 2.1 | C7: describe the levels of organisation in organisms: organelles, cells, tissues, organs and systems | D7: ü | E7: N | F7: ü | G7: ü | H7: ü | I7: ü | J7: N
A8: 2.2 | B8: 2.2 | C8: describe cell structures, including the nucleus, cytoplasm, cell membrane, cell wall, mitochondria, chloroplasts, ribosomes and vacuole | D8: ü | E8: ü | F8: ü | G8: ü | H8: ü | I8: ü | J8: ü
A9: 2.3 | B9: 2.3 | C9: describe the functions of the nucleus, cytoplasm, cell membrane, cell wall, mitochondria, chloroplasts, ribosomes and vacuole | D9: ü | E9: ü | F9: ü | G9: ü | H9: ü | I9: ü | J9: ü
A10: 2.4 | B10: 2.4 | C10: know the similarities and differences in the structure of plant and animal cells | D10: ü | E10: ü | F10: ü | G10: ü | H10: ü | I10: ü | J10: ü
A11: 2.5B | B11: 2.5B | C11: explain the importance of cell differentiation in the development of specialised cells | D11: ü | E11: ü | F11: ü | G11: ü | H11: ü | I11: ü | J11: ü
A12: 2.6B | B12: 2.6B | C12: understand the advantages and disadvantages of using stem cells in medicine | D12: N | E12: N | F12: ü | G12: ü | H12: ü | I12: ü | J12: ü
A13: 2.7 | B13: 2.7 | C13: identify the chemical elements present in carbohydrates, proteins and lipids (fats and oils) | D13: ü | E13: ü | F13: N | G13: N | H13: N | I13: N | J13: N
A14: 2.8 | B14: 2.8 | C14: describe the structure of carbohydrates, proteins and lipids as large molecules made up from smaller basic units: starch and glycogen from simple sugars, protein from amino acids, and lipid from fatty acids and glycerol | D14: ü | E14: ü | F14: N | G14: N | H14: ü | I14: ü | J14: ü
A15: 2.9 | B15: 2.9 | C15: practical: investigate food samples for the presence of glucose, starch, protein and fat | D15: ü | E15: ü | F15: N | G15: N | H15: ü | I15: ü | J15: ü
A16: 2.10 | B16: 2.10 | C16: understand the role of enzymes as biological catalysts in metabolic reactions | D16: ü | E16: ü | F16: ü | G16: ü | H16: ü | I16: ü | J16: ü
A17: 2.11 | B17: 2.11 | C17: understand how temperature changes can affect enzyme function, including changes to the shape of active site | D17: ü | E17: ü | F17: ü | G17: ü | H17: ü | I17: ü | J17: ü
A18: 2.12 | B18: 2.12 | C18: practical: investigate how enzyme activity can be affected by changes in temperature | D18: ü | E18: ü | F18: ü | G18: ü | H18: N | I18: N | J18: N
A19: 2.13 | B19: 2.13 | C19: understand how enzyme function can be affected by changes in pH altering the active site | D19: ü | E19: ü | F19: ü | G19: ü | H19: N | I19: N | J19: ü
A20: 2.14B | B20: 2.14B | C20: practical: investigate how enzyme activity can be affected by changes in pH | D20: ü | E20: ü | F20: ü | G20: ü | H20: ü | I20: ü | J20: ü
A21: 2.15 | B21: 2.15 | C21: understand the processes of diffusion, osmosis and active transport by which substances move into and out of cells | D21: ü | E21: ü | F21: ü | G21: ü | H21: ü | I21: ü | J21: ü
A22: 2.16 | B22: 2.16 | C22: understand how factors affect the rate of movement of substances into and out of cells, including the effects of surface area to volume ratio, distance, temperature and concentration gradient | D22: ü | E22: ü | F22: ü | G22: ü | H22: ü | I22: ü | J22: ü
A23: 2.17 | B23: 2.17 | C23: practical: investigate diffusion and osmosis using living and non-living systems | D23: ü | E23: ü | F23: ü | G23: ü | H23: ü | I23: ü | J23: ü
A24: 2.18 | B24: 2.18 | C24: understand the process of photosynthesis and its importance in the conversion of light energy to chemical energy | D24: ü | E24: ü | F24: ü | G24: ü | H24: ü | I24: ü | J24: ü
A25: 2.19 | B25: 2.19 | C25: know the word equation and the balanced chemical symbol equation for photosynthesis | D25: ü | E25: ü | F25: ü | G25: ü | H25: ü | I25: ü | J25: ü
A26: 2.20 | B26: 2.20 | C26: understand how varying carbon dioxide concentration, light intensity and temperature affect the rate of photosynthesis | D26: ü | E26: ü | F26: ü | G26: ü | H26: ü | I26: ü | J26: ü
A27: 2.21 | B27: 2.21 | C27: describe the structure of the leaf and explain how it is adapted for photosynthesis | D27: ü | E27: ü | F27: ü | G27: ü | H27: ü | I27: ü | J27: ü
... A178: 5.20B | B178: 6.20B | C178: understand how cloned transgenic animals can be used to produce human proteins | D178: N | E178: N | F178: N | G178: N | H178: N | I178: N | J178: N

Sheet Chemistry Comparison Overview
A1: Pearson Edexcel | D1: Comparison overview ( "N" means not specified/unclear)
A2: Linear spec point | B2: Modular spec point | C2: Spec point description | D2: CIE (Separate) | E2: CIE (Co-ordinated) | F2: OxfordAQA (Separate) | G2: OxfordAQA (Combined Science) | H2: AQA (Separate) | I2: AQA (Comb Sci Trilogy) | J2: AQA (Comb Sci Synergy)
A3: 1.1 | B3: 1.1 | C3: understand the three states of matter in terms of the arrangement, movement and energy of the particles | D3: ü | E3: ü | F3: ü | G3: ü | H3: ü | I3: ü | J3: N
A4: 1.2 | B4: 1.2 | C4: understand the interconversions between the three states of matter in terms of: • the names of the interconversions • how they are achieved • the changes in arrangement, movement and energy of the particles | D4: ü | E4: ü | F4: ü | G4: ü | H4: ü | I4: ü | J4: N
A5: 1.3 | B5: 1.3 | C5: understand how the results of experiments involving the dilution of coloured solutions and diffusion of gases can be explained | D5: ü | E5: ü | F5: ü | G5: ü | H5: N | I5: N | J5: N
A6: 1.4 | B6: 1.4 | C6: know what is meant by the terms: • solvent • solute • solution • saturated solution | D6: ü | E6: ü | F6: N | G6: N | H6: N | I6: N | J6: N
A7: 1.5C | B7: 1.5C | C7: know what is meant by the term solubility in the units g per 100 g of solvent | D7: N | E7: N | F7: N | G7: N | H7: ü | I7: ü | J7: ü
A8: 1.6C | B8: 1.6C | C8: understand how to plot and interpret solubility curves | D8: N | E8: N | F8: N | G8: N | H8: N | I8: N | J8: N
A9: 1.7C | B9: 1.7C | C9: practical: investigate the solubility of a solid in water at a specific temperature | D9: N | E9: N | F9: N | G9: N | H9: N | I9: N | J9: N
A10: 1.8 | B10: 1.8 | C10: understand how to classify a substance as an element, compound or mixture | D10: ü | E10: ü | F10: ü | G10: ü | H10: ü | I10: ü | J10: N
A11: 1.9 | B11: 1.9 | C11: understand that a pure substance has a fixed melting and boiling point, but that a mixture may melt or boil over a range of temperatures | D11: ü | E11: ü | F11: ü | G11: ü | H11: ü | I11: ü | J11: N
A12: 1.10 | B12: 1.10 | C12: describe these experimental techniques for the separation of mixtures: • simple distillation • fractional distillation • filtration • crystallisation • paper chromatography | D12: ü | E12: ü | F12: ü | G12: ü | H12: ü | I12: ü | J12: ü
A13: 1.11 | B13: 1.11 | C13: understand how a chromatogram provides information about the composition of a mixture | D13: ü | E13: ü | F13: ü | G13: ü | H13: ü | I13: ü | J13: ü
A14: 1.12 | B14: 1.12 | C14: understand how to use the calculation of Rf values to identify the components of a mixture | D14: ü | E14: ü | F14: ü | G14: ü | H14: ü | I14: ü | J14: ü
A15: 1.13 | B15: 1.13 | C15: practical: investigate paper chromatography using inks/food colourings | D15: ü | E15: ü | F15: N | G15: N | H15: ü | I15: ü | J15: ü
A16: 1.14 | B16: 1.14 | C16: know what is meant by the terms ‘atom’ and ‘molecule’ | D16: ü | E16: ü | F16: ü | G16: ü | H16: ü | I16: ü | J16: ü
... A88: 2.26C | B88: 2.12C | C88: know that an alloy is a mixture of a metal and one or more elements, usually other metals or carbon | D88: ü | E88: ü | F88: ü | G88: ü | H88: N | I88: N | J88: N
A89: 2.27C | B89: 2.13C | D89: ü | E89: ü | F89: ü | G89: ü | H89: ü | I89: ü | J89: ü
A90: 2.28 | B90: 2.14 | C90: describe the use of litmus, phenolphthalein and methyl orange to distinguish between acidic and alkaline solutions | D90: ü | E90: ü | F90: N | G90: N | H90: N | I90: N | J90: N
A91: 2.29 | B91: 2.15 | C91: understand how to use the pH scale, from 0–14, can be used to classify solutions as strongly acidic (0–3), weakly acidic (4–6), neutral (7), weakly alkaline (8–10) and strongly alkaline (11–14) | D91: ü | E91: ü | F91: ü | G91: ü | H91: ü | I91: ü | J91: ü
A92: 2.30 | B92: 2.16 | C92: describe the use of universal indicator to measure the approximate pH value of an aqueous solution | D92: ü | E92: ü | F92: ü | G92: ü | H92: ü | I92: ü | J92: ü
A93: 2.31 | B93: 2.17 | C93: know that acids in aqueous solution are a source of hydrogen ions and alkalis in a aqueous solution are a source of hydroxide ions | D93: ü | E93: N | F93: ü | G93: ü | H93: ü | I93: ü | J93: ü
A94: 2.32 | B94: 2.18 | C94: know that alkalis can neutralise acids | D94: ü | E94: ü | F94: ü | G94: ü | H94: ü | I94: ü | J94: ü
A95: 2.33C | B95: 2.19C | C95: describe how to carry out an acid-alkali titration | D95: ü | E95: ü | F95: ü | G95: ü | H95: ü | I95: N | J95: N
A96: 2.34 | B96: 2.20 | C96: know the general rules for predicting the solubility of ionic compounds in water: • common sodium, potassium and ammonium compounds are soluble • all nitrates are soluble • common chlorides are soluble, except those of silver and lead(II) • common sulfates are soluble, except for those of barium, calcium and lead(II) • common carbonates are insoluble, except for those of sodium, potassium and ammonium • common hydroxides are insoluble except for those of sodium, potassium and calcium (calcium hydroxide is slightly soluble) | D96: ü | E96: N | F96: ü | G96: ü | H96: ü | I96: N | J96: N
A97: 2.35 | B97: 2.21 | C97: understand acids and bases in terms of proton transfer | D97: N | E97: N | F97: N | G97: N | H97: N | I97: N | J97: N
A98: 2.36 | B98: 2.22 | C98: understand that an acid is a proton donor and a base is a proton acceptor | D98: ü | E98: N | F98: N | G98: N | H98: ü | I98: ü | J98: N
A99: 2.37 | B99: 2.23 | C99: describe the reactions of hydrochloric acid, sulfuric acid and nitric acid with metals, bases and metal carbonates (excluding the reactions between nitric acid and metals) to form salts | D99: ü | E99: ü | F99: ü | G99: ü | H99: ü | I99: ü | J99: ü
A100: 2.38 | B100: 2.24 | C100: know that metal oxides, metal hydroxides and ammonia can act as bases, and that alkalis are bases that are soluble in water | D100: ü | E100: ü | F100: ü | G100: ü | H100: N | I100: N | J100: N
A101: 2.39 | B101: 2.25 | C101: describe an experiment to prepare a pure, dry sample of a soluble salt, starting from an insoluble reactant | D101: ü | E101: ü | F101: ü | G101: ü | H101: ü | I101: ü | J101: ü
... A184: 4.50C | B184: 8.22C | C184: know that some polyesters, known as biopolyesters, are biodegradable | D184: N | E184: N | F184: N | G184: N | H184: N | I184: N | J184: N

Sheet Physics Comparison Overview
A1: Pearson Edexcel | D1: Comparison overview ( "N" means not specified/unclear)
A2: Linear spec points | B2: Modular spec point | C2: Spec point description | D2: CIE (Separate) | E2: CIE (Co-ordinated) | F2: OxfordAQA (Separate) | G2: OxfordAQA (Combined Science) | H2: AQA (Separate) | I2: AQA (Comb Sci Trilogy) | J2: AQA (Comb Sci Synergy)
A3: 1.1 | B3: 1.1 | C3: use the following units: kilogram (kg), metre (m), metre/second (m/s), metre/second2 (m/s2), newton (N), second (s) and newton/kilogram (N/kg) | D3: N | E3: N | F3: N | G3: N | H3: ü | I3: ü | J3: N
A4: 1.2P | B4: 1.2P | C4: use the following units: newton metre (Nm), kilogram metre/second (kg m/s) | D4: N | E4: N | F4: N | G4: N | H4: N | I4: N | J4: N
A5: 1.3 | B5: 1.3 | C5: plot and explain distance-time graphs | D5: ü | E5: ü | F5: ü | G5: ü | H5: ü | I5: ü | J5: ü
A6: 1.4 | B6: 1.4 | C6: know and use the relationship between average speed, distance moved and time taken: average speed = distance moved / time taken | D6: ü | E6: ü | F6: ü | G6: ü | H6: ü | I6: ü | J6: ü
A7: 1.5 | B7: 1.5 | C7: practical: investigate the motion of everyday objects such as toy cars or tennis balls | D7: ü | E7: N | F7: N | G7: N | H7: N | I7: N | J7: N
A8: 1.6 | B8: 1.6 | C8: know and use the relationship between acceleration, change in velocity and time taken: acceleration = change in velocity / time taken; a = (v − u) / t | D8: ü | E8: ü | F8: ü | G8: ü | H8: ü | I8: ü | J8: ü
A9: 1.7 | B9: 1.7 | C9: plot and explain velocity-time graphs | D9: ü | E9: ü | F9: N | G9: N | H9: ü | I9: ü | J9: ü
A10: 1.8 | B10: 1.8 | C10: determine acceleration from the gradient of a velocity-time graph | D10: ü | E10: ü | F10: ü | G10: ü | H10: ü | I10: ü | J10: N
A11: 1.9 | B11: 1.9 | C11: determine the distance travelled from the area between a velocity-time graph and the time axis | D11: ü | E11: ü | F11: ü | G11: ü | H11: ü | I11: ü | J11: N
A12: 1.10 | B12: 1.10 | C12: use the relationship between final speed, initial speed, acceleration and distance moved: (final speed)2 = (initial speed)2 + (2 × acceleration × distance moved) v2 = u2 + (2 × a × s) | D12: N | E12: N | F12: N | G12: N | H12: ü | I12: ü | J12: N
A13: 1.11 | B13: 1.11 | C13: describe the effects of forces between bodies such as changes in speed, shape or direction | D13: ü | E13: ü | F13: ü | G13: ü | H13: ü | I13: ü | J13: ü
A14: 1.12 | B14: 1.12 | C14: identify different types of force such as gravitational or electrostatic | D14: N | E14: N | F14: ü | G14: ü | H14: ü | I14: ü | J14: ü
A15: 1.13 | B15: 1.13 | C15: understand how vector quantities differ from scalar quantities | D15: ü | E15: N | F15: ü | G15: ü | H15: ü | I15: ü | J15: ü
A16: 1.14 | B16: 1.14 | C16: understand that force is a vector quantity | D16: ü | E16: N | F16: ü | G16: ü | H16: N | I16: N | J16: N
A17: 1.15 | B17: 1.15 | C17: calculate the resultant force of forces that act along a line | D17: ü | E17: ü | F17: ü | G17: ü | H17: ü | I17: ü | J17: N
A18: 1.16 | B18: 1.16 | C18: know that friction is a force that opposes motion | D18: ü | E18: ü | F18: ü | G18: ü | H18: N | I18: N | J18: N
A19: 1.17 | B19: 1.17 | C19: know and use the relationship between unbalanced force, mass and acceleration: force = mass × acceleration F = m × a | D19: ü | E19: ü | F19: ü | G19: ü | H19: ü | I19: ü | J19: N
A20: 1.18 | B20: 1.18 | C20: know and use the relationship between weight, mass and gravitational field strength: weight = mass × gravitational field strength W = m × g | D20: ü | E20: ü | F20: ü | G20: ü | H20: ü | I20: ü | J20: ü
A21: 1.19 | B21: 1.19 | C21: know that the stopping distance of a vehicle is made up of the sum of the thinking distance and the braking distance | D21: N | E21: N | F21: ü | G21: ü | H21: ü | I21: ü | J21: N
A22: 1.20 | B22: 1.20 | C22: describe the factors affecting vehicle stopping distance, including speed, mass, road condition and reaction time | D22: N | E22: N | F22: ü | G22: ü | H22: ü | I22: ü | J22: ü
A23: 1.21 | B23: 1.21 | C23: describe the forces acting on falling objects (and explain why falling objects reach a terminal velocity) | D23: ü | E23: N | F23: ü | G23: N | H23: ü | I23: ü | J23: N
A24: 1.22 | B24: 1.22 | C24: practical: investigate how extension varies with applied force for helical springs, metal wires and rubber bands | D24: ü | E24: ü | F24: ü | G24: ü | H24: ü | I24: ü | J24: ü
A25: 1.23 | B25: 1.23 | C25: know that the initial linear region of a force-extension graph is associated with Hooke’s law | D25: ü | E25: ü | F25: N | G25: N | H25: ü | I25: ü | J25: ü
A26: 1.24 | B26: 1.24 | C26: describe elastic behaviour as the ability of a material to recover its original shape after the forces causing deformation have been removed | D26: N | E26: N | F26: N | G26: N | H26: N | I26: N | J26: ü
A27: 1.25P | B27: 1.25P | C27: know and use the relationship between momentum, mass and velocity: momentum = mass × velocity p = m × v | D27: ü | E27: N | F27: ü | G27: N | H27: ü | I27: ü | J27: ü
A28: 1.26P | B28: 1.26P | C28: use the idea of momentum to explain safety features | D28: N | E28: N | F28: ü | G28: N | H28: ü | I28: N | J28: N
A29: 1.27P | B29: 1.27P | C29: use the conservation of momentum to calculate the mass, velocity or momentum of objects | D29: ü | E29: N | F29: ü | G29: N | H29: ü | I29: ü | J29: N
A30: 1.28P | B30: 1.28P | C30: use the relationship between force, change in momentum and time taken: force = change in momentum/ time taken; F = (mv - mu)/t | D30: ü | E30: N | F30: ü | G30: N | H30: ü | I30: N | J30: N
A31: 1.29P | B31: 1.29P | C31: demonstrate an understanding of Newton’s third law | D31: N | E31: N | F31: ü | G31: ü | H31: ü | I31: ü | J31: ü
A32: 1.30P | B32: 1.30P | C32: know and use the relationship between the moment of a force and its perpendicular distance from the pivot: moment = force × perpendicular distance from the pivot | D32: ü | E32: ü | F32: ü | G32: N | H32: ü | I32: N | J32: N
A33: 1.31P | B33: 1.31P | C33: know that the weight of a body acts through its centre of gravity | D33: ü | E33: ü | F33: ü | G33: N | H33: N | I33: N | J33: N
A34: 1.32P | B34: 1.32P | C34: use the principle of moments for a simple system of parallel forces acting in one plane | D34: ü | E34: ü | F34: ü | G34: N | H34: N | I34: N | J34: N
A35: 1.33 | B35: 1.33 | C35: understand how the upward forces on a light beam, supported at its ends, vary with the position of a heavy object placed on the beam | D35: N | E35: N | F35: N | G35: N | H35: N | I35: N | J35: N
A36: 2.1 | B36: 2.1 | C36: use the following units: ampere (A), coulomb (C), joule (J), ohm (Ω), second (s), volt (V) and watt (W) | D36: ü | E36: ü | F36: ü | G36: ü | H36: N | I36: N | J36: N
A37: 2.2 | B37: 2.2 | C37: understand how the use of insulation, double insulation, earthing, fuses and circuit breakers protects the device or user in a range of domestic appliances | D37: ü | E37: ü | F37: ü | G37: ü | H37: N | I37: N | J37: ü
A38: 2.3 | B38: 2.3 | C38: understand why a current in a resistor results in the electrical transfer of energy and an increase in temperature, and how this can be used in a variety of domestic contexts | D38: N | E38: ü | F38: ü | G38: ü | H38: N | I38: N | J38: N
A39: 2.4 | B39: 2.4 | C39: know and use the relationship between power, current and voltage: power = current × voltage; P = I × V and apply the relationship to the selection of appropriate fuses | D39: ü | E39: ü | F39: ü | G39: ü | H39: ü | I39: ü | J39: ü
A40: 2.5 | B40: 2.5 | C40: use the relationship between energy transferred, current, voltage and time: energy transferred = current × voltage × time; E = I × V × t | D40: ü | E40: ü | F40: N | G40: N | H40: N | I40: N | J40: ü
A41: 2.6 | B41: 2.6 | C41: know the difference between mains electricity being alternating current (a.c.) and direct current (d.c.) being supplied by a cell or battery | D41: ü | E41: ü | F41: ü | G41: ü | H41: ü | I41: ü | J41: ü
A42: 2.7 | B42: 2.7 | C42: explain why a series or parallel circuit is more appropriate for particular applications, including domestic lighting | D42: ü | E42: ü | F42: ü | G42: ü | H42: ü | I42: ü | J42: ü
A43: 2.8 | B43: 2.8 | C43: understand how the current in a series circuit depends on the applied voltage and the number and nature of other components | D43: ü | E43: ü | F43: N | G43: N | H43: ü | I43: ü | J43: ü
A44: 2.9 | B44: 2.9 | C44: describe how current varies with voltage in wires, resistors, metal filament lamps and diodes, and how to investigate this experimentally | D44: ü | E44: ü | F44: ü | G44: ü | H44: ü | I44: ü | J44: ü
A45: 2.10 | B45: 2.10 | C45: describe the qualitative effect of changing resistance on the current in a circuit | D45: ü | E45: ü | F45: ü | G45: ü | H45: N | I45: N | J45: N
A46: 2.11 | B46: 2.11 | C46: describe the qualitative variation of resistance of light-dependent resistors (LDRs) with illumination and of thermistors with temperature | D46: N | E46: N | F46: ü | G46: N | H46: ü | I46: ü | J46: ü
A47: 2.12 | B47: 2.12 | C47: know that lamps and LEDs can be used to indicate the presence of a current in a circuit | D47: ü | E47: ü | F47: ü | G47: ü | H47: N | I47: N | J47: N
A48: 2.13 | B48: 2.13 | C48: know and use the relationship between voltage, current and resistance: voltage = current × resistance; V = I × R | D48: ü | E48: ü | F48: ü | G48: ü | H48: ü | I48: ü | J48: N
A49: 2.14 | B49: 2.14 | C49: know that current is the rate of flow of charge | D49: ü | E49: ü | F49: N | G49: N | H49: ü | I49: ü | J49: ü
A50: 2.15 | B50: 2.15 | C50: know and use the relationship between charge, current and time: charge = current × time; Q = I × t | D50: ü | E50: ü | F50: ü | G50: ü | H50: ü | I50: ü | J50: ü
A51: 2.16 | B51: 2.16 | C51: know that electric current in solid metallic conductors is a flow of negatively charged electrons | D51: ü | E51: ü | F51: N | G51: N | H51: N | I51: N | J51: N
A52: 2.17 | B52: 2.17 | C52: understand why current is conserved at a junction in a circuit | D52: ü | E52: ü | F52: ü | G52: ü | H52: ü | I52: ü | J52: N
A53: 2.18 | B53: 2.18 | C53: know that the voltage across two components connected in parallel is the same | D53: N | E53: N | F53: ü | G53: N | H53: ü | I53: ü | J53: N
A54: 2.19 | B54: 2.19 | C54: calculate the currents, voltages and resistances of two resistive components connected in a series circuit | D54: ü | E54: ü | F54: ü | G54: ü | H54: ü | I54: ü | J54: ü
A55: 2.20 | B55: 2.20 | C55: know that: • voltage is the energy transferred per unit charge passed • the volt is a joule per coulomb | D55: ü | E55: ü | F55: ü | G55: ü | H55: N | I55: N | J55: ü
A56: 2.21 | B56: 2.21 | C56: know and use the relationship between energy transferred, charge and voltage: energy transferred = charge × voltage; E = Q × V | D56: ü | E56: N | F56: ü | G56: ü | H56: ü | I56: ü | J56: N
A57: 2.22P | B57: 2.22P | C57: identify common materials that are electrical conductors or insulators, including metals and plastics | D57: N | E57: N | F57: ü | G57: ü | H57: ü | I57: N | J57: N
A58: 2.23P | B58: 2.23P | C58: practical: investigate how insulating materials can be charged by friction | D58: ü | E58: ü | F58: N | G58: N | H58: N | I58: N | J58: N
A59: 2.24P | B59: 2.24P | C59: explain how positive and negative electrostatic charges are produced on materials by the loss and gain of electrons | D59: ü | E59: ü | F59: N | G59: N | H59: ü | I59: N | J59: N
A60: 2.25P | B60: 2.25P | C60: know that there are forces of attraction between unlike charges and forces of repulsion between like charges | D60: ü | E60: ü | F60: N | G60: N | H60: ü | I60: N | J60: N
A61: 2.26P | B61: 2.26P | C61: explain electrostatic phenomena in terms of the movement of electrons | D61: N | E61: N | F61: N | G61: N | H61: ü | I61: N | J61: N
A62: 2.27P | B62: 2.27P | C62: explain the potential dangers of electrostatic charges, e.g. when fuelling aircraft and tankers | D62: N | E62: N | F62: N | G62: N | H62: N | I62: N | J62: N
A63: 2.28P | B63: 2.28P | C63: explain some uses of electrostatic charges, e.g. in photocopiers and inkjet printers | D63: N | E63: N | F63: N | G63: N | H63: N | I63: N | J63: N
A64: 3.1 | B64: 5.1 | C64: use the following units: degree (°), hertz (Hz), metre (m), metre/second (m/s) and second (s) | D64: ü | E64: ü | F64: ü | G64: ü | H64: ü | I64: ü | J64: ü
A65: 3.2 | B65: 5.2 | C65: explain the difference between longitudinal and transverse waves | D65: ü | E65: ü | F65: ü | G65: ü | H65: ü | I65: ü | J65: ü
A66: 3.3 | B66: 5.3 | C66: know the definitions of amplitude, wavefront, frequency, wavelength and period of a wave | D66: ü | E66: ü | F66: ü | G66: ü | H66: ü | I66: ü | J66: ü
A67: 3.4 | B67: 5.4 | C67: know that waves transfer energy and information without transferring matter | D67: ü | E67: ü | F67: ü | G67: ü | H67: ü | I67: ü | J67: ü
A68: 3.5 | B68: 5.5 | C68: know and use the relationship between the speed, frequency and wavelength of a wave: wave speed = frequency × wavelength; v = f × λ | D68: ü | E68: ü | F68: ü | G68: ü | H68: ü | I68: ü | J68: N
A69: 3.6 | B69: 5.6 | C69: use the relationship between frequency and time period: frequency = 1 / time period; f = 1 / T | D69: N | E69: N | F69: N | G69: N | H69: ü | I69: ü | J69: N
A70: 3.7 | B70: 5.7 | C70: use the above relationships in different contexts, including sound waves and electromagnetic waves | D70: N | E70: N | F70: N | G70: N | H70: N | I70: N | J70: N
A71: 3.8 | B71: 5.8 | C71: explain why there is a change in the observed frequency and wavelength of a wave when its source is moving relative to an observer, and that this is known as the Doppler effect | D71: N | E71: N | F71: ü | G71: N | H71: N | I71: N | J71: N
A72: 3.9 | B72: 5.9 | C72: explain that all waves can be reflected and refracted | D72: ü | E72: ü | F72: ü | G72: ü | H72: ü | I72: N | J72: ü
A73: 3.10 | B73: 5.10 | C73: know that light is part of a continuous electromagnetic spectrum that includes radio, microwave, infrared, visible, ultraviolet, x-ray and gamma ray radiations and that all these waves travel at the same speed in free space | D73: ü | E73: ü | F73: ü | G73: ü | H73: ü | I73: ü | J73: ü
A74: 3.11 | B74: 5.11 | C74: know the order of the electromagnetic spectrum in terms of decreasing wavelength and increasing frequency, including the colours of the visible spectrum | D74: ü | E74: ü | F74: N | G74: N | H74: N | I74: N | J74: ü
A75: 3.12 | B75: 5.12 | C75: explain some of the uses of electromagnetic radiations, including: • radio waves: broadcasting and communications • microwaves: cooking and satellite transmissions • infrared: heaters and night vision equipment • visible light: optical fibres and photography • ultraviolet: fluorescent lamps • x-rays: observing the internal structure of objects and materials, including for medical applications • gamma rays: sterilising food and medical equipment | D75: ü | E75: ü | F75: ü | G75: ü | H75: ü | I75: ü | J75: ü
A76: 3.13 | B76: 5.13 | C76: explain the detrimental effects of excessive exposure of the human body to electromagnetic waves, including: • microwaves: internal heating of body tissue • infrared: skin burns • ultraviolet: damage to surface cells and blindness • gamma rays: cancer, mutation and describe simple protective measures against the risks | D76: ü | E76: ü | F76: ü | G76: ü | H76: ü | I76: ü | J76: ü
A77: 3.14 | B77: 5.14 | C77: know that light waves are transverse waves and that they can be reflected and refracted | D77: N | E77: N | F77: ü | G77: ü | H77: ü | I77: ü | J77: N
A78: 3.15 | B78: 5.15 | C78: use the law of reflection (the angle of incidence equals the angle of reflection) | D78: ü | E78: ü | F78: ü | G78: ü | H78: N | I78: N | J78: N
A79: 3.16 | B79: 5.16 | C79: draw ray diagrams to illustrate reflection and refraction | D79: ü | E79: ü | F79: ü | G79: ü | H79: ü | I79: ü | J79: N
A80: 3.17 | B80: 5.17 | C80: practical: investigate the refraction of light, using rectangular blocks, semi-circular blocks and triangular prisms | D80: ü | E80: N | F80: ü | G80: ü | H80: ü | I80: N | J80: N
A81: 3.18 | B81: 5.18 | C81: know and use the relationship between refractive index, angle of incidence and angle of refraction: n = sin i / sin r | D81: ü | E81: ü | F81: ü | G81: N | H81: N | I81: N | J81: N
A82: 3.19 | B82: 5.19 | C82: practical: investigate the refractive index of glass, using a glass block | D82: N | E82: N | F82: N | G82: N | H82: N | I82: N | J82: N
A83: 3.20 | B83: 5.20 | C83: describe the role of total internal reflection in transmitting information along optical fibres and in prisms | D83: ü | E83: ü | F83: ü | G83: ü | H83: ü | I83: ü | J83: ü
A84: 3.21 | B84: 5.21 | C84: explain the meaning of critical angle c | D84: ü | E84: ü | F84: N | G84: N | H84: N | I84: N | J84: N
A85: 3.22 | B85: 5.22 | C85: know and use the relationship between critical angle and refractive index: sin c = 1 / n | D85: ü | E85: N | F85: ü | G85: N | H85: N | I85: N | J85: N
A86: 3.23 | B86: 5.23 | C86: know that sound waves are longitudinal waves which can be reflected and refracted | D86: ü | E86: ü | F86: ü | G86: ü | H86: N | I86: N | J86: N
A87: 3.24P | B87: 5.24P | C87: know that the frequency range for human hearing is 20–20 000 Hz | D87: ü | E87: ü | F87: ü | G87: ü | H87: ü | I87: N | J87: N
A88: 3.25P | B88: 5.25P | C88: practical: investigate the speed of sound in air | D88: ü | E88: ü | F88: N | G88: N | H88: ü | I88: ü | J88: ü
A89: 3.26P | B89: 5.26P | C89: understand how an oscilloscope and microphone can be used to display a sound wave | D89: N | E89: N | F89: N | G89: N | H89: N | I89: N | J89: N
A90: 3.27P | B90: 5.27P | C90: practical: investigate the frequency of a sound wave using an oscilloscope | D90: N | E90: N | F90: ü | G90: N | H90: N | I90: N | J90: N
A91: 3.28P | B91: 5.28P | C91: understand how the pitch of a sound relates to the frequency of vibration of the source | D91: ü | E91: ü | F91: ü | G91: ü | H91: N | I91: N | J91: N
A92: 3.29P | B92: 5.29P | C92: understand how the loudness of a sound relates to the amplitude of vibration of the source | D92: ü | E92: N | F92: ü | G92: N | H92: N | I92: N | J92: N
A93: 4.1 | B93: 3.1 | C93: use the following units: kilogram (kg), joule (J), metre (m), metre/second (m/s), metre/second2 (m/s2), newton (N), second (s) and watt (W) | D93: ü | E93: N | F93: N | G93: N | H93: ü | I93: ü | J93: N
A94: 4.2 | B94: 3.2 | C94: describe energy transfers involving energy stores: • energy stores: chemical, kinetic, gravitational, elastic, thermal, magnetic, electrostatic, nuclear • energy transfers: mechanically, electrically, by heating, by radiation (light and sound) | D94: ü | E94: ü | F94: ü | G94: ü | H94: ü | I94: ü | J94: ü
A95: 4.3 | B95: 3.3 | C95: use the principle of conservation of energy | D95: ü | E95: N | F95: ü | G95: ü | H95: ü | I95: ü | J95: ü
A96: 4.4 | B96: 3.4 | C96: know and use the relationship between efficiency, useful energy output and total energy output: efficiency = (useful energy output / total energy output) ×100% | D96: ü | E96: N | F96: ü | G96: ü | H96: ü | I96: ü | J96: ü
A97: 4.5 | B97: 3.5 | C97: describe a variety of everyday and scientific devices and situations, explaining the transfer of the input energy in terms of the above relationship, including their representation by Sankey diagrams | D97: ü | E97: N | F97: ü | G97: ü | H97: ü | I97: ü | J97: ü
A98: 4.6 | B98: 3.6 | C98: describe how thermal energy transfer may take place by conduction, convection and radiation | D98: ü | E98: N | F98: ü | G98: ü | H98: ü | I98: ü | J98: N
A99: 4.7 | B99: 3.7 | C99: explain the role of convection in everyday phenomena | D99: ü | E99: N | F99: N | G99: N | H99: N | I99: N | J99: N
A100: 4.8 | B100: 3.8 | C100: explain how emission and absorption of radiation are related to surface and temperature | D100: ü | E100: N | F100: ü | G100: ü | H100: ü | I100: ü | J100: ü
...

Sheet CAIE IGCSE Biology 0610-0970
A1: CAIE Topic | B1: CAIE Sub topic | C1: CAIE Number | D1: CAIE Tier | E1: CAIE Spec content | F1: Pearson Edexcel Linear Spec point | G1: Pearson Edexcel Modular Spec point | H1: Pearson Edexcel Spec content - comparative | I1: Notes
A2: 1 Characteristics and classification of living organisms | B2: 1.1 Characteristics of living organisms | C2: 1 | D2: Core | E2: Describe the characteristics of living organisms by describing: (a) movement as an action by an organism or part of an organism causing a change of position or place (b) respiration as the chemical reactions in cells that break down nutrient molecules and release energy for metabolism (c) sensitivity as the ability to detect and respond to changes in the internal or external environment (d) growth as a permanent increase in size and dry mass (e) reproduction as the processes that make more of the same kind of organism (f) excretion as the removal of the waste products of metabolism and substances in excess of requirements (g) nutrition as the taking in of materials for energy, growth and development | F2: 1.1 | G2: 1.1 | H2: understand how living organisms share the following characteristics: • they require nutrition • they respire • they excrete their waste • they respond to their surroundings • they move • they control their internal conditions • they reproduce • they grow and develop | I2: Both require similar understanding of the characteristics of living organisms.
A3: 1 Characteristics and classification of living organisms | B3: 1.2 Concept and uses of classification systems | C3: 1 | D3: Core | E3: State that organisms can be classified into groups by the features that they share | F3: 1.2 & 1.3 | G3: 1.2 & 1.3 | H3: describe the common features shown by eukaryotic organisms: plants, animals, fungi and protoctists & describe the common features shown by prokaryotic organisms such as bacteria | I3: Edexcel is in different context, but principle remains the same as CIE
A4: 1 Characteristics and classification of living organisms | B4: 1.2 Concept and uses of classification systems | C4: 2 | D4: Core | E4: Describe a species as a group of organisms that can reproduce to produce fertile offspring | I4: No specific reference in Pearson Edexcel specification
A5: 1 Characteristics and classification of living organisms | B5: 1.2 Concept and uses of classification systems | C5: 3 | D5: Core | E5: Describe the binomial system of naming species as an internationally agreed system in which the scientific name of an organism is made up of two parts showing the genus and species | I5: No specific reference in Pearson Edexcel specification
A6: 1 Characteristics and classification of living organisms | B6: 1.2 Concept and uses of classification systems | C6: 4 | D6: Core | E6: Construct and use dichotomous keys based on identifiable features | I6: No specific reference in Pearson Edexcel specification
A7: 1 Characteristics and classification of living organisms | B7: 1.2 Concept and uses of classification systems | C7: 5 | D7: Supplement | E7: Explain that classification systems aim to reflect evolutionary relationships | I7: No specific reference in Pearson Edexcel specification
A8: 1 Characteristics and classification of living organisms | B8: 1.2 Concept and uses of classification systems | C8: 6 | D8: Supplement | E8: Explain that the sequences of bases in DNA are used as a means of classification | I8: No specific reference in Pearson Edexcel specification
A9: 1 Characteristics and classification of living organisms | B9: 1.2 Concept and uses of classification systems | C9: 7 | D9: Supplement | E9: Explain that groups of organisms which share a more recent ancestor (are more closely related) have base sequences in DNA that are more similar than those that share only a distant ancestor | I9: No specific reference in Pearson Edexcel specification
A10: 1 Characteristics and classification of living organisms | B10: 1.3 Features of organisms | C10: 1 | D10: Core | E10: State the main features used to place animals and plants into the appropriate kingdoms | F10: 1.2 | G10: 1.2 | H10: describe the common features shown by eukaryotic organisms: plants, animals, fungi and protoctists
A11: 1 Characteristics and classification of living organisms | B11: 1.3 Features of organisms | C11: 2 | D11: Core | E11: State the main features used to place organisms into groups within the animal kingdom, limited to: (a) the main groups of vertebrates: mammals, birds, reptiles, amphibians, fish (b) the main groups of arthropods: myriapods, insects, arachnids, crustaceans | F11: 1.2 | G11: 1.2 | H11: describe the common features shown by eukaryotic organisms: plants, animals, fungi and protoctists | I11: Section 1.2 on the Edexcel specification requires a knowledge of the characteristics of some kingdoms.
A12: 1 Characteristics and classification of living organisms | B12: 1.3 Features of organisms | C12: 3 | D12: Core | E12: Classify organisms using the features identified in 1.3.1 and 1.3.2
A13: 1 Characteristics and classification of living organisms | B13: 1.3 Features of organisms | C13: 4 | D13: Supplement | E13: State the main features used to place all organisms into one of the five kingdoms: animal, plant, fungus, prokaryote, protoctist | F13: 1.2 & 1.3 | G13: 1.2 & 1.3 | H13: describe the common features shown by eukaryotic organisms: plants, animals, fungi and protoctists & describe the common features shown by prokaryotic organisms such as bacteria
A14: 1 Characteristics and classification of living organisms | B14: 1.3 Features of organisms | C14: 5 | D14: Supplement | E14: State the main features used to place organisms into groups within the plant kingdom, limited to ferns and flowering plants (dicotyledons and monocotyledons | I14: No specific reference in Pearson Edexcel specification
A15: 1 Characteristics and classification of living organisms | B15: 1.3 Features of organisms | C15: 6 | D15: Supplement | E15: Classify organisms using the features identified in 1.3.4 and 1.3.5 | I15: No specific reference in Pearson Edexcel specification
A16: 1 Characteristics and classification of living organisms | B16: 1.3 Features of organisms | C16: 7 | D16: Supplement | E16: State the features of viruses, limited to a protein coat and genetic material | F16: 1.4 | G16: 1.4 | H16: Viruses: these are not living organisms. They are small particles, smaller than bacteria; They have a wide variety of shapes and sizes; they have no cellular structure but have a protein coat and contain one type of nucleic acid, either DNA or RNA
A17: 2 Organisation of the organism | B17: 2.1 Cell Structure | C17: 1 | D17: Core | E17: Describe and compare the structure of a plant cell with an animal cell, limited to: cell wall, cell membrane, nucleus, cytoplasm, chloroplasts, ribosomes, mitochondria, vacuoles | F17: 2.2 & 2.3 & 2.4 | G17: 2.2 & 2.3 & 2.4 | H17: describe cell structures, including the nucleus, cytoplasm, cell membrane, cell wall, mitochondria, chloroplasts, ribosomes and vacuole & know the similarities and differences in the structure of plant and animal cells
A18: 2 Organisation of the organism | B18: 2.1 Cell Structure | C18: 2 | D18: Core | E18: Describe the structure of a bacterial cell, limited to: cell wall, cell membrane, cytoplasm, ribosomes, circular DNA, plasmids | F18: 1.3 | G18: 1.3 | H18: describe the common features shown by prokaryotic organisms such as bacteria
A19: 2 Organisation of the organism | B19: 2.1 Cell Structure | C19: 3 | D19: Core | E19: Identify the cell structures listed in 2.1.1 and 2.1.2 in diagrams and images of plant, animal and bacterial cells | F19: 1.3 & 2.2 & 2.3 & 2.4 | G19: 1.3 & 2.2 & 2.3 & 2.4 | H19: As above
A20: 2 Organisation of the organism | B20: 2.1 Cell Structure | C20: 4 | D20: Core | E20: Describe the functions of the structures listed in 2.1.1 and 2.1.2 in plant, animal and bacterial cells | F20: 2.2 | G20: 2.2 | H20: describe the functions of the nucleus, cytoplasm, cell membrane, cell wall, mitochondria, chloroplasts, ribosomes and vacuole
A21: 2 Organisation of the organism | B21: 2.1 Cell Structure | C21: 5 | D21: Core | E21: State that new cells are produced by division of existing cells | F21: 3.28 & 3.30 | G21: 4.28 & 4.30 | H21: understand how division of a diploid cell by mitosis produces two cells that contain identical sets of chromosomes & understand how division of a cell by meiosis produces four cells, each with half the number of chromosomes, and that this results in the formation of genetically different haploid gametes
A22: 2 Organisation of the organism | B22: 2.1 Cell Structure | C22: 6 | D22: Core | E22: State that specialised cells have specific functions, limited to: (a) ciliated cells – movement of mucus in the trachea and bronchi (b) root hair cells – absorption (c) palisade mesophyll cells – photosynthesis (d) neurones – conduction of electrical impulses (e) red blood cells – transport of oxygen (f) sperm and egg cells (gametes) – reproduction | F22: 2.5B | G22: 2.5B | H22: explain the importance of cell differentiation in the development of specialised cells | I22: Specialised cells they need to know not specified in Pearson Edexcel
A23: 2 Organisation of the organism | B23: 2.1 Cell Structure | C23: 7 | D23: Core | E23: Describe the meaning of the terms: cell, tissue, organ, organ system and organism as illustrated by examples given in the syllabus | F23: 2.1 | G23: 2.1 | H23: describe the levels of organisation in organisms: organelles, cells, tissues, organs and systems
A24: 2 Organisation of the organism | B24: 2.2 Size of specimens | C24: 1 | D24: Core | E24: State and use the formula: magnification = image size ÷ actual size | F24: Mathematical skills 2I | G24: Mathematical skills 2I
A25: 2 Organisation of the organism | B25: 2.2 Size of specimens | C25: 2 | D25: Core | E25: Calculate magnification and size of biological specimens using millimetres as units | F25: Mathematical skills 2I | G25: Mathematical skills 2I
A26: 2 Organisation of the organism | B26: 2.2 Size of specimens | C26: 3 | D26: Supplement | E26: Convert measurements between millimetres (mm) and micrometres (μm) | F26: Mathematical skills 1A 1B | G26: Mathematical skills 1A 1B
A27: 3 Movement into and out of cells | B27: 3.1 Diffusion | C27: 1 | D27: Core | E27: Describe diffusion as the net movement of particles from a region of their higher concentration to a region of their lower concentration (i.e. down a concentration gradient), as a result of their random movement | F27: 2.15 | G27: 2.15 | H27: understand the processes of diffusion, osmosis and active transport by which substances move into and out of cells
A28: 3 Movement into and out of cells | B28: 3.1 Diffusion | C28: 2 | D28: Core | E28: State that the energy for diffusion comes from the kinetic energy of random movement of molecules and ions | F28: 2.15 | G28: 2.15 | H28: understand the processes of diffusion, osmosis and active transport by which substances move into and out of cells
A29: 3 Movement into and out of cells | B29: 3.1 Diffusion | C29: 3 | D29: Core | E29: State that some substances move into and out of cells by diffusion through the cell membrane | F29: 2.15 | G29: 2.15 | H29: understand the processes of diffusion, osmosis and active transport by which substances move into and out of cells
A30: 3 Movement into and out of cells | B30: 3.1 Diffusion | C30: 4 | D30: Core | E30: Describe the importance of diffusion of gases and solutes in living organisms | F30: 2.15 | G30: 2.15 | H30: understand the processes of diffusion, osmosis and active transport by which substances move into and out of cells
A31: 3 Movement into and out of cells | B31: 3.1 Diffusion | C31: 5 | D31: Core | E31: Investigate the factors that influence diffusion, limited to: surface area, temperature, concentration gradient and distance | F31: 2.16 & 2.17 | G31: 2.16 & 2.17 | H31: understand how factors affect the rate of movement of substances into and out of cells, including the effects of surface area to volume ratio, distance, temperature and concentration gradient & practical: investigate diffusion and osmosis using living and non-living systems
A32: 3 Movement into and out of cells | B32: 3.2 Osmosis | C32: 1 | D32: Core | E32: Describe the role of water as a solvent in organisms with reference to digestion, excretion and transport | I32: No specific reference in Pearson Edexcel specification
A33: 3 Movement into and out of cells | B33: 3.2 Osmosis | C33: 2 | D33: Core | E33: State that water diffuses through partially permeable membranes by osmosis | F33: 2.15 | G33: 2.15 | H33: understand the processes of diffusion, osmosis and active transport by which substances move into and out of cells
A34: 3 Movement into and out of cells | B34: 3.2 Osmosis | C34: 3 | D34: Core | E34: State that water moves into and out of cells by osmosis through the cell membrane | F34: 2.15 | G34: 2.15 | H34: understand the processes of diffusion, osmosis and active transport by which substances move into and out of cells
A35: 3 Movement into and out of cells | B35: 3.2 Osmosis | C35: 4 | D35: Core | E35: Investigate osmosis using materials such as dialysis tubing | F35: 2.17 | G35: 2.17 | H35: practical: investigate diffusion and osmosis using living and non-living systems
A36: 3 Movement into and out of cells | B36: 3.2 Osmosis | C36: 5 | D36: Core | E36: Investigate and describe the effects on plant tissues of immersing them in solutions of different concentrations | F36: 2.17 | G36: 2.17 | H36: practical: investigate diffusion and osmosis using living and non-living systems
A37: 3 Movement into and out of cells | B37: 3.2 Osmosis | C37: 6 | D37: Core | E37: State that plants are supported by the pressure of water inside the cells pressing outwards on the cell wall | F37: 2.15 | G37: 2.15 | H37: understand the processes of diffusion, osmosis and active transport by which substances move into and out of cells
A38: 3 Movement into and out of cells | B38: 3.2 Osmosis | C38: 7 | D38: Supplement | E38: Describe osmosis as the net movement of water molecules from a region of higher water potential (dilute solution) to a region of lower water potential (concentrated solution), through a partially permeable membrane | F38: 2.15 | G38: 2.15 | H38: understand the processes of diffusion, osmosis and active transport by which substances move into and out of cells
A39: 3 Movement into and out of cells | B39: 3.2 Osmosis | C39: 8 | D39: Supplement | E39: Explain the effects on plant cells of immersing them in solutions of different concentrations by using the terms: turgid, turgor pressure, plasmolysis, flaccid | F39: 2.15 | G39: 2.15 | H39: understand the processes of diffusion, osmosis and active transport by which substances move into and out of cells
A40: 3 Movement into and out of cells | B40: 3.2 Osmosis | C40: 9 | D40: Supplement | E40: Explain the importance of water potential and osmosis in the uptake and loss of water by organisms | F40: 2.56B | G40: 3.6B | H40: understand that transpiration is the evaporation of water from the surface of a plant
A41: 3 Movement into and out of cells | B41: 3.3 Active Transport | C41: 1 | D41: Core | E41: Describe active transport as the movement of particles through a cell membrane from a region of lower concentration to a region of higher concentration (i.e. against a concentration gradient), using energy from respiration | F41: 2.15 | G41: 2.15 | H41: understand the processes of diffusion, osmosis and active transport by which substances move into and out of cells
A42: 3 Movement into and out of cells | B42: 3.3 Active Transport | C42: 2 | D42: Supplement | E42: Explain the importance of active transport as a process for movement of molecules or ions across membranes, including ion uptake by root hairs | F42: 2.15 & 2.54 | G42: 2.15 & 3.4 | H42: understand the processes of diffusion, osmosis and active transport by which substances move into and out of cells & describe the role of xylem in transporting water and mineral ions from the roots to other parts of the plant
A43: 3 Movement into and out of cells | B43: 3.3 Active Transport | C43: 3 | D43: Supplement | E43: State that protein carriers move molecules or ions across a membrane during active transport | F43: 2.15 | G43: 2.15 | H43: understand the processes of diffusion, osmosis and active transport by which substances move into and out of cells
A44: 4 Biological molecules | B44: 4.1 Biological molecules | C44: 1 | D44: Core | E44: List the chemical elements that make up: carbohydrates, fats and proteins | F44: 2.7 | G44: 2.7 | H44: identify the chemical elements present in carbohydrates, proteins and lipids (fats and oils)
A45: 4 Biological molecules | B45: 4.1 Biological molecules | C45: 2 | D45: Core | E45: State that large molecules are made from smaller molecules, limited to: (a) starch, glycogen and cellulose from glucose (b) proteins from amino acids (c) fats and oils from fatty acids and glycerol | F45: 2.8 | G45: 2.8 | H45: describe the structure of carbohydrates, proteins and lipids as large molecules made up from smaller basic units: starch and glycogen from simple sugars, protein from amino acids, and lipid from fatty acids and glycerol
A46: 4 Biological molecules | B46: 4.1 Biological molecules | C46: 3 | D46: Core | E46: Describe the use of: (a) iodine solution test for starch (b) Benedict’s solution test for reducing sugars (c) biuret test for proteins (d) ethanol emulsion test for fats and oils (e) DCPIP test for vitamin C | F46: 2.9 | G46: 2.9 | H46: practical: investigate food samples for the presence of glucose, starch, protein and fat
A47: 4 Biological molecules | B47: 4.1 Biological molecules | C47: 4 | D47: Supplement | E47: Describe the structure of a DNA molecule: (a) two strands coiled together to form a double helix (b) each strand contains chemicals called bases (c) bonds between pairs of bases hold the strands together (d) the bases always pair up in the same way: A with T, and C with G (full names are not required) | F47: 3.16B | G47: 4.16B | H47: describe a DNA molecule as two strands coiled to form a double helix, the strands being linked by a series of paired bases: adenine (A) with thymine (T), and cytosine (C) with guanine (G)
A48: 5 Enzymes | B48: 5.1 Enzymes | C48: 1 | D48: Core | E48: Describe a catalyst as a substance that increases the rate of a chemical reaction and is not changed by the reaction | F48: 2.1 | G48: 2.1 | H48: understand the role of enzymes as biological catalysts in metabolic reactions
A49: 5 Enzymes | B49: 5.1 Enzymes | C49: 2 | D49: Core | E49: Describe enzymes as proteins that are involved in all metabolic reactions, where they function as biological catalysts | F49: 2.10 | G49: 2.10 | H49: understand the role of enzymes as biological catalysts in metabolic reactions
A50: 5 Enzymes | B50: 5.1 Enzymes | C50: 3 | D50: Core | E50: Describe why enzymes are important in all living organisms in terms of a reaction rate necessary to sustain life | F50: 2.10 | G50: 2.10 | H50: understand the role of enzymes as biological catalysts in metabolic reactions
A51: 5 Enzymes | B51: 5.1 Enzymes | C51: 4 | D51: Core | E51: Describe enzyme action with reference to the shape of the active site of an enzyme being complementary to its substrate and the formation of products | F51: 2.10 | G51: 2.10 | H51: understand the role of enzymes as biological catalysts in metabolic reactions
A52: 5 Enzymes | B52: 5.1 Enzymes | C52: 5 | D52: Core | E52: Investigate and describe the effect of changes in temperature and pH on enzyme activity with reference to optimum temperature and denaturation | F52: 2.12 & 2.14B | G52: 2.12 & 2.14B | H52: practical: investigate how enzyme activity can be affected by changes in temperature & practical: investigate how enzyme activity can be affected by changes in pH
A53: 5 Enzymes | B53: 5.1 Enzymes | C53: 6 | D53: Supplement | E53: Explain enzyme action with reference to: active site, enzyme-substrate complex, substrate and product | F53: 2.10 | G53: 2.10 | H53: understand the role of enzymes as biological catalysts in metabolic reactions
A54: 5 Enzymes | B54: 5.1 Enzymes | C54: 7 | D54: Supplement | E54: Explain the specificity of enzymes in terms of the complementary shape and fit of the active site with the substrate | F54: 2.10 | G54: 2.10 | H54: understand the role of enzymes as biological catalysts in metabolic reactions
A55: 5 Enzymes | B55: 5.1 Enzymes | C55: 8 | D55: Supplement | E55: Explain the effect of changes in temperature on enzyme activity in terms of kinetic energy, shape and fit, frequency of effective collisions and denaturation | F55: 2.11 | G55: 2.11 | H55: understand how temperature changes can affect enzyme function, including changes to the shape of active site
A56: 5 Enzymes | B56: 5.1 Enzymes | C56: 9 | D56: Supplement | E56: Explain the effect of changes in pH on enzyme activity in terms of shape and fit and denaturation | F56: 2.13 | G56: 2.13 | H56: understand how enzyme function can be affected by changes in pH altering the active site
A57: 6 Plant nutrition | B57: 6.1 Photosynthesis | C57: 1 | D57: Core | E57: Describe photosynthesis as the process by which plants synthesise carbohydrates from raw materials using energy from light | F57: 2.18 | G57: 2.18 | H57: understand the process of photosynthesis and its importance in the conversion of light energy to chemical energy
A58: 6 Plant nutrition | B58: 6.1 Photosynthesis | C58: 2 | D58: Core | E58: State the word equation for photosynthesis as: carbon dioxide + water → glucose + oxygen in the presence of light and chlorophyll | F58: 2.19 | G58: 2.19 | H58: know the word equation and the balanced chemical symbol equation for photosynthesis
A59: 6 Plant nutrition | B59: 6.1 Photosynthesis | C59: 3 | D59: Core | E59: State that chlorophyll is a green pigment that is found in chloroplasts | F59: 2.21 | G59: 2.21 | H59: describe the structure of the leaf and explain how it is adapted for photosynthesis | I59: Students need to be aware that chlorophyll is in chloroplasts, and that chlorophyll absorbs light for photosynthesis
A60: 6 Plant nutrition | B60: 6.1 Photosynthesis | C60: 4 | D60: Core | E60: State that chlorophyll transfers energy from light into energy in chemicals, for the synthesis of carbohydrates | F60: 2.21 | G60: 2.21 | H60: describe the structure of the leaf and explain how it is adapted for photosynthesis | I60: Students need to be aware that chlorophyll is in chloroplasts, and that chlorophyll absorbs light for photosynthesis
A61: 6 Plant nutrition | B61: 6.1 Photosynthesis | C61: 5 | D61: Core | E61: Outline the subsequent use and storage of the carbohydrates made in photosynthesis, limited to: (a) starch as an energy store (b) cellulose to build cell walls (c) glucose used in respiration to provide energy (d) sucrose for transport in the phloem (e) nectar to attract insects for pollination | I61: No specific reference in Pearson Edexcel specification
A62: 6 Plant nutrition | B62: 6.1 Photosynthesis | C62: 6 | D62: Core | E62: Explain the importance of: (a) nitrate ions for making amino acids (b) magnesium ions for making chlorophyll | F62: 2.22 | G62: 2.22 | H62: understand that plants require mineral ions for growth, and that magnesium ions are needed for chlorophyll and nitrate ions are needed for amino acids
A63: 6 Plant nutrition | B63: 6.1 Photosynthesis | C63: 7 | D63: Core | E63: Investigate the need for chlorophyll, light and carbon dioxide for photosynthesis, using appropriate controls | F63: 2.23 | G63: 2.23 | H63: practical: investigate photosynthesis, showing the evolution of oxygen from a water plant, the production of starch and the requirements of light, carbon dioxide and chlorophyll
A64: 6 Plant nutrition | B64: 6.1 Photosynthesis | C64: 8 | D64: Core | E64: Investigate and describe the effects of varying light intensity, carbon dioxide concentration and temperature on the rate of photosynthesis | F64: 2.23 | G64: 2.23 | H64: practical: investigate photosynthesis, showing the evolution of oxygen from a water plant, the production of starch and the requirements of light, carbon dioxide and chlorophyll
A65: 6 Plant nutrition | B65: 6.1 Photosynthesis | C65: 9 | D65: Core | E65: Investigate and describe the effect of light and dark conditions on gas exchange in an aquatic plant using hydrogencarbonate indicator solution | F65: 2.45B | G65: 2.45B | H65: practical: investigate the effect of light on net gas exchange from a leaf, using hydrogencarbonate indicator
A66: 6 Plant nutrition | B66: 6.1 Photosynthesis | C66: 10 | D66: Supplement | E66: State the balanced chemical equation for photosynthesis as: 6CO2 + 6H2O → C6H12O6 + 6O2 | F66: 2.19 | G66: 2.19 | H66: know the word equation and the balanced chemical symbol equation for photosynthesis
A67: 6 Plant nutrition | B67: 6.1 Photosynthesis | C67: 11 | D67: Supplement | E67: Identify and explain the limiting factors of photosynthesis in different environmental conditions | F67: 2.2 | G67: 2.2 | H67: understand how varying carbon dioxide concentration, light intensity and temperature affect the rate of photosynthesis
A68: 6 Plant nutrition | B68: 6.2 Leaf Structure | C68: 1 | D68: Core | E68: State that most leaves have a large surface area and are thin, and explain how these features are adaptations for photosynthesis | F68: 2.21 | G68: 2.21 | H68: describe the structure of the leaf and explain how it is adapted for photosynthesis
A69: 6 Plant nutrition | B69: 6.2 Leaf Structure | C69: 2 | D69: Core | E69: Identify in diagrams and images the following structures in the leaf of a dicotyledonous plant: chloroplasts, cuticle, guard cells and stomata, upper and lower epidermis, palisade mesophyll, spongy mesophyll, air spaces, vascular bundles, xylem and phloem | F69: 2.21 | G69: 2.21 | H69: describe the structure of the leaf and explain how it is adapted for photosynthesis
A70: 6 Plant nutrition | B70: 6.2 Leaf Structure | C70: 3 | D70: Core | E70: Explain how the structures listed in 6.2.2 adapt leaves for photosynthesis | F70: 2.21 | G70: 2.21 | H70: describe the structure of the leaf and explain how it is adapted for photosynthesis
A71: 7 Human nutrition | B71: 7.1 Diet | C71: 1 | D71: Core | E71: Describe what is meant by a balanced diet | F71: 2.24 | G71: 2.24 | H71: understand that a balanced diet should include appropriate proportions of carbohydrate, protein, lipid, vitamins, minerals, water and dietary fibre
A72: 7 Human nutrition | B72: 7.1 Diet | C72: 2 | D72: Core | E72: State the principal dietary sources and describe the importance of: (a) carbohydrates (b) fats and oils (c) proteins (d) vitamins, limited to C and D (e) mineral ions, limited to calcium and iron (f) fibre (roughage) (g) water | F72: 2.25 | G72: 2.25 | H72: identify the sources and describe the functions of carbohydrate, protein, lipid (fats and oils), vitamins A, C and D, the mineral ions calcium and iron, water and dietary fibre as components of the diet
A73: 7 Human nutrition | B73: 7.1 Diet | C73: 3 | D73: Core | E73: State the causes of scurvy and rickets | I73: students should know what vitamin C and D are require for so should be able to identify the causes of scurvy and rickets
A74: 7 Human nutrition | B74: 7.2 Digestive system | C74: 1 | D74: Core | E74: Identify in diagrams and images the main organs of the digestive system, limited to: (a) alimentary canal: mouth, oesophagus, stomach, small intestine (duodenum and ileum) and large intestine (colon, rectum, anus) (b) associated organs: salivary glands, pancreas, liver and gall bladder | F74: 2.27 & 2.30 | G74: 2.27 & 2.30 | H74: describe the structure and function of the human alimentary canal, including the mouth, oesophagus, stomach, small intestine (duodenum and ileum), large intestine (colon and rectum) and pancreas & understand that bile is produced by the liver and stored in the gall bladder
A75: 7 Human nutrition | B75: 7.2 Digestive system | C75: 2 | D75: Core | E75: Describe the functions of the organs of the digestive system listed in 7.2.1, in relation to: (a) ingestion – the taking of substances, e.g. food and drink, into the body (b) digestion – the breakdown of food (c) absorption – the movement of nutrients from the intestines into the blood (d) assimilation – uptake and use of nutrients by cells (e) egestion – the removal of undigested food from the body as faeces | F75: 2.27 & 2.30 | G75: 2.27 & 2.30 | H75: describe the structure and function of the human alimentary canal, including the mouth, oesophagus, stomach, small intestine (duodenum and ileum), large intestine (colon and rectum) and pancreas & understand that bile is produced by the liver and stored in the gall bladder | I75: The CIE terms aren't necessarily required, but students should be aware of the role of each part of the digestion system in relation to these processes
A76: 7 Human nutrition | B76: 7.3 Physical digestion | C76: 1 | D76: Core | E76: Describe physical digestion as the breakdown of food into smaller pieces without chemical change to the food molecules | I76: No specific reference in Pearson Edexcel specification
A77: 7 Human nutrition | B77: 7.3 Physical digestion | C77: 2 | D77: Core | E77: State that physical digestion increases the surface area of food for the action of enzymes in chemical digestion | I77: No specific reference in Pearson Edexcel specification
A78: 7 Human nutrition | B78: 7.3 Physical digestion | C78: 3 | D78: Core | E78: Identify in diagrams and images the types of human teeth: incisors, canines, premolars and molars | I78: No specific reference in Pearson Edexcel specification
A79: 7 Human nutrition | B79: 7.3 Physical digestion | C79: 4 | D79: Core | E79: Describe the structure of human teeth, limited to: enamel, dentine, pulp, nerves, blood vessels and cement, and understand that teeth are embedded in bone and the gums | I79: No specific reference in Pearson Edexcel specification
A80: 7 Human nutrition | B80: 7.3 Physical digestion | C80: 5 | D80: Core | E80: Describe the functions of the types of human teeth in physical digestion of food | I80: No specific reference in Pearson Edexcel specification
A81: 7 Human nutrition | B81: 7.3 Physical digestion | C81: 6 | D81: Core | E81: Describe the function of the stomach in physical digestion | F81: 2.27 | G81: 2.27 | H81: describe the structure and function of the human alimentary canal, including the mouth, oesophagus, stomach, small intestine (duodenum and ileum), large intestine (colon and rectum) and pancreas & understand that bile is produced by the liver and stored in the gall bladder
A82: 7 Human nutrition | B82: 7.3 Physical digestion | C82: 7 | D82: Supplement | E82: Outline the role of bile in emulsifying fats and oils to increase the surface area for chemical digestion | F82: 2.31 | G82: 2.31 | H82: understand the role of bile in neutralising stomach acid and emulsifying lipids
A83: 7 Human nutrition | B83: 7.4 Chemical digestion | C83: 1 | D83: Core | E83: Describe chemical digestion as the breakdown of large insoluble molecules into small soluble molecules | F83: 2.29 | G83: 2.29 | H83: understand the role of digestive enzymes, including the digestion of starch to glucose by amylase and maltase, the digestion of proteins to amino acids by proteases and the digestion of lipids to fatty acids and glycerol by lipases
A84: 7 Human nutrition | B84: 7.4 Chemical digestion | C84: 2 | D84: Core | E84: State the role of chemical digestion in producing small soluble molecules that can be absorbed | F84: 2.29 | G84: 2.29 | H84: understand the role of digestive enzymes, including the digestion of starch to glucose by amylase and maltase, the digestion of proteins to amino acids by proteases and the digestion of lipids to fatty acids and glycerol by lipases
A85: 7 Human nutrition | B85: 7.4 Chemical digestion | C85: 3 | D85: Core | E85: Describe the functions of enzymes as follows: (a) amylase breaks down starch to simple reducing sugars (b) proteases break down protein to amino acids (c) lipase breaks down fats and oils to fatty acids and glycerol | F85: 2.29 | G85: 2.29 | H85: understand the role of digestive enzymes, including the digestion of starch to glucose by amylase and maltase, the digestion of proteins to amino acids by proteases and the digestion of lipids to fatty acids and glycerol by lipases
A86: 7 Human nutrition | B86: 7.4 Chemical digestion | C86: 4 | D86: Core | E86: State where, in the digestive system, amylase, protease and lipase are secreted and where they act | F86: 2.29 | G86: 2.29 | H86: understand the role of digestive enzymes, including the digestion of starch to glucose by amylase and maltase, the digestion of proteins to amino acids by proteases and the digestion of lipids to fatty acids and glycerol by lipases
A87: 7 Human nutrition | B87: 7.4 Chemical digestion | C87: 5 | D87: Core | E87: Describe the functions of hydrochloric acid in gastric juice, limited to killing harmful microorganisms in food and providing an acidic pH for optimum enzyme activity | F87: 2.27 | G87: 2.27 | H87: describe the structure and function of the human alimentary canal, including the mouth, oesophagus, stomach, small intestine (duodenum and ileum), large intestine (colon and rectum) and pancreas
A88: 7 Human nutrition | B88: 7.4 Chemical digestion | C88: 6 | D88: Supplement | E88: Describe the digestion of starch in the digestive system: (a) amylase breaks down starch to maltose (b) maltase breaks down maltose to glucose on the membranes of the epithelium lining the small intestine | F88: 2.29 | G88: 2.29 | H88: understand the role of digestive enzymes, including the digestion of starch to glucose by amylase and maltase, the digestion of proteins to amino acids by proteases and the digestion of lipids to fatty acids and glycerol by lipases
A89: 7 Human nutrition | B89: 7.4 Chemical digestion | C89: 7 | D89: Supplement | E89: Describe the digestion of protein by proteases in the digestive system: (a) pepsin breaks down protein in the acidic conditions of the stomach (b) trypsin breaks down protein in the alkaline conditions of the small intestine | F89: 2.29 | G89: 2.29 | H89: understand the role of digestive enzymes, including the digestion of starch to glucose by amylase and maltase, the digestion of proteins to amino acids by proteases and the digestion of lipids to fatty acids and glycerol by lipases
A90: 7 Human nutrition | B90: 7.4 Chemical digestion | C90: 8 | D90: Supplement | E90: Explain that bile is an alkaline mixture that neutralises the acidic mixture of food and gastric juices entering the duodenum from the stomach, to provide a suitable pH for enzyme action | F90: 2.31 | G90: 2.31 | H90: understand the role of bile in neutralising stomach acid and emulsifying lipids
A91: 7 Human nutrition | B91: 7.5 Absorption | C91: 1 | D91: Core | E91: State that the small intestine is the region where nutrients are absorbed | F91: 2.32 | G91: 2.32 | H91: understand how the small intestine is adapted for absorption, including the structure of a villus | I91: Colon referred to as large intestine in Pearson Edexcel
A92: 7 Human nutrition | B92: 7.5 Absorption | C92: 2 | D92: Core | E92: State that most water is absorbed from the small intestine but that some is also absorbed from the colon | F92: 2.32 | G92: 2.32 | H92: understand how the small intestine is adapted for absorption, including the structure of a villus
A93: 7 Human nutrition | B93: 7.5 Absorption | C93: 3 | D93: Supplement | E93: Explain the significance of villi and microvilli in increasing the internal surface area of the small intestine | F93: 2.32 | G93: 2.32 | H93: understand how the small intestine is adapted for absorption, including the structure of a villus
A94: 7 Human nutrition | B94: 7.5 Absorption | C94: 4 | D94: Supplement | E94: Describe the structure of a villus | F94: 2.32 | G94: 2.32 | H94: understand how the small intestine is adapted for absorption, including the structure of a villus
A95: 7 Human nutrition | B95: 7.5 Absorption | C95: 5 | D95: Supplement | E95: Describe the roles of capillaries and lacteals in villi | F95: 2.32 | G95: 2.32 | H95: understand how the small intestine is adapted for absorption, including the structure of a villus
A96: 8 Transport in plants | B96: 8.1 Xylem and pholem | C96: 1 | D96: Core | E96: State the functions of xylem and phloem: (a) xylem – transport of water and mineral ions, and support (b) phloem – transport of sucrose and amino acids | F96: 2.53 & 2.54 | G96: 3.3 & 3.4 | H96: describe the role of phloem in transporting sucrose and amino acids between the leaves and other parts of the plant & describe the role of xylem in transporting water and mineral ions from the roots to other parts of the plant
A97: 8 Transport in plants | B97: 8.1 Xylem and pholem | C97: 2 | D97: Core | E97: Identify in diagrams and images the position of xylem and phloem as seen in sections of roots, stems and leaves of non-woody dicotyledonous plants | I97: No specific reference in Pearson Edexcel specification
A98: 8 Transport in plants | B98: 8.1 Xylem and pholem | C98: 3 | D98: Supplement | E98: Relate the structure of xylem vessels to their function, limited to: (a) thick walls with lignin (details of lignification are not required) (b) no cell contents (c) cells joined end to end with no cross walls to form a long continuous tube | F98: 2.53 & 2.54 | G98: 3.3 & 3.4 | H98: describe the role of phloem in transporting sucrose and amino acids between the leaves and other parts of the plant & describe the role of xylem in transporting water and mineral ions from the roots to other parts of the plant
A99: 8 Transport in plants | B99: 8.2 Water uptake | C99: 1 | D99: Core | E99: Identify in diagrams and images root hair cells and state their functions | F99: 2.55B | G99: 3.5B | H99: understand how water is absorbed by root hair cells
A100: 8 Transport in plants | B100: 8.2 Water uptake | C100: 2 | D100: Core | E100: State that the large surface area of root hairs increases the uptake of water and mineral ions | F100: 2.55B | G100: 3.5B | H100: understand how water is absorbed by root hair cells
...

Sheet CAIE IGCSE Chemistry 0620-0971
A1: CAIE Topic | B1: CAIE Sub-topic | C1: CAIE Number | D1: CAIE Tier | E1: CAIE Spec content | F1: Pearson Edexcel Linear Spec point | G1: Pearson Edexcel Modular spec point | H1: Pearson Edexcel spec content - comparative | I1: Notes
A2: 1 States of matter | B2: 1.1 Solids, liquids and gases | C2: 1 | D2: Core | E2: State the distinguishing properties of solids, liquids and gases | I2: No specific reference in Pearson Edexcel specification
A3: 1 States of matter | B3: 1.1 Solids, liquids and gases | C3: 2 | D3: Core | E3: Describe the structures of solids, liquids and gases in terms of particle separation, arrangement and motion | F3: 1.1 | G3: 1.1 | H3: understand the three states of matter in terms of the arrangement, movement and energy of the particles
A4: 1 States of matter | B4: 1.1 Solids, liquids and gases | C4: 3 | D4: Core | E4: Describe changes of state in terms of melting, boiling, evaporating, freezing and condensing | F4: 1.2 | G4: 1.2 | H4: understand the interconversions between the three states of matter in terms of the names of the interconversions, how they are achieved, the changes in arrangement, movement and energy of the particles.
A5: 1 States of matter | B5: 1.1 Solids, liquids and gases | C5: 4 | D5: Core | E5: Describe the effects of temperature and pressure on the volume of a gas | I5: This topic is covered in iGCSE Physics and only has a minor overlap in spec. point 3.10 where the effect of pressure and temperature on rates of reaction is considered.
A6: 1 States of matter | B6: 1.1 Solids, liquids and gases | C6: 5 | D6: Supplement | E6: Explain changes of state in terms of kinetic particle theory, including the interpretation of heating and cooling curves | I6: This topic is covered in iGCSE Physics and only has a minor overlap in spec. point 3.10 where the effect of pressure and temperature on rates of reaction is considered.
A7: 1 States of matter | B7: 1.1 Solids, liquids and gases | C7: 6 | D7: Supplement | E7: Explain, in terms of kinetic particle theory, the effects of temperature and pressure on the volume of a gas | I7: This topic is covered in iGCSE Physics and only has a minor overlap in spec. point 3.10 where the effect of pressure and temperature on rates of reaction is considered.
A8: 1 States of matter | B8: 1.2 Diffusion | C8: 1 | D8: Core | E8: Describe and explain diffusion in terms of kinetic particle theory | F8: 1.3 | G8: 1.3 | H8: understand how the results of experiments involving the dilution of coloured solutions and diffusion of gases can be explained
A9: 1 States of matter | B9: 1.2 Diffusion | C9: 2 | D9: Supplement | E9: Describe and explain the effect of relative molecular mass on the rate of diffusion of gases | F9: 1.3 | G9: 1.3 | H9: understand how the results of experiments involving the dilution of coloured solutions and diffusion of gases can be explained
A10: 2 Atoms, elements and compounds | B10: 2.1 Elements, compounds and mixtures | C10: 1 | D10: Core | E10: Describe the differences between elements, compounds and mixtures | F10: 1.14 & 1.8 | G10: 1.14 & 1.8 | H10: know what is meant by the terms ‘atom’ and ‘molecule’. & understand how to classify a substance as an element, compound or mixture
A11: 2 Atoms, elements and compounds | B11: 2.2 Atomic structure and the Periodic Table | C11: 1 | D11: Core | E11: Describe the structure of the atom as a central nucleus containing neutrons and protons surrounded by electrons in shells | F11: 1.15 | G11: 1.15 | H11: know the structure of an atom in terms of the positions, relative masses and relative charges of sub-atomic particles
A12: 2 Atoms, elements and compounds | B12: 2.2 Atomic structure and the Periodic Table | C12: 2 | D12: Core | E12: State the relative charges and relative masses of a proton, a neutron and an electron | F12: 1.15 | G12: 1.15 | H12: know the structure of an atom in terms of the positions, relative masses and relative charges of sub-atomic particles
A13: 2 Atoms, elements and compounds | B13: 2.2 Atomic structure and the Periodic Table | C13: 3 | D13: Core | E13: Define proton number/atomic number as the number of protons in the nucleus of an atom | F13: 1.16 | G13: 1.16 | H13: know what is meant by the terms atomic number, mass number, isotopes and relative atomic mass (Ar)
A14: 2 Atoms, elements and compounds | B14: 2.2 Atomic structure and the Periodic Table | C14: 4 | D14: Core | E14: Define mass number/nucleon number as the total number of protons and neutrons in the nucleus of an atom | F14: 1.16 | G14: 1.16 | H14: know what is meant by the terms atomic number, mass number, isotopes and relative atomic mass (Ar)
A15: 2 Atoms, elements and compounds | B15: 2.2 Atomic structure and the Periodic Table | C15: 5 | D15: Core | E15: Determine the electronic configuration of elements and their ions with proton number 1 to 20, e.g. 2,8,3 | F15: 1.19 & 1.37 & 1.38 | G15: 1.19 & 5.1 & 5.2 | H15: understand how to deduce the electronic configurations of the first 20 elements from their positions in the Periodic Table & understand how ions are formed by electron loss or gain & know the charges of these ions: • metals in Groups 1, 2 and 3 • non-metals in Groups 5, 6 and 7 • Ag+, Cu2+, Fe2+, Fe3+, Pb2+, Zn2+ • hydrogen (H+), hydroxide (OH–), ammonium (NH4+), carbonate (CO32–), nitrate (NO3- ), sulfate (SO42–) | I15: Specification point 1.19 requires candidates to know the electron configurations of elements with proton number 1 to 20. However, the concept of ions is covered in later specification points - 1.37 and1.38 and this requires candidates to know the charges on the ions for elements in groups 1,2,3 and groups 5,6 and 7 of the periodic table.
A16: 2 Atoms, elements and compounds | B16: 2.2 Atomic structure and the Periodic Table | C16: 6 | D16: Core | E16: State that: (a) Group VIII noble gases have a full outer electron shell (b) the number of outer shell electrons is equal to the group number in Groups I to VII (c) the number of occupied electron shells is equal to the period number | F16: 1.18 & 1.22 & 1.24 | G16: 1.18 & 1.22 & 1.24 | H16: This topic is covered by three specification points - 1.18 (group number and period number), 1.22 (electron configuration) and 1.24 (noble gases which are identified as group 0 rather than group VIII)
A17: 2 Atoms, elements and compounds | B17: 2.3 Isotopes | C17: 1 | D17: Core | E17: Define isotopes as different atoms of the same element that have the same number of protons but different numbers of neutrons | F17: 1.16 | G17: 1.16 | H17: know what is meant by the terms atomic number, mass number, isotopes and relative atomic mass (Ar) | I17: This specification point covers several other concepts as well such as atomic number, mass number and relative atomic mass.
A18: 2 Atoms, elements and compounds | B18: 2.3 Isotopes | C18: 2 | D18: Core | E18: Interpret and use symbols for atoms, e.g. 6 12C, and ions, e.g. 17 35Cl – | F18: 1.38 | G18: 5.2 | H18: know the charges of these ions: metals in Groups 1, 2 and 3, non-metals in Groups 5, 6 and 7, Ag+, Cu2+, Fe2+, Fe3+, Pb2+, Zn2+, hydrogen (H+), hydroxide (OH–), ammonium (NH4+), carbonate (CO32–),nitrate (NO3-), sulfate (SO42–). | I18: Interpreting symbols for ions is covered by this specification point. The symbols for atoms, including their mass number is covered by the periodic table which is provided in all the Chemistry papers.
A19: 2 Atoms, elements and compounds | B19: 2.3 Isotopes | C19: 3 | D19: Supplement | E19: State that isotopes of the same element have the same chemical properties because they have the same number of electrons and therefore the same electronic configuration | F19: 1.16 & 1.23 | G19: 1.16 & 1.23 | H19: know what is meant by the terms atomic number, mass number, isotopes and relativeatomic mass (Ar) & understand why elements in the same group of the Periodic Table have similar chemical properties | I19: A formal statement of why isotopes of the same element have the same chemical properties is not directly mentioned but these two specification points do cover the reason why this is so.
A20: 2 Atoms, elements and compounds | B20: 2.3 Isotopes | C20: 4 | D20: Supplement | E20: Calculate the relative atomic mass of an element from the relative masses and abundances of its isotopes | F20: 1.17 | G20: 1.17 | H20: be able to calculate the relative atomic mass of an element (Ar) from isotopic abundances
A21: 2 Atoms, elements and compounds | B21: 2.4 Ions and ionic bonds | C21: 1 | D21: Core | E21: Describe the formation of positive ions, known as cations, and negative ions, known as anions | F21: 1.37 & 1.57C | G21: 5.1 & 5.21C | H21: understand how ions are formed by electron loss or gain & know that anion and cation are terms used to refer to negative and positive ions respectively | I21: The formation of ions is covered but the terms anions and cations are only required in the electrolysis section of the specification.
A22: 2 Atoms, elements and compounds | B22: 2.4 Ions and ionic bonds | C22: 2 | D22: Core | E22: State that an ionic bond is a strong electrostatic attraction between oppositely charged ions | F22: 1.41 | G22: 5.5 | H22: understand ionic bonding in terms of electrostatic attractions
A23: 2 Atoms, elements and compounds | B23: 2.4 Ions and ionic bonds | C23: 3 | D23: Core | E23: Describe the formation of ionic bonds between elements from Group I and Group VII, including the use of dot-and-cross diagrams | F23: 1.39 & 1.40 | G23: 5.3 & 5.4 | H23: write formulae for compounds formed between the ions listed above & draw dot-and-cross diagrams to show the formation of ionic compounds by electron transfer, limited to combinations of elements from Groups 1, 2, 3 and 5, 6, 7,only outer electrons need be shown
A24: 2 Atoms, elements and compounds | B24: 2.4 Ions and ionic bonds | C24: 4 | D24: Core | E24: Describe the properties of ionic compounds: (a) high melting points and boiling points (b) good electrical conductivity when aqueous or molten and poor when solid | F24: 1.42 & 1.43 | G24: 5.6 & 5.7 | H24: understand why compounds with giant ionic lattices have high melting and boiling points & know that ionic compounds do not conduct electricity when solid, but do conduct electricity when molten and in aqueous solution | I24: The CIE specification divides this into two specification points (describe and then Explain).
A25: 2 Atoms, elements and compounds | B25: 2.4 Ions and ionic bonds | C25: 5 | D25: Supplement | E25: Describe the giant lattice structure of ionic compounds as a regular arrangement of alternating positive and negative ions | F25: 1.42 | G25: 5.6 | H25: understand why compounds with giant ionic lattices have high melting and boiling points | I25: Sodium chloride not given as an example in the Pearson Edexcel specification but to understand this specification statement (1.42) candidates would need to be familiar with how ions are arranged in a giant ionic structure.
A26: 2 Atoms, elements and compounds | B26: 2.4 Ions and ionic bonds | C26: 6 | D26: Supplement | E26: Describe the formation of ionic bonds between ions of metallic and non-metallic elements, including the use of dot-and-cross diagrams | F26: 1.4 | G26: 5.4 | H26: draw dot-and-cross diagrams to show the formation of ionic compounds by electron transfer, limited to combinations of elements from Groups 1, 2, 3 and 5, 6, 7 (only outer electrons need be shown)
A27: 2 Atoms, elements and compounds | B27: 2.4 Ions and ionic bonds | C27: 7 | D27: Supplement | E27: Explain in terms of structure and bonding the properties of ionic compounds: (a) high melting points and boiling points (b) good electrical conductivity when aqueous or molten and poor when solid | F27: 1.42 & 1.43 | G27: 5.6 & 5.7 | H27: understand why compounds with giant ionic lattices have high melting and boiling points & know that ionic compounds do not conduct electricity when solid, but do conduct electricity when molten and in aqueous solution | I27: The CIE specification divides this into two specification points (describe and then Explain).
A28: 2 Atoms, elements and compounds | B28: 2.5 Simple molecules and covalent bonds | C28: 1 | D28: Core | E28: State that a covalent bond is formed when a pair of electrons is shared between two atoms leading to noble gas electronic configurations | F28: 1.44 | G28: 5.8 | H28: know that a covalent bond is formed between atoms by the sharing of a pair of electrons | I28: Similar statements but the Pearson Edexcel specification does require candidates to understand covalent bonds in terms of electrostatic attraction.
A29: 2 Atoms, elements and compounds | B29: 2.5 Simple molecules and covalent bonds | C29: 2 | D29: Core | E29: Describe the formation of covalent bonds in simple molecules, including H2, Cl 2, H2O, CH4, NH3 and HCl. Use dot-and-cross diagrams to show the electronic configurations in these and similar molecules | F29: 1.46 | G29: 5.1 | H29: understand how to use dot-and-cross diagrams to represent covalent bonds in: diatomic molecules, including hydrogen, oxygen, nitrogen, halogens and hydrogen halides and inorganic molecules including water, ammonia and carbon dioxide and organic molecules containing up to two carbon atoms, including methane, ethane,ethene and those containing halogen atoms | I29: Similar statements but slightly different examples quoted.
A30: 2 Atoms, elements and compounds | B30: 2.5 Simple molecules and covalent bonds | C30: 3 | D30: Core | E30: Describe in terms of structure and bonding the properties of simple molecular compounds: (a) low melting points and boiling points (b) poor electrical conductivity | F30: 1.47 & 1.51 | G30: 5.11 & 5.15 | H30: explain why substances with a simple molecular structures are gases or liquids, or solids with low melting and boiling points (the term intermolecular forces of attraction can be use to represent all forces between molecules). & know that covalent compounds do not usually conduct electricity
A31: 2 Atoms, elements and compounds | B31: 2.5 Simple molecules and covalent bonds | C31: 4 | D31: Supplement | E31: Describe the formation of covalent bonds in simple molecules, including CH3OH, C2H4, O2, CO2 and N2. Use dot-and-cross diagrams to show the electronic configurations in these and similar molecules | F31: 1.46 | G31: 1.46 | H31: understand how to use dot-and-cross diagrams to represent covalent bonds in: diatomic molecules, including hydrogen, oxygen, nitrogen, halogens and hydrogen halides and inorganic molecules including water, ammonia and carbon dioxide and organic molecules containing up to two carbon atoms, including methane, ethane,ethene and those containing halogen atoms | I31: The Pearson Edexcel specification does not include alcohols in this section.
A32: 2 Atoms, elements and compounds | B32: 2.5 Simple molecules and covalent bonds | C32: 5 | D32: Supplement | E32: Explain in terms of structure and bonding the properties of simple molecular compounds: (a) low melting points and boiling points in terms of weak intermolecular forces (specific types of intermolecular forces are not required) (b) poor electrical conductivity | F32: 1.47 & 1.51 | G32: 5.11 & 5.15 | H32: explain why substances with a simple molecular structures are gases or liquids, or solids with low melting and boiling points (the term intermolecular forces of attraction can be used to represent all forces between molecules) & know that covalent compounds do not usually conduct electricity | I32: Same learning involved but the Pearson Edexcel specification also requires an understanding of why melting and boiling points generally increase with increasing relative mass.
A33: 2 Atoms, elements and compounds | B33: 2.6 Giant covalent structures | C33: 1 | D33: Core | E33: Describe the giant covalent structures of graphite and diamond | F33: 1.5 | G33: 5.14 | H33: explain how the structures of diamond, graphite and C60 fullerene influence their physical properties, including electrical conductivity and hardness | I33: Same learning involved but the Pearson Edexcel specification also includes fullerene.
A34: 2 Atoms, elements and compounds | B34: 2.6 Giant covalent structures | C34: 2 | D34: Core | E34: Relate the structures and bonding of graphite and diamond to their uses, limited to: (a) graphite as a lubricant and as an electrode (b) diamond in cutting tools | F34: 1.5 | G34: 5.14 | H34: explain how the structures of diamond, graphite and C60 fullerene influence their physical properties, including electrical conductivity and hardness | I34: Both this and the previous CIE statement are covered in one Pearson Edexcel specification point.
A35: 2 Atoms, elements and compounds | B35: 2.6 Giant covalent structures | C35: 3 | D35: Supplement | E35: Describe the giant covalent structure of silicon(IV) oxide, SiO2 | I35: No specific reference in Pearson Edexcel specification
A36: 2 Atoms, elements and compounds | B36: 2.6 Giant covalent structures | C36: 4 | D36: Supplement | E36: Describe the similarity in properties between diamond and silicon(IV) oxide, related to their structures | I36: No specific reference in Pearson Edexcel specification
A37: 2 Atoms, elements and compounds | B37: 2.7 Metallic bonding | C37: 1 | D37: Supplement | E37: Describe metallic bonding as the electrostatic attraction between the positive ions in a giant metallic lattice and a ‘sea’ of delocalised electrons | F37: 1.53C | G37: 5.17C | H37: understand metallic bonding in terms of electrostatic attractions | I37: In addition, the Pearson Edexcel specification requires candidates to know how to represent a metallic lattice with a 2-D diagram.
A38: 2 Atoms, elements and compounds | B38: 2.7 Metallic bonding | C38: 2 | D38: Supplement | E38: Explain in terms of structure and bonding the properties of metals: (a) good electrical conductivity (b) malleability and ductility | F38: 1.54C | G38: 5.18C | H38: explain typical physical properties of metals, including electrical conductivity and malleability
A39: 3 Stoichiometry | B39: 3.1 Formulae | C39: 1 | D39: Core | E39: State the formulae of the elements and compounds named in the subject content | I39: There is no equivalent statement of this in the Pearson Edexcel specification. However, the symbols for various elements and compounds do occur in various parts of the specification and each Chemistry paper includes a periodic table with element name and symbol identified. It is also implied in specification point 1.25 which refers to candidates being able to write balanced chemical equations.
A40: 3 Stoichiometry | B40: 3.1 Formulae | C40: 2 | D40: Core | E40: Define the molecular formula of a compound as the number and type of different atoms in one molecule | F40: 1.32 | G40: 1.32 | H40: know what is meant by the terms empirical formula and molecular formula
A41: 3 Stoichiometry | B41: 3.1 Formulae | C41: 3 | D41: Core | E41: Deduce the formula of a simple compound from the relative numbers of atoms present in a model or a diagrammatic representation | F41: 1.33 | G41: 1.33 | H41: know what is meant by the terms empirical formula and molecular formula
A42: 3 Stoichiometry | B42: 3.1 Formulae | C42: 4 | D42: Core | E42: Construct word equations and symbol equations to show how reactants form products, including state symbols | F42: 1.25 | G42: 1.25 | H42: write word equations and balanced chemical equations (including state symbols): for reactions studied in this specification and for unfamiliar reactions where suitable information is provided
A43: 3 Stoichiometry | B43: 3.1 Formulae | C43: 5 | D43: Supplement | E43: Define the empirical formula of a compound as the simplest whole number ratio of the different atoms or ions in a compound | F43: 1.32 | G43: 1.32 | H43: know what is meant by the terms empirical formula and molecular formula | I43: Same learning involved. However, in the Pearson Edexcel specification this is included in the molecular formula statement and is not a supplementary topic.
A44: 3 Stoichiometry | B44: 3.1 Formulae | C44: 6 | D44: Supplement | E44: Deduce the formula of an ionic compound from the relative numbers of the ions present in a model or a diagrammatic representation or from the charges on the ions | F44: 1.38 & 1.39 | G44: 5.2 & 5.3 | H44: know the charges of these ions: • metals in Groups 1, 2 and 3 • non-metals in Groups 5, 6 and 7 • Ag+, Cu2+, Fe2+, Fe3+, Pb2+, Zn2+ • hydrogen (H+), hydroxide (OH–), ammonium (NH4+), carbonate (CO32–), nitrate (NO3- ), sulfate (SO42–) & write formulae for compounds formed between the ions listed above
A45: 3 Stoichiometry | B45: 3.1 Formulae | C45: 7 | D45: Supplement | E45: Construct symbol equations with state symbols, including ionic equations | F45: 1.25 & 1.59C | G45: 1.25 & 5.23C | H45: write word equations and balanced chemical equations (including state symbols): for reactions studied in this specification and for unfamiliar reactions where suitable information is provided & write ionic half-equations representing the reactions at the electrodes during electrolysis and understand why these reactions are classified as oxidation or reduction | I45: Ionic equations are covered in the electrolysis of the Pearson Edexcel specification.
A46: 3 Stoichiometry | B46: 3.1 Formulae | C46: 8 | D46: Supplement | E46: Deduce the symbol equation with state symbols for a chemical reaction, given relevant information | F46: 1.25 | G46: 1.25 | H46: write word equations and balanced chemical equations (including state symbols): for reactions studied in this specification and for unfamiliar reactions where suitable information is provided
A47: 3 Stoichiometry | B47: 3.2 Relative masses of atoms and molecules | C47: 1 | D47: Core | E47: Describe relative atomic mass, Ar , as the average mass of the isotopes of an element compared to 1/12th of the mass of an atom of 12C | F47: 1.16 | G47: 1.16 | H47: know what is meant by the terms atomic number, mass number, isotopes and relative atomic mass (Ar )
A48: 3 Stoichiometry | B48: 3.2 Relative masses of atoms and molecules | C48: 2 | D48: Core | E48: Define relative molecular mass, Mr , as the sum of the relative atomic masses. Relative formula mass, Mr , will be used for ionic compounds | F48: 1.28 | G48: 1.28 | H48: understand how to carry out calculations involving amount of substance, relative atomic mass (Ar) and relative formula mass (Mr)
A49: 3 Stoichiometry | B49: 3.2 Relative masses of atoms and molecules | C49: 3 | D49: Core | E49: Calculate reacting masses in simple proportions. Calculations will not involve the mole concept | F49: 1.29 | G49: 1.29 | H49: calculate reacting masses using experimental data and chemical equations | I49: Same learning involved. However knowledge of the mole is required.
A50: 3 Stoichiometry | B50: 3.3 The mole and the Avogardo constant | C50: 1 | D50: Core | E50: State that concentration can be measured in g/dm3 or mol/dm3 | F50: 1.34C | G50: 1.34C | H50: understand how to carry out calculations involving amount of substance, volume and concentration (in mol/dm3) of solution | I50: In the Pearson Edexcel specification, concentration is measured in mol/dm3.
A51: 3 Stoichiometry | B51: 3.3 The mole and the Avogardo constant | C51: 2 | D51: Supplement | E51: State that the mole, mol, is the unit of amount of substance and that one mole contains 6.02 × 1023 particles, e.g. atoms, ions, molecules; this number is the Avogadro constant | F51: 1.27 | G51: 1.27 | H51: know that the mole (mol) is the unit for the amount of a substance | I51: Same learning involved. However Avogadro's constant is not specifically mentioned in the Pearson Edexcel specification.
A52: 3 Stoichiometry | B52: 3.3 The mole and the Avogardo constant | C52: 3 | D52: Supplement | E52: Use the relationship amount of substance (mol) = mass (g) molar mass (g/mol) to calculate: (a) amount of substance (b) mass (c) molar mass (d) relative atomic mass or relative molecular/formula mass (e) number of particles, using the value of the Avogadro constant | F52: 1.34C | G52: 1.34C | H52: understand how to carry out calculations involving amount of substance, volume and concentration (in mol/dm3) of solution | I52: The Pearson Edexcel specification does not include part (e).
A53: 3 Stoichiometry | B53: 3.3 The mole and the Avogardo constant | C53: 4 | D53: Supplement | E53: Use the molar gas volume, taken as 24dm3 at room temperature and pressure, r.t.p., in calculations involving gases | F53: 1.35C | G53: 1.35C | H53: understand how to carry out calculations involving gas volumes and the molar volume of a gas (24 dm3 and 24000 cm3 at room temperature and pressure (rtp))
A54: 3 Stoichiometry | B54: 3.3 The mole and the Avogardo constant | C54: 5 | D54: Supplement | E54: Calculate stoichiometric reacting masses, limiting reactants, volumes of gases at r.t.p., volumes of solutions and concentrations of solutions expressed in g/dm3 and mol/dm3 , including conversion between cm3 and dm3 | F54: 1.35C | G54: 1.35C | H54: understand how to carry out calculations involving gas volumes and the molar volume of a gas (24 dm3 and 24000 cm3 at room temperature and pressure (rtp))
A55: 3 Stoichiometry | B55: 3.3 The mole and the Avogardo constant | C55: 6 | D55: Supplement | E55: Use experimental data from a titration to calculate the moles of solute, or the concentration or volume of a solution | F55: 2.33C | G55: 2.19C | H55: describe how to carry out an acid-alkali titration | I55: This is covered in the Pearson Edexcel specification but the statement given is not as prescriptive.
A56: 3 Stoichiometry | B56: 3.3 The mole and the Avogardo constant | C56: 7 | D56: Supplement | E56: Calculate empirical formulae and molecular formulae, given appropriate data | F56: 1.33 | G56: 1.33 | H56: calculate empirical and molecular formulae from experimental data
A57: 3 Stoichiometry | B57: 3.3 The mole and the Avogardo constant | C57: 8 | D57: Supplement | E57: Calculate percentage yield, percentage composition by mass and percentage purity, given appropriate data | F57: 1.3 | G57: 1.3 | H57: calculate percentage yield | I57: Pearson Edexcel specification does not include percentage purity.
A58: 4 Electrochemistry | B58: 4.1 Electrolysis | C58: 1 | D58: Core | E58: Define electrolysis as the decomposition of an ionic compound, when molten or in aqueous solution, by the passage of an electric current | F58: 1.56C | G58: 5.20C | H58: understand why ionic compounds conduct electricity only when molten or in aqueous solution | I58: The Pearson Edexcel specification does not have this formal definition of electrolysis but concepts involved are covered by this specification point.
A59: 4 Electrochemistry | B59: 4.1 Electrolysis | C59: 2 | D59: Core | E59: Identify in simple electrolytic cells: (a) the anode as the positive electrode (b) the cathode as the negative electrode (c) the electrolyte as the molten or aqueous substance that undergoes electrolysis | F59: 1.57C & 1.58C | G59: 5.21C & 5.22C | H59: know that anion and cation are terms used to refer to negative and positive ions respectively & describe experiments to investigate electrolysis, using inert electrodes, of molten compounds (including lead(II) bromide) and aqueous solutions (including sodium chloride, dilute sulfuric acid and copper(II) sulfate) and to predict the products
A60: 4 Electrochemistry | B60: 4.1 Electrolysis | C60: 3 | D60: Core | E60: Identify the products formed at the electrodes and describe the observations made during the electrolysis of: (a) molten lead(II) bromide (b) concentrated aqueous sodium chloride (c) dilute sulfuric acid using inert electrodes made of platinum or carbon/graphite | F60: 1.58C | G60: 5.22C | H60: describe experiments to investigate electrolysis, using inert electrodes, of molten compounds (including lead(II) bromide) and aqueous solutions (including sodium chloride, dilute sulfuric acid and copper(II) sulfate) and to predict the products | I60: Similar statements but in the Pearson Edexcel specification whilst inert electrodes are referred to the specific examples quoted in the CIE specification are not given.
A61: 4 Electrochemistry | B61: 4.1 Electrolysis | C61: 4 | D61: Core | E61: State that metals or hydrogen are formed at the cathode and that non-metals (other than hydrogen) are formed at the anode | F61: 1.57C | G61: 5.20C | H61: know that anion and cation are terms used to refer to negative and positive ions respectively | I61: Not stated in this manner but is implied in the Pearson Edexcel statement.
A62: 4 Electrochemistry | B62: 4.1 Electrolysis | C62: 5 | D62: Core | E62: Predict the identity of the products at each electrode for the electrolysis of a binary compound in the molten state | I62: Not directly covered in. the Pearson Edexcelspecification but 1.58C,1.59C and 1.60C should enable candidates to develop this skill.
A63: 4 Electrochemistry | B63: 4.1 Electrolysis | C63: 6 | D63: Core | E63: State that metal objects are electroplated to improve their appearance and resistance to corrosion | I63: Not covered in the Pearson Edexcel specification although candidates are expected to know that iron is plated with zinc to prevent rusting.
A64: 4 Electrochemistry | B64: 4.1 Electrolysis | C64: 7 | D64: Core | E64: Describe how metals are electroplated | I64: No specific reference in Pearson Edexcel specification
A65: 4 Electrochemistry | B65: 4.1 Electrolysis | C65: 8 | D65: Supplement | E65: Describe the transfer of charge during electrolysis to include: (a) the movement of electrons in the external circuit (b) the loss or gain of electrons at the electrodes (c) the movement of ions in the electrolyte | F65: 1.56C | G65: 5.20C | H65: know that anion and cation are terms used to refer to negative and positive ions respectively
A66: 4 Electrochemistry | B66: 4.1 Electrolysis | C66: 9 | D66: Supplement | E66: Identify the products formed at the electrodes and describe the observations made during the electrolysis of aqueous copper(II) sulfate using inert carbon/graphite electrodes and when using copper electrodes | F66: 1.58C | G66: 5.22C | H66: describe experiments to investigate electrolysis, using inert electrodes, of molten compounds (including lead(II) bromide) and aqueous solutions (including sodium chloride, dilute sulfuric acid and copper(II) sulfate) and to predict the products | I66: Pearson Edexcel specification does not consider the difference in products if copper electrodes are used instead of copper.
A67: 4 Electrochemistry | B67: 4.1 Electrolysis | C67: 10 | D67: Supplement | E67: Predict the identity of the products at each electrode for the electrolysis of a halide compound in dilute or concentrated aqueous solution | F67: 1.58C | G67: 5.22C | H67: escribe experiments to investigate electrolysis, using inert electrodes, of molten compounds (including lead(II) bromide) and aqueous solutions (including sodium chloride, dilute sulfuric acid and copper(II) sulfate) and to predict the products | I67: The Pearson Edexcel specification only refers to sodium chloride and there is no reference to dilute or concentrated solutions.
A68: 4 Electrochemistry | B68: 4.1 Electrolysis | C68: 11 | D68: Supplement | E68: Construct ionic half-equations for reactions at the anode (to show oxidation) and at the cathode (to show reduction) | F68: 1.59C | G68: 5.23C | H68: write ionic half-equations representing the reactions at the electrodes during electrolysis and understand why these reactions are classified as oxidation or reduction
A69: 4 Electrochemistry | B69: 4.2 Hydrogen-oxygen fuel cells | C69: 1 | D69: Core | E69: State that a hydrogen–oxygen fuel cell uses hydrogen and oxygen to produce electricity with water as the only chemical product | I69: No specific reference in Pearson Edexcel specification
A70: 4 Electrochemistry | B70: 4.2 Hydrogen-oxygen fuel cells | C70: 2 | D70: Supplement | E70: Describe the advantages and disadvantages of using hydrogen–oxygen fuel cells in comparison with gasoline/petrol engines in vehicles | I70: No specific reference in Pearson Edexcel specification
A71: 5 Chemical energetics | B71: 5.1 Exothermic and endothermic reactions | C71: 1 | D71: Core | E71: State that an exothermic reaction transfers thermal energy to the surroundings leading to an increase in the temperature of the surroundings | F71: 3.1 | G71: 3.1 | H71: know that chemical reactions in which heat energy is given out are described as exothermic, and those in which heat energy is taken in are described as endothermic
A72: 5 Chemical energetics | B72: 5.1 Exothermic and endothermic reactions | C72: 2 | D72: Core | E72: State that an endothermic reaction takes in thermal energy from the surroundings leading to a decrease in the temperature of the surroundings | F72: 3.1 | G72: 3.1 | H72: know that chemical reactions in which heat energy is given out are described as exothermic, and those in which heat energy is taken in are described as endothermic
A73: 5 Chemical energetics | B73: 5.1 Exothermic and endothermic reactions | C73: 3 | D73: Core | E73: Interpret reaction pathway diagrams showing exothermic and endothermic reactions | F73: 3.5C | G73: 3.5C | H73: draw and explain energy level diagrams to represent exothermic and endothermic reactions
A74: 5 Chemical energetics | B74: 5.1 Exothermic and endothermic reactions | C74: 4 | D74: Supplement | E74: State that the transfer of thermal energy during a reaction is called the enthalpy change, ∆H, of the reaction. ∆H is negative for exothermic reactions and positive for endothermic reactions | F74: 3.4 & 3.6C & 3.7C | G74: 3.4 & 3.6C & 3.7C | H74: calculate the molar enthalpy change (ΔH) from the heat energy change Q & know that bond-breaking is an endothermic process and that bond-making is an exothermic process & use bond energies to calculate the enthalpy change during a chemical reaction | I74: The positive and negative aspect of enthalpy change is covered in 3.6C and 3.7C.
A75: 5 Chemical energetics | B75: 5.1 Exothermic and endothermic reactions | C75: 5 | D75: Supplement | E75: Define activation energy, Ea, as the minimum energy that colliding particles must have to react | F75: 3.13 | G75: 7.5 | H75: know that a catalyst works by providing an alternative pathway with lower activation energy | I75: Activation energy is introduced to explain the action of a catalyst in the Pearson Edexcel specification.
A76: 5 Chemical energetics | B76: 5.1 Exothermic and endothermic reactions | C76: 6 | D76: Supplement | E76: Draw and label reaction pathway diagrams for exothermic and endothermic reactions using information provided, to include: (a) reactants (b) products (c) enthalpy change of the reaction, ∆H (d) activation energy, Ea | F76: 3.14C | G76: 7.6C | H76: draw and explain reaction profile diagrams showing ΔH and activation energy
A77: 5 Chemical energetics | B77: 5.1 Exothermic and endothermic reactions | C77: 7 | D77: Supplement | E77: State that bond breaking is an endothermic process and bond making is an exothermic process and explain the enthalpy change of a reaction in terms of bond breaking and bond making | F77: 3.6C | G77: 3.6C | H77: know that bond-breaking is an endothermic process and that bond-making is an exothermic process
A78: 5 Chemical energetics | B78: 5.1 Exothermic and endothermic reactions | C78: 8 | D78: Supplement | E78: Calculate the enthalpy change of a reaction using bond energies | F78: 3.7C | G78: 3.7C | H78: use bond energies to calculate the enthalpy change during a chemical reaction
A79: 6 Chemical reactions | B79: 6.1 Physical and chemical change | C79: 1 | D79: Core | E79: Identify physical and chemical changes, and describe the differences between them | I79: This distinction is not specifically referred to in the Pearson Edexcel specification but the distinction is partially covered in the section on chemical tests which also refers to a physical test for water.
A80: 6 Chemical reactions | B80: 6.2 Rate of reaction | C80: 1 | D80: Core | E80: Describe the effect on the rate of reaction of: (a) changing the concentration of solutions (b) changing the pressure of gases (c) changing the surface area of solids (d) changing the temperature (e) adding or removing a catalyst, including enzymes | F80: 3.1 | G80: 7.2 | H80: describe the effects of changes in surface area of a solid, concentration of a solution, pressure of a gas, temperature and the use of a catalyst on the rate of a reaction
A81: 6 Chemical reactions | B81: 6.2 Rate of reaction | C81: 2 | D81: Core | E81: State that a catalyst increases the rate of a reaction and is unchanged at the end of a reaction | F81: 3.12 | G81: 7.4 | H81: know that a catalyst is a substance that increases the rate of a reaction, but is chemically unchanged at the end of the reaction
A82: 6 Chemical reactions | B82: 6.2 Rate of reaction | C82: 3 | D82: Core | E82: Describe practical methods for investigating the rate of a reaction including change in mass of a reactant or a product and the formation of a gas | F82: 3.9 & 3.15 & 3.16 | G82: 7.1 & 7.7 & 7.8 | H82: practical: investigate the effect of changing the surface area of marble chips and of changing the concentration of hydrochloric acid on the rate of reaction between marble chips and dilute hydrochloric acid. & practical: investigate the effect of different solids on the catalytic decomposition of hydrogen peroxide solution | I82: The Pearson Edexcel specification includes two embedded practicals concerned with rates of reaction.
A83: 6 Chemical reactions | B83: 6.2 Rate of reaction | C83: 4 | D83: Core | E83: Interpret data, including graphs, from rate of reaction experiments | F83: 3.15 & 3.16 | G83: 7.7 & 7.8 | H83: practical: investigate the effect of changing the surface area of marble chips and of changing the concentration of hydrochloric acid on the rate of reaction between marble chips and dilute hydrochloric acid. & practical: investigate the effect of different solids on the catalytic decomposition of hydrogen peroxide solution
A84: 6 Chemical reactions | B84: 6.2 Rate of reaction | C84: 5 | D84: Supplement | E84: Describe collision theory in terms of: (a) number of particles per unit volume (b) frequency of collisions between particles (c) kinetic energy of particles (d) activation energy, Ea | F84: 3.11 | G84: 7.3 | H84: explain the effects of changes in surface area of a solid, concentration of a solution, pressure of a gas and temperature on the rate of a reaction in terms of particle collision theory
A85: 6 Chemical reactions | B85: 6.2 Rate of reaction | C85: 6 | D85: Supplement | E85: Describe and explain the effect on the rate of reaction of: (a) changing the concentration of solutions (b) changing the pressure of gases (c) changing the surface area of solids (d) changing the temperature (e) adding or removing a catalyst, including enzymes using collision theory | F85: 3.11 | G85: 7.3 | H85: explain the effects of changes in surface area of a solid, concentration of a solution, pressure of a gas and temperature on the rate of a reaction in terms of particle collision theory
A86: 6 Chemical reactions | B86: 6.2 Rate of reaction | C86: 7 | D86: Supplement | E86: State that a catalyst decreases the activation energy, Ea, of a reaction | F86: 3.13 | G86: 7.5 | H86: know that a catalyst works by providing an alternative pathway with lower activation energy
A87: 6 Chemical reactions | B87: 6.2 Rate of reaction | C87: 8 | D87: Supplement | E87: Evaluate practical methods for investigating the rate of a reaction including change in mass of a reactant or a product and the formation of a gas | F87: 3.15 & 3.16 | G87: 7.7 & 7.8 | H87: practical: investigate the effect of changing the surface area of marble chips and of changing the concentration of hydrochloric acid on the rate of reaction between marble chips and dilute hydrochloric acid & practical: investigate the effect of different solids on the catalytic decomposition of hydrogen peroxide solution | I87: These practicals give the candidates the opportunity to evaluate practical methods for investigating rates of reaction.
A88: 6 Chemical reactions | B88: 6.3 Reversible reactions and equilibrium | C88: 1 | D88: Core | E88: State that some chemical reactions are reversible as shown by the symbol ⇌ | F88: 3.17 | G88: 7.9 | H88: know that some reactions are reversible and this is indicated by the symbol ⇌ in equations
A89: 6 Chemical reactions | B89: 6.3 Reversible reactions and equilibrium | C89: 2 | D89: Core | E89: Describe how changing the conditions can change the direction of a reversible reaction for: (a) the effect of heat on hydrated compounds (b) the addition of water to anhydrous compounds limited to copper(II) sulfate and cobalt(II) chloride | F89: 3.18 | G89: 7.1 | H89: describe reversible reactions such as the dehydration of hydrated copper(II) sulfate and the effect of heat on ammonium chloride | I89: The Pearson Edexcel specification uses the example of ammonium chloride rather than cobalt(II) chloride.
A90: 6 Chemical reactions | B90: 6.3 Reversible reactions and equilibrium | C90: 3 | D90: Supplement | E90: State that a reversible reaction in a closed system is at equilibrium when: (a) the rate of the forward reaction is equal to the rate of the reverse reaction (b) the concentrations of reactants and products are no longer changing | F90: 3.20C | G90: 7.12C | H90: know that the characteristics of a reaction at dynamic equilibrium are: the forward and reverse reactions occur at the same rate and the concentrations of reactants and products remain constant
A91: 6 Chemical reactions | B91: 6.3 Reversible reactions and equilibrium | C91: 4 | D91: Supplement | E91: Predict and explain, for a reversible reaction, how the position of equilibrium is affected by: (a) changing temperature (b) changing pressure (c) changing concentration (d) using a catalyst using information provided | F91: 3.21C & 3.22C | G91: 7.13C & 7.14C | H91: understand why a catalyst does not affect the position of equilibrium in a reversible reaction & know the effect of changing either temperature or pressure on the position of equilibrium in a reversible reaction: an increase (or decrease) in temperature shifts the position of equilibrium in the direction of the endothermic (or exothermic) reaction. and an increase (or decrease) in pressure shifts the position of equilibrium in the direction that produces fewer (or more) moles of gas
A92: 6 Chemical reactions | B92: 6.3 Reversible reactions and equilibrium | C92: 5 | D92: Supplement | E92: State the symbol equation for the production of ammonia in the Haber process, N2(g) + 3H2(g) ⇌ 2NH3(g | I92: No specific reference in Pearson Edexcel specification
A93: 6 Chemical reactions | B93: 6.3 Reversible reactions and equilibrium | C93: 6 | D93: Supplement | E93: State the sources of the hydrogen (methane) and nitrogen (air) in the Haber process | I93: No specific reference in Pearson Edexcel specification
A94: 6 Chemical reactions | B94: 6.3 Reversible reactions and equilibrium | C94: 7 | D94: Supplement | E94: State the typical conditions in the Haber process as 450°C, 20000kPa/200atm and an iron catalyst | I94: No specific reference in Pearson Edexcel specification
A95: 6 Chemical reactions | B95: 6.3 Reversible reactions and equilibrium | C95: 8 | D95: Supplement | E95: State the symbol equation for the conversion of sulfur dioxide to sulfur trioxide in the Contact process, 2SO2(g) + O2(g) ⇌ 2SO3(g) | I95: No specific reference in Pearson Edexcel specification
A96: 6 Chemical reactions | B96: 6.3 Reversible reactions and equilibrium | C96: 9 | D96: Supplement | E96: State the sources of the sulfur dioxide (burning sulfur or roasting sulfide ores) and oxygen (air) in the Contact process | I96: No specific reference in Pearson Edexcel specification
A97: 6 Chemical reactions | B97: 6.3 Reversible reactions and equilibrium | C97: 10 | D97: Supplement | E97: State the typical conditions for the conversion of sulfur dioxide to sulfur trioxide in the Contact process as 450°C, 200kPa/2atm and a vanadium(V) oxide catalyst | I97: No specific reference in Pearson Edexcel specification
A98: 6 Chemical reactions | B98: 6.3 Reversible reactions and equilibrium | C98: 11 | D98: Supplement | E98: Explain, in terms of rate of reaction and position of equilibrium, why the typical conditions stated are used in the Haber process and in the Contact process, including safety considerations and economics | I98: No specific reference in Pearson Edexcel specification
A99: 6 Chemical reactions | B99: 6.4 Redox | C99: 1 | D99: Core | E99: Use a Roman numeral to indicate the oxidation number of an element in a compound | I99: The term, oxidation number, does not appear in the specification. but the use of Roman numerals to indicate oxidation number is used.
A100: 6 Chemical reactions | B100: 6.4 Redox | C100: 2 | D100: Core | E100: Define redox reactions as involving simultaneous oxidation and reduction | F100: 2.2 | G100: 2.6 | H100: understand the terms:oxidation, reduction, redox, oxidising agent and reducing agent in terms of gain or loss of oxygen and loss or gain of electrons
...

Sheet CAIE IGCSE Physics 0625-0972
A1: CAIE Topic | B1: CAIE Sub-topic | C1: CAIE Sub-sub-topic | D1: CAIE Number | E1: CAIE Tier | F1: CAIE Spec content | G1: Pearson Edexcel Linear Spec point | H1: Pearson Edexcel Modular Spec point | I1: Pearson Edexcel Spec content - comparative | J1: Notes
A2: 1 Motion | B2: 1.1 Physical quantities and measurement techniques | D2: 1 | E2: Core | F2: Describe the use of rulers and measuring cylinders to find a length or a volume | G2: 5.4 | H2: =IF(ISBLANK(G2),"",INDEX('Physics Comparison Overview'!$B$3:$B$197,MATCH(G2,'Physics Comparison Overview'!$A$3:$A$197,0))) -> 4.4 | I2: =IF(ISBLANK(G2),"",INDEX('Physics Comparison Overview'!$C$3:$C$197,MATCH(G2,'Physics Comparison Overview'!$A$3:$A$197,0))) -> practical: investigate density using direct measurements of mass and volume | J2: These practical skills are covered in the embedded practicals in the Pearson Edexcel specification
A3: 1 Motion | B3: 1.1 Physical quantities and measurement techniques | D3: 2 | E3: Core | F3: Describe how to measure a variety of time intervals using clocks and digital timers | G3: 1.5 | H3: =IF(ISBLANK(G3),"",INDEX('Physics Comparison Overview'!$B$3:$B$197,MATCH(G3,'Physics Comparison Overview'!$A$3:$A$197,0))) -> 1.5 | I3: =IF(ISBLANK(G3),"",INDEX('Physics Comparison Overview'!$C$3:$C$197,MATCH(G3,'Physics Comparison Overview'!$A$3:$A$197,0))) -> practical: investigate the motion of everyday objects such as toy cars or tennis balls | J3: These practical skills are covered in the embedded practicals in the Pearson Edexcel specification
A4: 1 Motion | B4: 1.1 Physical quantities and measurement techniques | D4: 3 | E4: Core | F4: Determine an average value for a small distance and for a short interval of time by measuring multiples (including the period of oscillation of a pendulum) | H4: =IF(ISBLANK(G4),"",INDEX('Physics Comparison Overview'!$B$3:$B$197,MATCH(G4,'Physics Comparison Overview'!$A$3:$A$197,0))) | I4: =IF(ISBLANK(G4),"",INDEX('Physics Comparison Overview'!$C$3:$C$197,MATCH(G4,'Physics Comparison Overview'!$A$3:$A$197,0))) | J4: These practical skills are covered in the embedded practicals in the Pearson Edexcel specification
A5: 1 Motion | B5: 1.1 Physical quantities and measurement techniques | D5: 4 | E5: Supplement | F5: Understand that a scalar quantity has magnitude (size) only and that a vector quantity has magnitude and direction | G5: 1.13 | H5: =IF(ISBLANK(G5),"",INDEX('Physics Comparison Overview'!$B$3:$B$197,MATCH(G5,'Physics Comparison Overview'!$A$3:$A$197,0))) -> 1.13 | I5: =IF(ISBLANK(G5),"",INDEX('Physics Comparison Overview'!$C$3:$C$197,MATCH(G5,'Physics Comparison Overview'!$A$3:$A$197,0))) -> understand how vector quantities differ from scalar quantities
A6: 1 Motion | B6: 1.1 Physical quantities and measurement techniques | D6: 5 | E6: Supplement | F6: Know that the following quantities are scalars: distance, speed, time, mass, energy and temperature | G6: 1.13 | H6: =IF(ISBLANK(G6),"",INDEX('Physics Comparison Overview'!$B$3:$B$197,MATCH(G6,'Physics Comparison Overview'!$A$3:$A$197,0))) -> 1.13 | I6: =IF(ISBLANK(G6),"",INDEX('Physics Comparison Overview'!$C$3:$C$197,MATCH(G6,'Physics Comparison Overview'!$A$3:$A$197,0))) -> understand how vector quantities differ from scalar quantities
A7: 1 Motion | B7: 1.1 Physical quantities and measurement techniques | D7: 6 | E7: Supplement | F7: Know that the following quantities are vectors: force, weight, velocity, acceleration, momentum, electric field strength and gravitational field strength | G7: 1.14 | H7: =IF(ISBLANK(G7),"",INDEX('Physics Comparison Overview'!$B$3:$B$197,MATCH(G7,'Physics Comparison Overview'!$A$3:$A$197,0))) -> 1.14 | I7: =IF(ISBLANK(G7),"",INDEX('Physics Comparison Overview'!$C$3:$C$197,MATCH(G7,'Physics Comparison Overview'!$A$3:$A$197,0))) -> understand that force is a vector quantity
A8: 1 Motion | B8: 1.1 Physical quantities and measurement techniques | D8: 7 | E8: Supplement | F8: Determine, by calculation or graphically, the resultant of two vectors at right angles, limited to forces or velocities only | H8: =IF(ISBLANK(G8),"",INDEX('Physics Comparison Overview'!$B$3:$B$197,MATCH(G8,'Physics Comparison Overview'!$A$3:$A$197,0))) | I8: =IF(ISBLANK(G8),"",INDEX('Physics Comparison Overview'!$C$3:$C$197,MATCH(G8,'Physics Comparison Overview'!$A$3:$A$197,0))) | J8: No specific reference in Pearson Edexcel specification
A9: 1 Motion | B9: 1.2 Motion | D9: 1 | E9: Core | F9: Define speed as distance travelled per unit time; recall and use the equation v = s t | G9: 1.4 | H9: =IF(ISBLANK(G9),"",INDEX('Physics Comparison Overview'!$B$3:$B$197,MATCH(G9,'Physics Comparison Overview'!$A$3:$A$197,0))) -> 1.4 | I9: =IF(ISBLANK(G9),"",INDEX('Physics Comparison Overview'!$C$3:$C$197,MATCH(G9,'Physics Comparison Overview'!$A$3:$A$197,0))) -> know and use the relationship between average speed, distance moved and time taken: average speed = distance moved / time taken
A10: 1 Motion | B10: 1.2 Motion | D10: 2 | E10: Core | F10: Define velocity as speed in a given direction | G10: 1.6 | H10: =IF(ISBLANK(G10),"",INDEX('Physics Comparison Overview'!$B$3:$B$197,MATCH(G10,'Physics Comparison Overview'!$A$3:$A$197,0))) -> 1.6 | I10: =IF(ISBLANK(G10),"",INDEX('Physics Comparison Overview'!$C$3:$C$197,MATCH(G10,'Physics Comparison Overview'!$A$3:$A$197,0))) -> know and use the relationship between acceleration, change in velocity and time taken: acceleration = change in velocity / time taken; a = (v − u) / t
A11: 1 Motion | B11: 1.2 Motion | D11: 3 | E11: Core | F11: Recall and use the equation average speed = total distance travelled total time taken | G11: 1.4 | H11: =IF(ISBLANK(G11),"",INDEX('Physics Comparison Overview'!$B$3:$B$197,MATCH(G11,'Physics Comparison Overview'!$A$3:$A$197,0))) -> 1.4 | I11: =IF(ISBLANK(G11),"",INDEX('Physics Comparison Overview'!$C$3:$C$197,MATCH(G11,'Physics Comparison Overview'!$A$3:$A$197,0))) -> know and use the relationship between average speed, distance moved and time taken: average speed = distance moved / time taken
A12: 1 Motion | B12: 1.2 Motion | D12: 4 | E12: Core | F12: Sketch, plot and interpret distance–time and speed–time graphs | G12: 1.3 | H12: =IF(ISBLANK(G12),"",INDEX('Physics Comparison Overview'!$B$3:$B$197,MATCH(G12,'Physics Comparison Overview'!$A$3:$A$197,0))) -> 1.3 | I12: =IF(ISBLANK(G12),"",INDEX('Physics Comparison Overview'!$C$3:$C$197,MATCH(G12,'Physics Comparison Overview'!$A$3:$A$197,0))) -> plot and explain distance-time graphs
A13: 1 Motion | B13: 1.2 Motion | D13: 5 | E13: Core | F13: Determine, qualitatively, from given data or the shape of a distance–time graph or speed–time graph when an object is: (a) at rest (b) moving with constant speed (c) accelerating (d) decelerating | G13: 1.3 | H13: =IF(ISBLANK(G13),"",INDEX('Physics Comparison Overview'!$B$3:$B$197,MATCH(G13,'Physics Comparison Overview'!$A$3:$A$197,0))) -> 1.3 | I13: =IF(ISBLANK(G13),"",INDEX('Physics Comparison Overview'!$C$3:$C$197,MATCH(G13,'Physics Comparison Overview'!$A$3:$A$197,0))) -> plot and explain distance-time graphs
A14: 1 Motion | B14: 1.2 Motion | D14: 6 | E14: Core | F14: Calculate speed from the gradient of a straight_x0002_line section of a distance–time graph | G14: 1.3 | H14: =IF(ISBLANK(G14),"",INDEX('Physics Comparison Overview'!$B$3:$B$197,MATCH(G14,'Physics Comparison Overview'!$A$3:$A$197,0))) -> 1.3 | I14: =IF(ISBLANK(G14),"",INDEX('Physics Comparison Overview'!$C$3:$C$197,MATCH(G14,'Physics Comparison Overview'!$A$3:$A$197,0))) -> plot and explain distance-time graphs
A15: 1 Motion | B15: 1.2 Motion | D15: 7 | E15: Core | F15: Calculate the area under a speed–time graph to determine the distance travelled for motion with constant speed or constant acceleration | G15: 1.9 | H15: =IF(ISBLANK(G15),"",INDEX('Physics Comparison Overview'!$B$3:$B$197,MATCH(G15,'Physics Comparison Overview'!$A$3:$A$197,0))) -> 1.9 | I15: =IF(ISBLANK(G15),"",INDEX('Physics Comparison Overview'!$C$3:$C$197,MATCH(G15,'Physics Comparison Overview'!$A$3:$A$197,0))) -> determine the distance travelled from the area between a velocity-time graph and the time axis
A16: 1 Motion | B16: 1.2 Motion | D16: 8 | E16: Core | F16: State that the acceleration of free fall g for an object near to the surface of the Earth is approximately constant and is approximately 9.8m/s2 | G16: 1.18 | H16: =IF(ISBLANK(G16),"",INDEX('Physics Comparison Overview'!$B$3:$B$197,MATCH(G16,'Physics Comparison Overview'!$A$3:$A$197,0))) -> 1.18 | I16: =IF(ISBLANK(G16),"",INDEX('Physics Comparison Overview'!$C$3:$C$197,MATCH(G16,'Physics Comparison Overview'!$A$3:$A$197,0))) -> know and use the relationship between weight, mass and gravitational field strength: weight = mass × gravitational field strength W = m × g
A17: 1 Motion | B17: 1.2 Motion | D17: 9 | E17: Supplement | F17: Define acceleration as change in velocity per unit time; recall and use the equation a = ∆v ∆t | G17: 1.6 | H17: =IF(ISBLANK(G17),"",INDEX('Physics Comparison Overview'!$B$3:$B$197,MATCH(G17,'Physics Comparison Overview'!$A$3:$A$197,0))) -> 1.6 | I17: =IF(ISBLANK(G17),"",INDEX('Physics Comparison Overview'!$C$3:$C$197,MATCH(G17,'Physics Comparison Overview'!$A$3:$A$197,0))) -> know and use the relationship between acceleration, change in velocity and time taken: acceleration = change in velocity / time taken; a = (v − u) / t
A18: 1 Motion | B18: 1.2 Motion | D18: 10 | E18: Supplement | F18: Determine from given data or the shape of a speed–time graph when an object is moving with: (a) constant acceleration (b) changing acceleration | G18: 1.7 | H18: =IF(ISBLANK(G18),"",INDEX('Physics Comparison Overview'!$B$3:$B$197,MATCH(G18,'Physics Comparison Overview'!$A$3:$A$197,0))) -> 1.7 | I18: =IF(ISBLANK(G18),"",INDEX('Physics Comparison Overview'!$C$3:$C$197,MATCH(G18,'Physics Comparison Overview'!$A$3:$A$197,0))) -> plot and explain velocity-time graphs
A19: 1 Motion | B19: 1.2 Motion | D19: 11 | E19: Supplement | F19: Calculate acceleration from the gradient of a speed–time graph | G19: 1.8 | H19: =IF(ISBLANK(G19),"",INDEX('Physics Comparison Overview'!$B$3:$B$197,MATCH(G19,'Physics Comparison Overview'!$A$3:$A$197,0))) -> 1.8 | I19: =IF(ISBLANK(G19),"",INDEX('Physics Comparison Overview'!$C$3:$C$197,MATCH(G19,'Physics Comparison Overview'!$A$3:$A$197,0))) -> determine acceleration from the gradient of a velocity-time graph
A20: 1 Motion | B20: 1.2 Motion | D20: 12 | E20: Supplement | F20: Know that a deceleration is a negative acceleration and use this in calculations | G20: 1.6 | H20: =IF(ISBLANK(G20),"",INDEX('Physics Comparison Overview'!$B$3:$B$197,MATCH(G20,'Physics Comparison Overview'!$A$3:$A$197,0))) -> 1.6 | I20: =IF(ISBLANK(G20),"",INDEX('Physics Comparison Overview'!$C$3:$C$197,MATCH(G20,'Physics Comparison Overview'!$A$3:$A$197,0))) -> know and use the relationship between acceleration, change in velocity and time taken: acceleration = change in velocity / time taken; a = (v − u) / t
A21: 1 Motion | B21: 1.2 Motion | D21: 13 | E21: Supplement | F21: Describe the motion of objects falling in a uniform gravitational field with and without air/ liquid resistance (including reference to terminal velocity) | G21: 1.21 | H21: =IF(ISBLANK(G21),"",INDEX('Physics Comparison Overview'!$B$3:$B$197,MATCH(G21,'Physics Comparison Overview'!$A$3:$A$197,0))) -> 1.21 | I21: =IF(ISBLANK(G21),"",INDEX('Physics Comparison Overview'!$C$3:$C$197,MATCH(G21,'Physics Comparison Overview'!$A$3:$A$197,0))) -> describe the forces acting on falling objects (and explain why falling objects reach a terminal velocity)
A22: 1 Motion | B22: 1.3 Mass and weight | D22: 1 | E22: Core | F22: State that mass is a measure of the quantity of matter in an object at rest relative to the observer | H22: =IF(ISBLANK(G22),"",INDEX('Physics Comparison Overview'!$B$3:$B$197,MATCH(G22,'Physics Comparison Overview'!$A$3:$A$197,0))) | I22: =IF(ISBLANK(G22),"",INDEX('Physics Comparison Overview'!$C$3:$C$197,MATCH(G22,'Physics Comparison Overview'!$A$3:$A$197,0))) | J22: No specific reference in Pearson Edexcel specification
A23: 1 Motion | B23: 1.3 Mass and weight | D23: 2 | E23: Core | F23: State that weight is a gravitational force on an object that has mass | G23: 1.18 | H23: =IF(ISBLANK(G23),"",INDEX('Physics Comparison Overview'!$B$3:$B$197,MATCH(G23,'Physics Comparison Overview'!$A$3:$A$197,0))) -> 1.18 | I23: =IF(ISBLANK(G23),"",INDEX('Physics Comparison Overview'!$C$3:$C$197,MATCH(G23,'Physics Comparison Overview'!$A$3:$A$197,0))) -> know and use the relationship between weight, mass and gravitational field strength: weight = mass × gravitational field strength W = m × g
A24: 1 Motion | B24: 1.3 Mass and weight | D24: 3 | E24: Core | F24: Define gravitational field strength as force per unit mass; recall and use the equation g = W m and know that this is equivalent to the acceleration of free fall | G24: 1.18 | H24: =IF(ISBLANK(G24),"",INDEX('Physics Comparison Overview'!$B$3:$B$197,MATCH(G24,'Physics Comparison Overview'!$A$3:$A$197,0))) -> 1.18 | I24: =IF(ISBLANK(G24),"",INDEX('Physics Comparison Overview'!$C$3:$C$197,MATCH(G24,'Physics Comparison Overview'!$A$3:$A$197,0))) -> know and use the relationship between weight, mass and gravitational field strength: weight = mass × gravitational field strength W = m × g
A25: 1 Motion | B25: 1.3 Mass and weight | D25: 4 | E25: Core | F25: Know that weights (and masses) may be compared using a balance | H25: =IF(ISBLANK(G25),"",INDEX('Physics Comparison Overview'!$B$3:$B$197,MATCH(G25,'Physics Comparison Overview'!$A$3:$A$197,0))) | I25: =IF(ISBLANK(G25),"",INDEX('Physics Comparison Overview'!$C$3:$C$197,MATCH(G25,'Physics Comparison Overview'!$A$3:$A$197,0))) | J25: These practical skills are covered in the embedded practicals in the Pearson Edexcel specification
A26: 1 Motion | B26: 1.3 Mass and weight | D26: 5 | E26: Supplement | F26: Describe, and use the concept of, weight as the effect of a gravitational field on a mass | G26: 1.18 | H26: =IF(ISBLANK(G26),"",INDEX('Physics Comparison Overview'!$B$3:$B$197,MATCH(G26,'Physics Comparison Overview'!$A$3:$A$197,0))) -> 1.18 | I26: =IF(ISBLANK(G26),"",INDEX('Physics Comparison Overview'!$C$3:$C$197,MATCH(G26,'Physics Comparison Overview'!$A$3:$A$197,0))) -> know and use the relationship between weight, mass and gravitational field strength: weight = mass × gravitational field strength W = m × g
A27: 1 Motion | B27: 1.4 Density | D27: 1 | E27: Core | F27: Define density as mass per unit volume; recall and use the equation ρ = m V | G27: 5.3 | H27: =IF(ISBLANK(G27),"",INDEX('Physics Comparison Overview'!$B$3:$B$197,MATCH(G27,'Physics Comparison Overview'!$A$3:$A$197,0))) -> 4.3 | I27: =IF(ISBLANK(G27),"",INDEX('Physics Comparison Overview'!$C$3:$C$197,MATCH(G27,'Physics Comparison Overview'!$A$3:$A$197,0))) -> know and use the relationship between density, mass and volume: density = mass / volume; ρ = m / V
A28: 1 Motion | B28: 1.4 Density | D28: 2 | E28: Core | F28: Describe how to determine the density of a liquid, of a regularly shaped solid and of an irregularly shaped solid which sinks in a liquid (volume by displacement), including appropriate calculations | G28: 5.4 | H28: =IF(ISBLANK(G28),"",INDEX('Physics Comparison Overview'!$B$3:$B$197,MATCH(G28,'Physics Comparison Overview'!$A$3:$A$197,0))) -> 4.4 | I28: =IF(ISBLANK(G28),"",INDEX('Physics Comparison Overview'!$C$3:$C$197,MATCH(G28,'Physics Comparison Overview'!$A$3:$A$197,0))) -> practical: investigate density using direct measurements of mass and volume | J28: These practical skills are covered in the embedded practicals in the Pearson Edexcel specification
A29: 1 Motion | B29: 1.4 Density | D29: 3 | E29: Core | F29: Determine whether an object floats based on density data | H29: =IF(ISBLANK(G29),"",INDEX('Physics Comparison Overview'!$B$3:$B$197,MATCH(G29,'Physics Comparison Overview'!$A$3:$A$197,0))) | I29: =IF(ISBLANK(G29),"",INDEX('Physics Comparison Overview'!$C$3:$C$197,MATCH(G29,'Physics Comparison Overview'!$A$3:$A$197,0))) | J29: No specific reference in Pearson Edexcel specification
A30: 1 Motion | B30: 1.4 Density | D30: 4 | E30: Supplement | F30: Determine whether one liquid will float on another liquid based on density data given that the liquids do not mix | H30: =IF(ISBLANK(G30),"",INDEX('Physics Comparison Overview'!$B$3:$B$197,MATCH(G30,'Physics Comparison Overview'!$A$3:$A$197,0))) | I30: =IF(ISBLANK(G30),"",INDEX('Physics Comparison Overview'!$C$3:$C$197,MATCH(G30,'Physics Comparison Overview'!$A$3:$A$197,0))) | J30: No specific reference in Pearson Edexcel specification
A31: 1 Motion | B31: 1.5 Forces | C31: 1.5.1 Effects of forces | D31: 1 | E31: Core | F31: Know that forces may produce changes in the size and shape of an object | G31: 1.11 | H31: =IF(ISBLANK(G31),"",INDEX('Physics Comparison Overview'!$B$3:$B$197,MATCH(G31,'Physics Comparison Overview'!$A$3:$A$197,0))) -> 1.11 | I31: =IF(ISBLANK(G31),"",INDEX('Physics Comparison Overview'!$C$3:$C$197,MATCH(G31,'Physics Comparison Overview'!$A$3:$A$197,0))) -> describe the effects of forces between bodies such as changes in speed, shape or direction
A32: 1 Motion | B32: 1.5 Forces | C32: 1.5.1 Effects of forces | D32: 2 | E32: Core | F32: Sketch, plot and interpret load–extension graphs for an elastic solid and describe the associated experimental procedures | G32: 1.22 | H32: =IF(ISBLANK(G32),"",INDEX('Physics Comparison Overview'!$B$3:$B$197,MATCH(G32,'Physics Comparison Overview'!$A$3:$A$197,0))) -> 1.22 | I32: =IF(ISBLANK(G32),"",INDEX('Physics Comparison Overview'!$C$3:$C$197,MATCH(G32,'Physics Comparison Overview'!$A$3:$A$197,0))) -> practical: investigate how extension varies with applied force for helical springs, metal wires and rubber bands
A33: 1 Motion | B33: 1.5 Forces | C33: 1.5.1 Effects of forces | D33: 3 | E33: Core | F33: Determine the resultant of two or more forces acting along the same straight line | G33: 1.15 | H33: =IF(ISBLANK(G33),"",INDEX('Physics Comparison Overview'!$B$3:$B$197,MATCH(G33,'Physics Comparison Overview'!$A$3:$A$197,0))) -> 1.15 | I33: =IF(ISBLANK(G33),"",INDEX('Physics Comparison Overview'!$C$3:$C$197,MATCH(G33,'Physics Comparison Overview'!$A$3:$A$197,0))) -> calculate the resultant force of forces that act along a line
A34: 1 Motion | B34: 1.5 Forces | C34: 1.5.1 Effects of forces | D34: 4 | E34: Core | F34: Know that an object either remains at rest or continues in a straight line at constant speed unless acted on by a resultant force | G34: 1.11 | H34: =IF(ISBLANK(G34),"",INDEX('Physics Comparison Overview'!$B$3:$B$197,MATCH(G34,'Physics Comparison Overview'!$A$3:$A$197,0))) -> 1.11 | I34: =IF(ISBLANK(G34),"",INDEX('Physics Comparison Overview'!$C$3:$C$197,MATCH(G34,'Physics Comparison Overview'!$A$3:$A$197,0))) -> describe the effects of forces between bodies such as changes in speed, shape or direction | J34: Unbalanced force means that there is a resultant force
A35: 1 Motion | B35: 1.5 Forces | C35: 1.5.1 Effects of forces | D35: 5 | E35: Core | F35: State that a resultant force may change the velocity of an object by changing its direction of motion or its speed | G35: 1.17 | H35: =IF(ISBLANK(G35),"",INDEX('Physics Comparison Overview'!$B$3:$B$197,MATCH(G35,'Physics Comparison Overview'!$A$3:$A$197,0))) -> 1.17 | I35: =IF(ISBLANK(G35),"",INDEX('Physics Comparison Overview'!$C$3:$C$197,MATCH(G35,'Physics Comparison Overview'!$A$3:$A$197,0))) -> know and use the relationship between unbalanced force, mass and acceleration: force = mass × acceleration F = m × a | J35: Unbalanced force means that there is a resultant force
A36: 1 Motion | B36: 1.5 Forces | C36: 1.5.1 Effects of forces | D36: 6 | E36: Core | F36: Describe solid friction as the force between two surfaces that may impede motion and produce heating | G36: 1.16 | H36: =IF(ISBLANK(G36),"",INDEX('Physics Comparison Overview'!$B$3:$B$197,MATCH(G36,'Physics Comparison Overview'!$A$3:$A$197,0))) -> 1.16 | I36: =IF(ISBLANK(G36),"",INDEX('Physics Comparison Overview'!$C$3:$C$197,MATCH(G36,'Physics Comparison Overview'!$A$3:$A$197,0))) -> know that friction is a force that opposes motion
A37: 1 Motion | B37: 1.5 Forces | C37: 1.5.1 Effects of forces | D37: 7 | E37: Core | F37: Know that friction (drag) acts on an object moving through a liquid | G37: 1.16 | H37: =IF(ISBLANK(G37),"",INDEX('Physics Comparison Overview'!$B$3:$B$197,MATCH(G37,'Physics Comparison Overview'!$A$3:$A$197,0))) -> 1.16 | I37: =IF(ISBLANK(G37),"",INDEX('Physics Comparison Overview'!$C$3:$C$197,MATCH(G37,'Physics Comparison Overview'!$A$3:$A$197,0))) -> know that friction is a force that opposes motion
A38: 1 Motion | B38: 1.5 Forces | C38: 1.5.1 Effects of forces | D38: 8 | E38: Core | F38: Know that friction (drag) acts on an object moving through a gas (e.g. air resistance) | G38: 1.16 | H38: =IF(ISBLANK(G38),"",INDEX('Physics Comparison Overview'!$B$3:$B$197,MATCH(G38,'Physics Comparison Overview'!$A$3:$A$197,0))) -> 1.16 | I38: =IF(ISBLANK(G38),"",INDEX('Physics Comparison Overview'!$C$3:$C$197,MATCH(G38,'Physics Comparison Overview'!$A$3:$A$197,0))) -> know that friction is a force that opposes motion
A39: 1 Motion | B39: 1.5 Forces | C39: 1.5.1 Effects of forces | D39: 9 | E39: Supplement | F39: Define the spring constant as force per unit extension; recall and use the equation k = F x | H39: =IF(ISBLANK(G39),"",INDEX('Physics Comparison Overview'!$B$3:$B$197,MATCH(G39,'Physics Comparison Overview'!$A$3:$A$197,0))) | I39: =IF(ISBLANK(G39),"",INDEX('Physics Comparison Overview'!$C$3:$C$197,MATCH(G39,'Physics Comparison Overview'!$A$3:$A$197,0))) | J39: No specific reference in Pearson Edexcel specification
A40: 1 Motion | B40: 1.5 Forces | C40: 1.5.1 Effects of forces | D40: 10 | E40: Supplement | F40: Define and use the term ‘limit of proportionality’ for a load–extension graph and identify this point on the graph (an understanding of the elastic limit is not required) | G40: 1.23 | H40: =IF(ISBLANK(G40),"",INDEX('Physics Comparison Overview'!$B$3:$B$197,MATCH(G40,'Physics Comparison Overview'!$A$3:$A$197,0))) -> 1.23 | I40: =IF(ISBLANK(G40),"",INDEX('Physics Comparison Overview'!$C$3:$C$197,MATCH(G40,'Physics Comparison Overview'!$A$3:$A$197,0))) -> know that the initial linear region of a force-extension graph is associated with Hooke’s law
A41: 1 Motion | B41: 1.5 Forces | C41: 1.5.1 Effects of forces | D41: 11 | E41: Supplement | F41: Recall and use the equation F = ma and know that the force and the acceleration are in the same direction | G41: 1.17 | H41: =IF(ISBLANK(G41),"",INDEX('Physics Comparison Overview'!$B$3:$B$197,MATCH(G41,'Physics Comparison Overview'!$A$3:$A$197,0))) -> 1.17 | I41: =IF(ISBLANK(G41),"",INDEX('Physics Comparison Overview'!$C$3:$C$197,MATCH(G41,'Physics Comparison Overview'!$A$3:$A$197,0))) -> know and use the relationship between unbalanced force, mass and acceleration: force = mass × acceleration F = m × a
A42: 1 Motion | B42: 1.5 Forces | C42: 1.5.1 Effects of forces | D42: 12 | E42: Supplement | F42: Describe, qualitatively, motion in a circular path due to a force perpendicular to the motion as: (a) speed increases if force increases, with mass and radius constant (b) radius decreases if force increases, with mass and speed constant (c) an increased mass requires an increased force to keep speed and radius constant (F = mv 2 r is not required) | H42: =IF(ISBLANK(G42),"",INDEX('Physics Comparison Overview'!$B$3:$B$197,MATCH(G42,'Physics Comparison Overview'!$A$3:$A$197,0))) | I42: =IF(ISBLANK(G42),"",INDEX('Physics Comparison Overview'!$C$3:$C$197,MATCH(G42,'Physics Comparison Overview'!$A$3:$A$197,0))) | J42: No specific reference in Pearson Edexcel specification
A43: 1 Motion | B43: 1.5 Forces | C43: 1.5.2 Turning effect of forces | D43: 1 | E43: Core | F43: Describe the moment of a force as a measure of its turning effect and give everyday examples | G43: 1.30P | H43: =IF(ISBLANK(G43),"",INDEX('Physics Comparison Overview'!$B$3:$B$197,MATCH(G43,'Physics Comparison Overview'!$A$3:$A$197,0))) -> 1.30P | I43: =IF(ISBLANK(G43),"",INDEX('Physics Comparison Overview'!$C$3:$C$197,MATCH(G43,'Physics Comparison Overview'!$A$3:$A$197,0))) -> know and use the relationship between the moment of a force and its perpendicular distance from the pivot: moment = force × perpendicular distance from the pivot
A44: 1 Motion | B44: 1.5 Forces | C44: 1.5.2 Turning effect of forces | D44: 2 | E44: Core | F44: Define the moment of a force as moment = force × perpendicular distance from the pivot; recall and use this equation | G44: 1.30P | H44: =IF(ISBLANK(G44),"",INDEX('Physics Comparison Overview'!$B$3:$B$197,MATCH(G44,'Physics Comparison Overview'!$A$3:$A$197,0))) -> 1.30P | I44: =IF(ISBLANK(G44),"",INDEX('Physics Comparison Overview'!$C$3:$C$197,MATCH(G44,'Physics Comparison Overview'!$A$3:$A$197,0))) -> know and use the relationship between the moment of a force and its perpendicular distance from the pivot: moment = force × perpendicular distance from the pivot
A45: 1 Motion | B45: 1.5 Forces | C45: 1.5.2 Turning effect of forces | D45: 3 | E45: Core | F45: Apply the principle of moments to situations with one force each side of the pivot, including balancing of a beam | G45: 1.32P | H45: =IF(ISBLANK(G45),"",INDEX('Physics Comparison Overview'!$B$3:$B$197,MATCH(G45,'Physics Comparison Overview'!$A$3:$A$197,0))) -> 1.32P | I45: =IF(ISBLANK(G45),"",INDEX('Physics Comparison Overview'!$C$3:$C$197,MATCH(G45,'Physics Comparison Overview'!$A$3:$A$197,0))) -> use the principle of moments for a simple system of parallel forces acting in one plane
A46: 1 Motion | B46: 1.5 Forces | C46: 1.5.2 Turning effect of forces | D46: 4 | E46: Core | F46: State that, when there is no resultant force and no resultant moment, an object is in equilibrium | G46: 1.32P | H46: =IF(ISBLANK(G46),"",INDEX('Physics Comparison Overview'!$B$3:$B$197,MATCH(G46,'Physics Comparison Overview'!$A$3:$A$197,0))) -> 1.32P | I46: =IF(ISBLANK(G46),"",INDEX('Physics Comparison Overview'!$C$3:$C$197,MATCH(G46,'Physics Comparison Overview'!$A$3:$A$197,0))) -> use the principle of moments for a simple system of parallel forces acting in one plane
A47: 1 Motion | B47: 1.5 Forces | C47: 1.5.2 Turning effect of forces | D47: 5 | E47: Supplement | F47: Apply the principle of moments to other situations, including those with more than one force each side of the pivot | G47: 1.32P | H47: =IF(ISBLANK(G47),"",INDEX('Physics Comparison Overview'!$B$3:$B$197,MATCH(G47,'Physics Comparison Overview'!$A$3:$A$197,0))) -> 1.32P | I47: =IF(ISBLANK(G47),"",INDEX('Physics Comparison Overview'!$C$3:$C$197,MATCH(G47,'Physics Comparison Overview'!$A$3:$A$197,0))) -> use the principle of moments for a simple system of parallel forces acting in one plane
A48: 1 Motion | B48: 1.5 Forces | C48: 1.5.2 Turning effect of forces | D48: 6 | E48: Supplement | F48: Describe an experiment to demonstrate that there is no resultant moment on an object in equilibrium | H48: =IF(ISBLANK(G48),"",INDEX('Physics Comparison Overview'!$B$3:$B$197,MATCH(G48,'Physics Comparison Overview'!$A$3:$A$197,0))) | I48: =IF(ISBLANK(G48),"",INDEX('Physics Comparison Overview'!$C$3:$C$197,MATCH(G48,'Physics Comparison Overview'!$A$3:$A$197,0))) | J48: No specific reference in Pearson Edexcel specification
A49: 1 Motion | B49: 1.5 Forces | C49: 1.5.3 Centre of gravity | D49: 1 | E49: Core | F49: State what is meant by centre of gravity | G49: 1.31P | H49: =IF(ISBLANK(G49),"",INDEX('Physics Comparison Overview'!$B$3:$B$197,MATCH(G49,'Physics Comparison Overview'!$A$3:$A$197,0))) -> 1.31P | I49: =IF(ISBLANK(G49),"",INDEX('Physics Comparison Overview'!$C$3:$C$197,MATCH(G49,'Physics Comparison Overview'!$A$3:$A$197,0))) -> know that the weight of a body acts through its centre of gravity
A50: 1 Motion | B50: 1.5 Forces | C50: 1.5.3 Centre of gravity | D50: 2 | E50: Core | F50: Describe an experiment to determine the position of the centre of gravity of an irregularly shaped plane lamina | H50: =IF(ISBLANK(G50),"",INDEX('Physics Comparison Overview'!$B$3:$B$197,MATCH(G50,'Physics Comparison Overview'!$A$3:$A$197,0))) | I50: =IF(ISBLANK(G50),"",INDEX('Physics Comparison Overview'!$C$3:$C$197,MATCH(G50,'Physics Comparison Overview'!$A$3:$A$197,0))) | J50: No specific reference in Pearson Edexcel specification
A51: 1 Motion | B51: 1.5 Forces | C51: 1.5.3 Centre of gravity | D51: 3 | E51: Core | F51: Describe, qualitatively, the effect of the position of the centre of gravity on the stability of simple objects | H51: =IF(ISBLANK(G51),"",INDEX('Physics Comparison Overview'!$B$3:$B$197,MATCH(G51,'Physics Comparison Overview'!$A$3:$A$197,0))) | I51: =IF(ISBLANK(G51),"",INDEX('Physics Comparison Overview'!$C$3:$C$197,MATCH(G51,'Physics Comparison Overview'!$A$3:$A$197,0))) | J51: No specific reference in Pearson Edexcel specification
A52: 1 Motion | B52: 1.6 Momentum | D52: 1 | E52: Supplement | F52: Define momentum as mass × velocity; recall and use the equation p = mv | G52: 1.25P | H52: =IF(ISBLANK(G52),"",INDEX('Physics Comparison Overview'!$B$3:$B$197,MATCH(G52,'Physics Comparison Overview'!$A$3:$A$197,0))) -> 1.25P | I52: =IF(ISBLANK(G52),"",INDEX('Physics Comparison Overview'!$C$3:$C$197,MATCH(G52,'Physics Comparison Overview'!$A$3:$A$197,0))) -> know and use the relationship between momentum, mass and velocity: momentum = mass × velocity p = m × v
A53: 1 Motion | B53: 1.6 Momentum | D53: 2 | E53: Supplement | F53: Define impulse as force × time for which force acts; recall and use the equation impulse = F∆t = ∆(mv) | G53: 1.28P | H53: =IF(ISBLANK(G53),"",INDEX('Physics Comparison Overview'!$B$3:$B$197,MATCH(G53,'Physics Comparison Overview'!$A$3:$A$197,0))) -> 1.28P | I53: =IF(ISBLANK(G53),"",INDEX('Physics Comparison Overview'!$C$3:$C$197,MATCH(G53,'Physics Comparison Overview'!$A$3:$A$197,0))) -> use the relationship between force, change in momentum and time taken: force = change in momentum/ time taken; F = (mv - mu)/t | J53: Pearson Edexcel does not use the term "impulse", but physics is the same
A54: 1 Motion | B54: 1.6 Momentum | D54: 3 | E54: Supplement | F54: Apply the principle of the conservation of momentum to solve simple problems in one dimension | G54: 1.27P | H54: =IF(ISBLANK(G54),"",INDEX('Physics Comparison Overview'!$B$3:$B$197,MATCH(G54,'Physics Comparison Overview'!$A$3:$A$197,0))) -> 1.27P | I54: =IF(ISBLANK(G54),"",INDEX('Physics Comparison Overview'!$C$3:$C$197,MATCH(G54,'Physics Comparison Overview'!$A$3:$A$197,0))) -> use the conservation of momentum to calculate the mass, velocity or momentum of objects
A55: 1 Motion | B55: 1.6 Momentum | D55: 4 | E55: Supplement | F55: Define resultant force as the change in momentum per unit time; recall and use the equation F = ∆p ∆t | G55: 1.28P | H55: =IF(ISBLANK(G55),"",INDEX('Physics Comparison Overview'!$B$3:$B$197,MATCH(G55,'Physics Comparison Overview'!$A$3:$A$197,0))) -> 1.28P | I55: =IF(ISBLANK(G55),"",INDEX('Physics Comparison Overview'!$C$3:$C$197,MATCH(G55,'Physics Comparison Overview'!$A$3:$A$197,0))) -> use the relationship between force, change in momentum and time taken: force = change in momentum/ time taken; F = (mv - mu)/t
A56: 1 Motion | B56: 1.7 Energy, work and power | C56: 1.7.1 Energy | D56: 1 | E56: Core | F56: State that energy may be stored as kinetic, gravitational potential, chemical, elastic (strain), nuclear, electrostatic and internal (thermal) | G56: 4.2 | H56: =IF(ISBLANK(G56),"",INDEX('Physics Comparison Overview'!$B$3:$B$197,MATCH(G56,'Physics Comparison Overview'!$A$3:$A$197,0))) -> 3.2 | I56: =IF(ISBLANK(G56),"",INDEX('Physics Comparison Overview'!$C$3:$C$197,MATCH(G56,'Physics Comparison Overview'!$A$3:$A$197,0))) -> describe energy transfers involving energy stores: • energy stores: chemical, kinetic, gravitational, elastic, thermal, magnetic, electrostatic, nuclear • energy transfers: mechanically, electrically, by heating, by radiation (light and sound)
A57: 1 Motion | B57: 1.7 Energy, work and power | C57: 1.7.1 Energy | D57: 2 | E57: Core | F57: Describe how energy is transferred between stores during events and processes, including examples of transfer by forces (mechanical work done), electrical currents (electrical work done), heating, and by electromagnetic, sound and other waves | G57: 4.2 | H57: =IF(ISBLANK(G57),"",INDEX('Physics Comparison Overview'!$B$3:$B$197,MATCH(G57,'Physics Comparison Overview'!$A$3:$A$197,0))) -> 3.2 | I57: =IF(ISBLANK(G57),"",INDEX('Physics Comparison Overview'!$C$3:$C$197,MATCH(G57,'Physics Comparison Overview'!$A$3:$A$197,0))) -> describe energy transfers involving energy stores: • energy stores: chemical, kinetic, gravitational, elastic, thermal, magnetic, electrostatic, nuclear • energy transfers: mechanically, electrically, by heating, by radiation (light and sound)
A58: 1 Motion | B58: 1.7 Energy, work and power | C58: 1.7.1 Energy | D58: 3 | E58: Core | F58: Know the principle of the conservation of energy and apply this principle to simple examples including the interpretation of simple flow diagrams | G58: 4.3 | H58: =IF(ISBLANK(G58),"",INDEX('Physics Comparison Overview'!$B$3:$B$197,MATCH(G58,'Physics Comparison Overview'!$A$3:$A$197,0))) -> 3.3 | I58: =IF(ISBLANK(G58),"",INDEX('Physics Comparison Overview'!$C$3:$C$197,MATCH(G58,'Physics Comparison Overview'!$A$3:$A$197,0))) -> use the principle of conservation of energy
A59: 1 Motion | B59: 1.7 Energy, work and power | C59: 1.7.1 Energy | D59: 4 | E59: Supplement | F59: Recall and use the equation for kinetic energy Ek = 1/2mv2 | G59: 4.14 | H59: =IF(ISBLANK(G59),"",INDEX('Physics Comparison Overview'!$B$3:$B$197,MATCH(G59,'Physics Comparison Overview'!$A$3:$A$197,0))) -> 3.14 | I59: =IF(ISBLANK(G59),"",INDEX('Physics Comparison Overview'!$C$3:$C$197,MATCH(G59,'Physics Comparison Overview'!$A$3:$A$197,0))) -> know and use the relationship: kinetic energy = 0.5 × mass × speed2; KE = 0.5 x m x v2
A60: 1 Motion | B60: 1.7 Energy, work and power | C60: 1.7.1 Energy | D60: 5 | E60: Supplement | F60: Recall and use the equation for the change in gravitational potential energy ∆E p = mg∆h | G60: 4.13 | H60: =IF(ISBLANK(G60),"",INDEX('Physics Comparison Overview'!$B$3:$B$197,MATCH(G60,'Physics Comparison Overview'!$A$3:$A$197,0))) -> 3.13 | I60: =IF(ISBLANK(G60),"",INDEX('Physics Comparison Overview'!$C$3:$C$197,MATCH(G60,'Physics Comparison Overview'!$A$3:$A$197,0))) -> know and use the relationship between gravitational potential energy, mass, gravitational field strength and height: gravitational potential energy = mass × gravitational field strength × height; GPE = m × g × h
A61: 1 Motion | B61: 1.7 Energy, work and power | C61: 1.7.1 Energy | D61: 6 | E61: Supplement | F61: Know the principle of the conservation of energy and apply this principle to complex examples involving multiple stages, including the interpretation of Sankey diagrams | G61: 4.5 | H61: =IF(ISBLANK(G61),"",INDEX('Physics Comparison Overview'!$B$3:$B$197,MATCH(G61,'Physics Comparison Overview'!$A$3:$A$197,0))) -> 3.5 | I61: =IF(ISBLANK(G61),"",INDEX('Physics Comparison Overview'!$C$3:$C$197,MATCH(G61,'Physics Comparison Overview'!$A$3:$A$197,0))) -> describe a variety of everyday and scientific devices and situations, explaining the transfer of the input energy in terms of the above relationship, including their representation by Sankey diagrams | J61: Also, 3.5 describe a variety of everyday and scientific devices and situations, explaining the transfer of the input energy in terms of the above relationship, including their representation by Sankey diagrams
A62: 1 Motion | B62: 1.7 Energy, work and power | C62: 1.7.2 Work | D62: 1 | E62: Core | F62: Understand that mechanical or electrical work done is equal to the energy transferred | G62: 4.12 | H62: =IF(ISBLANK(G62),"",INDEX('Physics Comparison Overview'!$B$3:$B$197,MATCH(G62,'Physics Comparison Overview'!$A$3:$A$197,0))) -> 3.12 | I62: =IF(ISBLANK(G62),"",INDEX('Physics Comparison Overview'!$C$3:$C$197,MATCH(G62,'Physics Comparison Overview'!$A$3:$A$197,0))) -> know that work done is equal to energy transferred
A63: 1 Motion | B63: 1.7 Energy, work and power | C63: 1.7.2 Work | D63: 2 | E63: Core | F63: Recall and use the equation for mechanical working W = Fd = ∆E | G63: 4.11 | H63: =IF(ISBLANK(G63),"",INDEX('Physics Comparison Overview'!$B$3:$B$197,MATCH(G63,'Physics Comparison Overview'!$A$3:$A$197,0))) -> 3.11 | I63: =IF(ISBLANK(G63),"",INDEX('Physics Comparison Overview'!$C$3:$C$197,MATCH(G63,'Physics Comparison Overview'!$A$3:$A$197,0))) -> know and use the relationship between work done, force and distance moved in the direction of the force: work done = force × distance moved; W = F × d
A64: 1 Motion | B64: 1.7 Energy, work and power | C64: 1.7.3 Energy resources | D64: 1 | E64: Core | F64: Describe how useful energy may be obtained, or electrical power generated, from: (a) chemical energy stored in fossil fuels (b) chemical energy stored in biofuels (c) water, including the energy stored in waves, in tides, and in water behind hydroelectric dams (d) geothermal resources (e) nuclear fuel (f) light from the Sun to generate electrical power (solar cells) (g) infrared and other electromagnetic waves from the Sun to heat water (solar panels) and be the source of wind energy including references to a boiler, turbine and generator where they are used | G64: 4.18P | H64: =IF(ISBLANK(G64),"",INDEX('Physics Comparison Overview'!$B$3:$B$197,MATCH(G64,'Physics Comparison Overview'!$A$3:$A$197,0))) -> 3.18P | I64: =IF(ISBLANK(G64),"",INDEX('Physics Comparison Overview'!$C$3:$C$197,MATCH(G64,'Physics Comparison Overview'!$A$3:$A$197,0))) -> describe the energy transfers involved in generating electricity using: • wind • water • geothermal resources • solar heating systems • solar cells • fossil fuels • nuclear power
A65: 1 Motion | B65: 1.7 Energy, work and power | C65: 1.7.3 Energy resources | D65: 2 | E65: Core | F65: Describe advantages and disadvantages of each method in terms of renewability, availability, reliability, scale and environmental impact | G65: 4.19P | H65: =IF(ISBLANK(G65),"",INDEX('Physics Comparison Overview'!$B$3:$B$197,MATCH(G65,'Physics Comparison Overview'!$A$3:$A$197,0))) -> 3.19P | I65: =IF(ISBLANK(G65),"",INDEX('Physics Comparison Overview'!$C$3:$C$197,MATCH(G65,'Physics Comparison Overview'!$A$3:$A$197,0))) -> describe the advantages and disadvantages of methods of large-scale electricity production from various renewable and non-renewable resources
A66: 1 Motion | B66: 1.7 Energy, work and power | C66: 1.7.3 Energy resources | D66: 3 | E66: Core | F66: Understand, qualitatively, the concept of efficiency of energy transfer | G66: 4.4 | H66: =IF(ISBLANK(G66),"",INDEX('Physics Comparison Overview'!$B$3:$B$197,MATCH(G66,'Physics Comparison Overview'!$A$3:$A$197,0))) -> 3.4 | I66: =IF(ISBLANK(G66),"",INDEX('Physics Comparison Overview'!$C$3:$C$197,MATCH(G66,'Physics Comparison Overview'!$A$3:$A$197,0))) -> know and use the relationship between efficiency, useful energy output and total energy output: efficiency = (useful energy output / total energy output) ×100%
A67: 1 Motion | B67: 1.7 Energy, work and power | C67: 1.7.3 Energy resources | D67: 4 | E67: Supplement | F67: Know that radiation from the Sun is the main source of energy for all our energy resources except geothermal, nuclear and tidal | H67: =IF(ISBLANK(G67),"",INDEX('Physics Comparison Overview'!$B$3:$B$197,MATCH(G67,'Physics Comparison Overview'!$A$3:$A$197,0))) | I67: =IF(ISBLANK(G67),"",INDEX('Physics Comparison Overview'!$C$3:$C$197,MATCH(G67,'Physics Comparison Overview'!$A$3:$A$197,0))) | J67: No specific reference in Pearson Edexcel specification
A68: 1 Motion | B68: 1.7 Energy, work and power | C68: 1.7.3 Energy resources | D68: 5 | E68: Supplement | F68: Know that energy is released by nuclear fusion in the Sun | G68: 7.25 | H68: =IF(ISBLANK(G68),"",INDEX('Physics Comparison Overview'!$B$3:$B$197,MATCH(G68,'Physics Comparison Overview'!$A$3:$A$197,0))) -> 8.25 | I68: =IF(ISBLANK(G68),"",INDEX('Physics Comparison Overview'!$C$3:$C$197,MATCH(G68,'Physics Comparison Overview'!$A$3:$A$197,0))) -> know that fusion is the energy source for stars
A69: 1 Motion | B69: 1.7 Energy, work and power | C69: 1.7.3 Energy resources | D69: 6 | E69: Supplement | F69: Know that research is being carried out to investigate how energy released by nuclear fusion can be used to produce electrical energy on a large scale | H69: =IF(ISBLANK(G69),"",INDEX('Physics Comparison Overview'!$B$3:$B$197,MATCH(G69,'Physics Comparison Overview'!$A$3:$A$197,0))) | I69: =IF(ISBLANK(G69),"",INDEX('Physics Comparison Overview'!$C$3:$C$197,MATCH(G69,'Physics Comparison Overview'!$A$3:$A$197,0))) | J69: No specific reference in Pearson Edexcel specification
A70: 1 Motion | B70: 1.7 Energy, work and power | C70: 1.7.3 Energy resources | D70: 7 | E70: Supplement | F70: Define efficiency as: (a) (%) efficiency = (useful energy output) (total energy input) (× 100%) (b) (%) efficiency = (useful power output) (total power input) (× 100%) recall and use these equations | G70: 4.4 | H70: =IF(ISBLANK(G70),"",INDEX('Physics Comparison Overview'!$B$3:$B$197,MATCH(G70,'Physics Comparison Overview'!$A$3:$A$197,0))) -> 3.4 | I70: =IF(ISBLANK(G70),"",INDEX('Physics Comparison Overview'!$C$3:$C$197,MATCH(G70,'Physics Comparison Overview'!$A$3:$A$197,0))) -> know and use the relationship between efficiency, useful energy output and total energy output: efficiency = (useful energy output / total energy output) ×100%
A71: 1 Motion | B71: 1.7 Energy, work and power | C71: 1.7.4 Power | D71: 1 | E71: Core | F71: Define power as work done per unit time and also as energy transferred per unit time; recall and use the equations (a) P = W t (b) P = ∆E t | G71: 4.17 | H71: =IF(ISBLANK(G71),"",INDEX('Physics Comparison Overview'!$B$3:$B$197,MATCH(G71,'Physics Comparison Overview'!$A$3:$A$197,0))) -> 3.17 | I71: =IF(ISBLANK(G71),"",INDEX('Physics Comparison Overview'!$C$3:$C$197,MATCH(G71,'Physics Comparison Overview'!$A$3:$A$197,0))) -> use the relationship between power, work done (energy transferred) and time taken: power = work done / time taken; P = W / t | J71: Also, 3.12 "know that work done is equal to energy transferred" and 3.16 "describe power as the rate of transfer of energy or the rate of doing work"
A72: 1 Motion | B72: 1.8 Pressure | D72: 1 | E72: Core | F72: Define pressure as force per unit area; recall and use the equation p = F A | G72: 5.5 | H72: =IF(ISBLANK(G72),"",INDEX('Physics Comparison Overview'!$B$3:$B$197,MATCH(G72,'Physics Comparison Overview'!$A$3:$A$197,0))) -> 4.5 | I72: =IF(ISBLANK(G72),"",INDEX('Physics Comparison Overview'!$C$3:$C$197,MATCH(G72,'Physics Comparison Overview'!$A$3:$A$197,0))) -> know and use the relationship between pressure, force and area: pressure = force / area ; p = F / A
A73: 1 Motion | B73: 1.8 Pressure | D73: 2 | E73: Core | F73: Describe how pressure varies with force and area in the context of everyday examples | G73: 5.5 | H73: =IF(ISBLANK(G73),"",INDEX('Physics Comparison Overview'!$B$3:$B$197,MATCH(G73,'Physics Comparison Overview'!$A$3:$A$197,0))) -> 4.5 | I73: =IF(ISBLANK(G73),"",INDEX('Physics Comparison Overview'!$C$3:$C$197,MATCH(G73,'Physics Comparison Overview'!$A$3:$A$197,0))) -> know and use the relationship between pressure, force and area: pressure = force / area ; p = F / A
A74: 1 Motion | B74: 1.8 Pressure | D74: 3 | E74: Core | F74: Describe, qualitatively, how the pressure beneath the surface of a liquid changes with depth and density of the liquid | G74: 5.7 | H74: =IF(ISBLANK(G74),"",INDEX('Physics Comparison Overview'!$B$3:$B$197,MATCH(G74,'Physics Comparison Overview'!$A$3:$A$197,0))) -> 4.7 | I74: =IF(ISBLANK(G74),"",INDEX('Physics Comparison Overview'!$C$3:$C$197,MATCH(G74,'Physics Comparison Overview'!$A$3:$A$197,0))) -> know and use the relationship for pressure difference: pressure difference = height × density × gravitational field strength; p = h × ρ × g
A75: 1 Motion | B75: 1.8 Pressure | D75: 4 | E75: Supplement | F75: Recall and use the equation for the change in pressure beneath the surface of a liquid ∆p = ρg∆h | G75: 5.7 | H75: =IF(ISBLANK(G75),"",INDEX('Physics Comparison Overview'!$B$3:$B$197,MATCH(G75,'Physics Comparison Overview'!$A$3:$A$197,0))) -> 4.7 | I75: =IF(ISBLANK(G75),"",INDEX('Physics Comparison Overview'!$C$3:$C$197,MATCH(G75,'Physics Comparison Overview'!$A$3:$A$197,0))) -> know and use the relationship for pressure difference: pressure difference = height × density × gravitational field strength; p = h × ρ × g
A76: 2 Thermal Physics | B76: 2.1 Kinetic particle model of matter | C76: 2.1.1 States of matter | D76: 1 | E76: Core | F76: Know the distinguishing properties of solids, liquids and gases | G76: 5.10P | H76: =IF(ISBLANK(G76),"",INDEX('Physics Comparison Overview'!$B$3:$B$197,MATCH(G76,'Physics Comparison Overview'!$A$3:$A$197,0))) -> 4.10P | I76: =IF(ISBLANK(G76),"",INDEX('Physics Comparison Overview'!$C$3:$C$197,MATCH(G76,'Physics Comparison Overview'!$A$3:$A$197,0))) -> describe the arrangement and motion of particles in solids, liquids and gases
A77: 2 Thermal Physics | B77: 2.1 Kinetic particle model of matter | C77: 2.1.1 States of matter | D77: 2 | E77: Core | F77: Know the terms for the changes in state between solids, liquids and gases (gas to solid and solid to gas transfers are not required) | G77: 5.9P | H77: =IF(ISBLANK(G77),"",INDEX('Physics Comparison Overview'!$B$3:$B$197,MATCH(G77,'Physics Comparison Overview'!$A$3:$A$197,0))) -> 4.9P | I77: =IF(ISBLANK(G77),"",INDEX('Physics Comparison Overview'!$C$3:$C$197,MATCH(G77,'Physics Comparison Overview'!$A$3:$A$197,0))) -> describe the changes that occur when a solid melts to form a liquid, and when a liquid evaporates or boils to form a gas
A78: 2 Thermal Physics | B78: 2.1 Kinetic particle model of matter | C78: 2.1.2 Particle model | D78: 1 | E78: Core | F78: Describe the particle structure of solids, liquids and gases in terms of the arrangement, separation and motion of the particles, and represent these states using simple particle diagrams | G78: 5.10P | H78: =IF(ISBLANK(G78),"",INDEX('Physics Comparison Overview'!$B$3:$B$197,MATCH(G78,'Physics Comparison Overview'!$A$3:$A$197,0))) -> 4.10P | I78: =IF(ISBLANK(G78),"",INDEX('Physics Comparison Overview'!$C$3:$C$197,MATCH(G78,'Physics Comparison Overview'!$A$3:$A$197,0))) -> describe the arrangement and motion of particles in solids, liquids and gases
A79: 2 Thermal Physics | B79: 2.1 Kinetic particle model of matter | C79: 2.1.2 Particle model | D79: 2 | E79: Core | F79: Describe the relationship between the motion of particles and temperature, including the idea that there is a lowest possible temperature (−273°C), known as absolute zero, where the particles have least kinetic energy | G79: 5.18 | H79: =IF(ISBLANK(G79),"",INDEX('Physics Comparison Overview'!$B$3:$B$197,MATCH(G79,'Physics Comparison Overview'!$A$3:$A$197,0))) -> 6.4 | I79: =IF(ISBLANK(G79),"",INDEX('Physics Comparison Overview'!$C$3:$C$197,MATCH(G79,'Physics Comparison Overview'!$A$3:$A$197,0))) -> understand why an increase in temperature results in an increase in the average speed of gas molecules | J79: Also, 6.2 "understand why there is an absolute zero of temperature which is –273 °C"
A80: 2 Thermal Physics | B80: 2.1 Kinetic particle model of matter | C80: 2.1.2 Particle model | D80: 3 | E80: Core | F80: Describe the pressure and the changes in pressure of a gas in terms of the motion of its particles and their collisions with a surface | G80: 5.15 | H80: =IF(ISBLANK(G80),"",INDEX('Physics Comparison Overview'!$B$3:$B$197,MATCH(G80,'Physics Comparison Overview'!$A$3:$A$197,0))) -> 6.1 | I80: =IF(ISBLANK(G80),"",INDEX('Physics Comparison Overview'!$C$3:$C$197,MATCH(G80,'Physics Comparison Overview'!$A$3:$A$197,0))) -> explain how molecules in a gas have random motion and that they exert a force and hence a pressure on the walls of a container
A81: 2 Thermal Physics | B81: 2.1 Kinetic particle model of matter | C81: 2.1.2 Particle model | D81: 4 | E81: Core | F81: Know that the random motion of microscopic particles in a suspension is evidence for the kinetic particle model of matter | H81: =IF(ISBLANK(G81),"",INDEX('Physics Comparison Overview'!$B$3:$B$197,MATCH(G81,'Physics Comparison Overview'!$A$3:$A$197,0))) | I81: =IF(ISBLANK(G81),"",INDEX('Physics Comparison Overview'!$C$3:$C$197,MATCH(G81,'Physics Comparison Overview'!$A$3:$A$197,0))) | J81: No specific reference in Pearson Edexcel specification
A82: 2 Thermal Physics | B82: 2.1 Kinetic particle model of matter | C82: 2.1.2 Particle model | D82: 5 | E82: Core | F82: Describe and explain this motion (sometimes known as Brownian motion) in terms of random collisions between the microscopic particles in a suspension and the particles of the gas or liquid | H82: =IF(ISBLANK(G82),"",INDEX('Physics Comparison Overview'!$B$3:$B$197,MATCH(G82,'Physics Comparison Overview'!$A$3:$A$197,0))) | I82: =IF(ISBLANK(G82),"",INDEX('Physics Comparison Overview'!$C$3:$C$197,MATCH(G82,'Physics Comparison Overview'!$A$3:$A$197,0))) | J82: No specific reference in Pearson Edexcel specification
A83: 2 Thermal Physics | B83: 2.1 Kinetic particle model of matter | C83: 2.1.2 Particle model | D83: 6 | E83: Supplement | F83: Know that the forces and distances between particles (atoms, molecules, ions and electrons) and the motion of the particles affects the properties of solids, liquids and gases | H83: =IF(ISBLANK(G83),"",INDEX('Physics Comparison Overview'!$B$3:$B$197,MATCH(G83,'Physics Comparison Overview'!$A$3:$A$197,0))) | I83: =IF(ISBLANK(G83),"",INDEX('Physics Comparison Overview'!$C$3:$C$197,MATCH(G83,'Physics Comparison Overview'!$A$3:$A$197,0))) | J83: No specific reference in Pearson Edexcel specification
A84: 2 Thermal Physics | B84: 2.1 Kinetic particle model of matter | C84: 2.1.2 Particle model | D84: 7 | E84: Supplement | F84: Describe the pressure and the changes in pressure of a gas in terms of the forces exerted by particles colliding with surfaces, creating a force per unit area | G84: 5.15 | H84: =IF(ISBLANK(G84),"",INDEX('Physics Comparison Overview'!$B$3:$B$197,MATCH(G84,'Physics Comparison Overview'!$A$3:$A$197,0))) -> 6.1 | I84: =IF(ISBLANK(G84),"",INDEX('Physics Comparison Overview'!$C$3:$C$197,MATCH(G84,'Physics Comparison Overview'!$A$3:$A$197,0))) -> explain how molecules in a gas have random motion and that they exert a force and hence a pressure on the walls of a container
A85: 2 Thermal Physics | B85: 2.1 Kinetic particle model of matter | C85: 2.1.2 Particle model | D85: 8 | E85: Supplement | F85: Know that microscopic particles may be moved by collisions with light fast-moving molecules and correctly use the terms atoms or molecules as distinct from microscopic particles | H85: =IF(ISBLANK(G85),"",INDEX('Physics Comparison Overview'!$B$3:$B$197,MATCH(G85,'Physics Comparison Overview'!$A$3:$A$197,0))) | I85: =IF(ISBLANK(G85),"",INDEX('Physics Comparison Overview'!$C$3:$C$197,MATCH(G85,'Physics Comparison Overview'!$A$3:$A$197,0))) | J85: No specific reference in Pearson Edexcel specification
A86: 2 Thermal Physics | B86: 2.1 Kinetic particle model of matter | C86: 2.1.3 Gases and the absolute scale of temperature | D86: 1 | E86: Core | F86: Describe qualitatively, in terms of particles, the effect on the pressure of a fixed mass of gas of: (a) a change of temperature at constant volume (b) a change of volume at constant temperature | G86: 5.20 | H86: =IF(ISBLANK(G86),"",INDEX('Physics Comparison Overview'!$B$3:$B$197,MATCH(G86,'Physics Comparison Overview'!$A$3:$A$197,0))) -> 6.6 | I86: =IF(ISBLANK(G86),"",INDEX('Physics Comparison Overview'!$C$3:$C$197,MATCH(G86,'Physics Comparison Overview'!$A$3:$A$197,0))) -> explain, for a fixed amount of gas, the qualitative relationship between: • pressure and volume at constant temperature • pressure and Kelvin temperature at constant volume
A87: 2 Thermal Physics | B87: 2.1 Kinetic particle model of matter | C87: 2.1.3 Gases and the absolute scale of temperature | D87: 2 | E87: Core | F87: Convert temperatures between kelvin and degrees Celsius; recall and use the equation T (in K) = θ (in °C) + 273 | G87: 5.17 | H87: =IF(ISBLANK(G87),"",INDEX('Physics Comparison Overview'!$B$3:$B$197,MATCH(G87,'Physics Comparison Overview'!$A$3:$A$197,0))) -> 6.3 | I87: =IF(ISBLANK(G87),"",INDEX('Physics Comparison Overview'!$C$3:$C$197,MATCH(G87,'Physics Comparison Overview'!$A$3:$A$197,0))) -> describe the Kelvin scale of temperature and be able to convert between the Kelvin and Celsius scales | J87: No need to recall the CIE equation
A88: 2 Thermal Physics | B88: 2.1 Kinetic particle model of matter | C88: 2.1.3 Gases and the absolute scale of temperature | D88: 3 | E88: Supplement | F88: Recall and use the equation pV = constant for a fixed mass of gas at constant temperature, including a graphical representation of this relationship | G88: 5.22 | H88: =IF(ISBLANK(G88),"",INDEX('Physics Comparison Overview'!$B$3:$B$197,MATCH(G88,'Physics Comparison Overview'!$A$3:$A$197,0))) -> 6.8 | I88: =IF(ISBLANK(G88),"",INDEX('Physics Comparison Overview'!$C$3:$C$197,MATCH(G88,'Physics Comparison Overview'!$A$3:$A$197,0))) -> use the relationship between the pressure and volume of a fixed mass of gas at constant temperature: p1V1 = p2V2
A89: 2 Thermal Physics | B89: 2.2 Thermal properties and temperature | C89: 2.2.1 Thermal expansion of solids, liquids and gases | D89: 1 | E89: Core | F89: Describe, qualitatively, the thermal expansion of solids, liquids and gases at constant pressure | H89: =IF(ISBLANK(G89),"",INDEX('Physics Comparison Overview'!$B$3:$B$197,MATCH(G89,'Physics Comparison Overview'!$A$3:$A$197,0))) | I89: =IF(ISBLANK(G89),"",INDEX('Physics Comparison Overview'!$C$3:$C$197,MATCH(G89,'Physics Comparison Overview'!$A$3:$A$197,0))) | J89: No specific reference in Pearson Edexcel specification
A90: 2 Thermal Physics | B90: 2.2 Thermal properties and temperature | C90: 2.2.1 Thermal expansion of solids, liquids and gases | D90: 2 | E90: Core | F90: Describe some of the everyday applications and consequences of thermal expansion | H90: =IF(ISBLANK(G90),"",INDEX('Physics Comparison Overview'!$B$3:$B$197,MATCH(G90,'Physics Comparison Overview'!$A$3:$A$197,0))) | I90: =IF(ISBLANK(G90),"",INDEX('Physics Comparison Overview'!$C$3:$C$197,MATCH(G90,'Physics Comparison Overview'!$A$3:$A$197,0))) | J90: No specific reference in Pearson Edexcel specification
A91: 2 Thermal Physics | B91: 2.2 Thermal properties and temperature | C91: 2.2.1 Thermal expansion of solids, liquids and gases | D91: 3 | E91: Supplement | F91: Explain, in terms of the motion and arrangement of particles, the relative order of magnitudes of the expansion of solids, liquids and gases as their temperatures rise | H91: =IF(ISBLANK(G91),"",INDEX('Physics Comparison Overview'!$B$3:$B$197,MATCH(G91,'Physics Comparison Overview'!$A$3:$A$197,0))) | I91: =IF(ISBLANK(G91),"",INDEX('Physics Comparison Overview'!$C$3:$C$197,MATCH(G91,'Physics Comparison Overview'!$A$3:$A$197,0))) | J91: No specific reference in Pearson Edexcel specification
A92: 2 Thermal Physics | B92: 2.2 Thermal properties and temperature | C92: 2.2.2 Specific heat capacity | D92: 1 | E92: Core | F92: Know that a rise in the temperature of an object increases its internal energy | H92: =IF(ISBLANK(G92),"",INDEX('Physics Comparison Overview'!$B$3:$B$197,MATCH(G92,'Physics Comparison Overview'!$A$3:$A$197,0))) | I92: =IF(ISBLANK(G92),"",INDEX('Physics Comparison Overview'!$C$3:$C$197,MATCH(G92,'Physics Comparison Overview'!$A$3:$A$197,0))) | J92: No specific reference in Pearson Edexcel specification
A93: 2 Thermal Physics | B93: 2.2 Thermal properties and temperature | C93: 2.2.2 Specific heat capacity | D93: 2 | E93: Supplement | F93: Describe an increase in temperature of an object in terms of an increase in the average kinetic energies of all of the particles in the object | G93: 5.19 | H93: =IF(ISBLANK(G93),"",INDEX('Physics Comparison Overview'!$B$3:$B$197,MATCH(G93,'Physics Comparison Overview'!$A$3:$A$197,0))) -> 6.5 | I93: =IF(ISBLANK(G93),"",INDEX('Physics Comparison Overview'!$C$3:$C$197,MATCH(G93,'Physics Comparison Overview'!$A$3:$A$197,0))) -> know that the Kelvin temperature of a gas is proportional to the average kinetic energy of its molecules
A94: 2 Thermal Physics | B94: 2.2 Thermal properties and temperature | C94: 2.2.2 Specific heat capacity | D94: 3 | E94: Supplement | F94: Define specific heat capacity as the energy required per unit mass per unit temperature increase; recall and use the equation c = ∆E m∆θ | G94: 5.13P | H94: =IF(ISBLANK(G94),"",INDEX('Physics Comparison Overview'!$B$3:$B$197,MATCH(G94,'Physics Comparison Overview'!$A$3:$A$197,0))) -> 4.13P | I94: =IF(ISBLANK(G94),"",INDEX('Physics Comparison Overview'!$C$3:$C$197,MATCH(G94,'Physics Comparison Overview'!$A$3:$A$197,0))) -> use the equation: change in thermal energy = mass × specific heat capacity × change in temperature; ΔQ = m × c × ΔT | J94: Also, 4.12P "know that specific heat capacity is the energy required to change the temperature of an object by one degree Celsius per kilogram of mass (J/kg °C)"
A95: 2 Thermal Physics | B95: 2.2 Thermal properties and temperature | C95: 2.2.2 Specific heat capacity | D95: 4 | E95: Supplement | F95: Describe experiments to measure the specific heat capacity of a solid and a liquid | G95: 5.14P | H95: =IF(ISBLANK(G95),"",INDEX('Physics Comparison Overview'!$B$3:$B$197,MATCH(G95,'Physics Comparison Overview'!$A$3:$A$197,0))) -> 4.14P | I95: =IF(ISBLANK(G95),"",INDEX('Physics Comparison Overview'!$C$3:$C$197,MATCH(G95,'Physics Comparison Overview'!$A$3:$A$197,0))) -> practical: investigate the specific heat capacity of materials including water and some solids
A96: 2 Thermal Physics | B96: 2.2 Thermal properties and temperature | C96: 2.2.3 Melting, boiling and evaporation | D96: 1 | E96: Core | F96: Describe melting and boiling in terms of energy input without a change in temperature | G96: 5.8P | H96: =IF(ISBLANK(G96),"",INDEX('Physics Comparison Overview'!$B$3:$B$197,MATCH(G96,'Physics Comparison Overview'!$A$3:$A$197,0))) -> 4.8P | I96: =IF(ISBLANK(G96),"",INDEX('Physics Comparison Overview'!$C$3:$C$197,MATCH(G96,'Physics Comparison Overview'!$A$3:$A$197,0))) -> explain why heating a system will change the energy stored within the system and raise its temperature or produce changes of state
A97: 2 Thermal Physics | B97: 2.2 Thermal properties and temperature | C97: 2.2.3 Melting, boiling and evaporation | D97: 2 | E97: Core | F97: Know the melting and boiling temperatures for water at standard atmospheric pressure | H97: =IF(ISBLANK(G97),"",INDEX('Physics Comparison Overview'!$B$3:$B$197,MATCH(G97,'Physics Comparison Overview'!$A$3:$A$197,0))) | I97: =IF(ISBLANK(G97),"",INDEX('Physics Comparison Overview'!$C$3:$C$197,MATCH(G97,'Physics Comparison Overview'!$A$3:$A$197,0))) | J97: No specific reference in Pearson Edexcel specification
A98: 2 Thermal Physics | B98: 2.2 Thermal properties and temperature | C98: 2.2.3 Melting, boiling and evaporation | D98: 3 | E98: Core | F98: Describe condensation and solidification in terms of particles | H98: =IF(ISBLANK(G98),"",INDEX('Physics Comparison Overview'!$B$3:$B$197,MATCH(G98,'Physics Comparison Overview'!$A$3:$A$197,0))) | I98: =IF(ISBLANK(G98),"",INDEX('Physics Comparison Overview'!$C$3:$C$197,MATCH(G98,'Physics Comparison Overview'!$A$3:$A$197,0))) | J98: No specific reference in Pearson Edexcel specification
A99: 2 Thermal Physics | B99: 2.2 Thermal properties and temperature | C99: 2.2.3 Melting, boiling and evaporation | D99: 4 | E99: Core | F99: Describe evaporation in terms of the escape of more energetic particles from the surface of a liquid | G99: 5.8P | H99: =IF(ISBLANK(G99),"",INDEX('Physics Comparison Overview'!$B$3:$B$197,MATCH(G99,'Physics Comparison Overview'!$A$3:$A$197,0))) -> 4.8P | I99: =IF(ISBLANK(G99),"",INDEX('Physics Comparison Overview'!$C$3:$C$197,MATCH(G99,'Physics Comparison Overview'!$A$3:$A$197,0))) -> explain why heating a system will change the energy stored within the system and raise its temperature or produce changes of state
A100: 2 Thermal Physics | B100: 2.2 Thermal properties and temperature | C100: 2.2.3 Melting, boiling and evaporation | D100: 5 | E100: Core | F100: Know that evaporation causes cooling of a liquid | G100: 5.9P | H100: =IF(ISBLANK(G100),"",INDEX('Physics Comparison Overview'!$B$3:$B$197,MATCH(G100,'Physics Comparison Overview'!$A$3:$A$197,0))) -> 4.9P | I100: =IF(ISBLANK(G100),"",INDEX('Physics Comparison Overview'!$C$3:$C$197,MATCH(G100,'Physics Comparison Overview'!$A$3:$A$197,0))) -> describe the changes that occur when a solid melts to form a liquid, and when a liquid evaporates or boils to form a gas
...

Sheet CAIE IGCSE Co-ord Sci 0654-0973
A1: Discipline | B1: CAIE Topic | C1: CAIE Sub-topic | D1: CAIE Sub-sub-topic | E1: CAIE Number | F1: CAIE Tier | G1: CAIE Spec content | H1: Pearson Edexcel Linear spec point | I1: Pearson Edexcel Modular spec point | J1: Pearson Edexcel spec content - comparative | K1: Notes
A2: Biology | B2: B1 Characteristics of living organisms | C2: B1.1 Characteristics of living organims | E2: 1 | F2: Core | G2: Describe the characteristics of living organisms by defining: (a) movement as an action by an organism or part of an organism causing a change of position or place (b) respiration as the chemical reactions in cells that break down nutrient molecules and release energy for metabolism (c) sensitivity as the ability to detect and respond to changes in the internal or external environment (d) growth as a permanent increase in size and dry mass (e) reproduction as the processes that make more of the same kind of organism (f) excretion as the removal of waste products of metabolism and substances in excess of requirements (g) nutrition as the taking in of materials for energy, growth and development | H2: 1.1 | I2: 1.1 | J2: understand how living organisms share the following characteristics: • they require nutrition • they respire • they excrete their waste • they respond to their surroundings • they move • they control their internal conditions • they reproduce • they grow and develop | K2: Both require similar understanding of the characteristics of living organisms.
A3: Biology | B3: B2 Cells | C3: B2.1 Cell Structure | E3: 1 | F3: Core | G3: Describe and compare the structure of a plant cell with an animal cell, limited to: cell wall, cell membrane, nucleus, cytoplasm, chloroplasts, ribosomes, mitochondria, vacuoles | H3: 2.2 & 2.3 & 2.4 | I3: 2.2 & 2.3 & 2.4 | J3: describe cell structures, including the nucleus, cytoplasm, cell membrane, cell wall, mitochondria, chloroplasts, ribosomes and vacuole & know the similarities and differences in the structure of plant and animal cells
A4: Biology | B4: B2 Cells | C4: B2.1 Cell Structure | E4: 2 | F4: Core | G4: Describe the structure of a bacterial cell, limited to: cell wall, cell membrane, cytoplasm, ribosomes, circular DNA, plasmids | H4: 1.3 | I4: 1.3 | J4: describe the common features shown by prokaryotic organisms such as bacteria
A5: Biology | B5: B2 Cells | C5: B2.1 Cell Structure | E5: 3 | F5: Core | G5: Identify the cell structures listed in 2.1.1 and 2.1.2 in diagrams and images of plant, animal and bacterial cells | H5: 1.3 & 2.2 & 2.3 & 2.4 | I5: 1.3 & 2.2 & 2.3 & 2.4 | J5: As above
A6: Biology | B6: B2 Cells | C6: B2.1 Cell Structure | E6: 4 | F6: Core | G6: Describe the functions of the structures listed in 2.1.1 and 2.1.2 in plant, animal and bacterial cells | H6: 2.2 | I6: 2.2 | J6: describe the functions of the nucleus, cytoplasm, cell membrane, cell wall, mitochondria, chloroplasts, ribosomes and vacuole
A7: Biology | B7: B2 Cells | C7: B2.1 Cell Structure | E7: 5 | F7: Core | G7: State that new cells are produced by division of existing cells | H7: 3.28 & 3.30 | I7: 4.28 & 4.30 | J7: understand how division of a diploid cell by mitosis produces two cells that contain identical sets of chromosomes & understand how division of a cell by meiosis produces four cells, each with half the number of chromosomes, and that this results in the formation of genetically different haploid gametes
A8: Biology | B8: B2 Cells | C8: B2.1 Cell Structure | E8: 6 | F8: Core | G8: State that specialised cells have specific functions, limited to: (a) ciliated cells – movement of mucus in the trachea and bronchi (b) root hair cells – absorption (c) palisade mesophyll cells – photosynthesis (d) neurones – conduction of electrical impulses (e) red blood cells – transport of oxygen (f) sperm and egg cells (gametes) – reproduction | H8: 2.5B | I8: 2.5B | J8: explain the importance of cell differentiation in the development of specialised cells | K8: Specialised cells they need to know not specified in Pearson Edexcel
A9: Biology | B9: B2 Cells | C9: B2.1 Cell Structure | E9: 7 | F9: Core | G9: Describe the meaning of the terms: cell, tissue, organ, organ system and organism as illustrated by examples given in the syllabus | H9: 2.1 | I9: 2.1 | J9: describe the levels of organisation in organisms: organelles, cells, tissues, organs and systems
A10: Biology | B10: B2 Cells | C10: B2.2 Size of specimens | E10: 1 | F10: Core | G10: State and use the formula: magnification = actual size image size | H10: Mathematical skills 2I | I10: Mathematical skills 2I | K10: No specific reference in Pearson Edexcel specification
A11: Biology | B11: B2 Cells | C11: B2.2 Size of specimens | E11: 2 | F11: Core | G11: Calculate magnification and size of biological specimens using millimetres as units | H11: Mathematical skills 2I | I11: Mathematical skills 2I | K11: No specific reference in Pearson Edexcel specification
A12: Biology | B12: B2 Cells | C12: B2.2 Size of specimens | E12: 3 | F12: Supplement | G12: Convert measurements between millimetres (mm) and micrometres (µm) | H12: Mathematical skills 1A 1B | I12: Mathematical skills 1A 1B | K12: No specific reference in Pearson Edexcel specification
A13: Biology | B13: B3 Movement into and out of cells | C13: B3.1 Diffusion | E13: 1 | F13: Core | G13: Describe diffusion as the net movement of particles from a region of their higher concentration to a region of their lower concentration (i.e. down a concentration gradient), as a result of their random movement | H13: 2.15 | I13: 2.15 | J13: understand the processes of diffusion, osmosis and active transport by which substances move into and out of cells
A14: Biology | B14: B3 Movement into and out of cells | C14: B3.1 Diffusion | E14: 2 | F14: Core | G14: State that some substances move into and out of cells by diffusion through the cell membrane | H14: 2.15 | I14: 2.15 | J14: understand the processes of diffusion, osmosis and active transport by which substances move into and out of cells
A15: Biology | B15: B3 Movement into and out of cells | C15: B3.1 Diffusion | E15: 3 | F15: Core | G15: Describe the importance of diffusion of gases and solutes in living organisms | H15: 2.15 | I15: 2.15 | J15: understand the processes of diffusion, osmosis and active transport by which substances move into and out of cells
A16: Biology | B16: B3 Movement into and out of cells | C16: B3.1 Diffusion | E16: 4 | F16: Supplement | G16: Investigate the factors that influence diffusion, limited to: surface area, temperature, concentration gradient and distance | H16: 2.16 & 2.17 | I16: 2.16 & 2.17 | J16: understand how factors affect the rate of movement of substances into and out of cells, including the effects of surface area to volume ratio, distance, temperature and concentration gradient & practical: investigate diffusion and osmosis using living and non-living systems
A17: Biology | B17: B3 Movement into and out of cells | C17: B3.2 Osmosis | E17: 1 | F17: Core | G17: State that water diffuses through partially permeable membranes by osmosis | H17: 2.15 | I17: 2.15 | J17: understand the processes of diffusion, osmosis and active transport by which substances move into and out of cells
A18: Biology | B18: B3 Movement into and out of cells | C18: B3.2 Osmosis | E18: 2 | F18: Core | G18: State that water moves into and out of cells by osmosis through the cell membrane | H18: 2.15 | I18: 2.15 | J18: understand the processes of diffusion, osmosis and active transport by which substances move into and out of cells
A19: Biology | B19: B3 Movement into and out of cells | C19: B3.2 Osmosis | E19: 3 | F19: Core | G19: Investigate and describe the effects on plant tissues of immersing them in solutions of different concentrations | H19: 2.17 | I19: 2.17 | J19: practical: investigate diffusion and osmosis using living and non-living systems
A20: Biology | B20: B3 Movement into and out of cells | C20: B3.2 Osmosis | E20: 4 | F20: Supplement | G20: Describe osmosis as the net movement of water molecules from a region of higher water potential (dilute solution) to a region of lower water potential (concentrated solution), through a partially permeable membrane | H20: 2.15 | I20: 2.15 | J20: understand the processes of diffusion, osmosis and active transport by which substances move into and out of cells
A21: Biology | B21: B3 Movement into and out of cells | C21: B3.2 Osmosis | E21: 5 | F21: Supplement | G21: Explain the effects on plant cells of immersing them in solutions of different concentrations by using the terms: turgid, turgor pressure, plasmolysis, flaccid | H21: 2.15 | I21: 2.15 | J21: understand the processes of diffusion, osmosis and active transport by which substances move into and out of cells
A22: Biology | B22: B3 Movement into and out of cells | C22: B3.2 Osmosis | E22: 6 | F22: Supplement | G22: Explain the importance of water potential and osmosis in the uptake and loss of water by organisms | H22: 2.56B | I22: 3.6B | J22: understand that transpiration is the evaporation of water from the surface of a plant
A23: Biology | B23: B3 Movement into and out of cells | C23: B3.3 Active transport | E23: 1 | F23: Core | G23: Describe active transport as the movement of particles through a cell membrane from a region of lower concentration to a region of higher concentration (i.e. against a concentration gradient), using energy from respiration | H23: 2.15 | I23: 2.15 | J23: understand the processes of diffusion, osmosis and active transport by which substances move into and out of cells
A24: Biology | B24: B3 Movement into and out of cells | C24: B3.3 Active transport | E24: 2 | F24: Supplement | G24: Explain the importance of active transport as a process for movement of molecules or ions across membranes, including ion uptake by root hairs | H24: 2.15 & 2.54 | I24: 2.15 & 3.4 | J24: understand the processes of diffusion, osmosis and active transport by which substances move into and out of cells & describe the role of xylem in transporting water and mineral ions from the roots to other parts of the plant
A25: Biology | B25: B4 Biological molecules | C25: B4.1 Biological molecules | E25: 1 | F25: Core | G25: List the chemical elements that make up: carbohydrates, fats and proteins | H25: 2.7 | I25: 2.7 | J25: identify the chemical elements present in carbohydrates, proteins and lipids (fats and oils)
A26: Biology | B26: B4 Biological molecules | C26: B4.1 Biological molecules | E26: 2 | F26: Core | G26: State that large molecules are made from smaller molecules, limited to: (a) starch, glycogen and cellulose from glucose (b) proteins from amino acids (c) fats and oils from fatty acids and glycerol | H26: 2.8 | I26: 2.8 | J26: describe the structure of carbohydrates, proteins and lipids as large molecules made up from smaller basic units: starch and glycogen from simple sugars, protein from amino acids, and lipid from fatty acids and glycerol
A27: Biology | B27: B4 Biological molecules | C27: B4.1 Biological molecules | E27: 3 | F27: Core | G27: Describe the use of: (a) iodine solution test for starch (b) Benedict’s solution test for reducing sugars (c) biuret test for proteins (d) ethanol emulsion test for fats and oils | H27: 2.9 | I27: 2.9 | J27: practical: investigate food samples for the presence of glucose, starch, protein and fat
A28: Biology | B28: B5 Enzymes | C28: B5.1 Enzymes | E28: 1 | F28: Core | G28: Describe enzymes as proteins that are involved in all metabolic reactions, where they function as biological catalysts | H28: 2.10 | I28: 2.10 | J28: understand the role of enzymes as biological catalysts in metabolic reactions
A29: Biology | B29: B5 Enzymes | C29: B5.1 Enzymes | E29: 2 | F29: Core | G29: Investigate and describe the effect of changes in temperature and pH on enzyme activity | H29: 2.12 & 2.14B | I29: 2.12 & 2.14B | J29: practical: investigate how enzyme activity can be affected by changes in temperature & practical: investigate how enzyme activity can be affected by changes in pH
A30: Biology | B30: B5 Enzymes | C30: B5.1 Enzymes | E30: 3 | F30: Supplement | G30: Describe and explain enzyme action with reference to: the active site, enzyme–substrate complex, substrate and product | H30: 2.10 | I30: 2.10 | J30: understand the role of enzymes as biological catalysts in metabolic reactions
A31: Biology | B31: B5 Enzymes | C31: B5.1 Enzymes | E31: 4 | F31: Supplement | G31: Describe and explain the specificity of enzymes in terms of the complementary shape and fit of the active site with the substrate | H31: 2.10 | I31: 2.10 | J31: understand the role of enzymes as biological catalysts in metabolic reactions
A32: Biology | B32: B5 Enzymes | C32: B5.1 Enzymes | E32: 5 | F32: Supplement | G32: Explain the effect of changes in temperature on enzyme activity in terms of kinetic energy, shape and fit, frequency of effective collisions and denaturation | H32: 2.11 | I32: 2.11 | J32: understand how temperature changes can affect enzyme function, including changes to the shape of active site
A33: Biology | B33: B5 Enzymes | C33: B5.1 Enzymes | E33: 6 | F33: Supplement | G33: Explain the effect of changes in pH on enzyme activity in terms of shape and fit and denaturation | H33: 2.13 | I33: 2.13 | J33: understand how enzyme function can be affected by changes in pH altering the active site
A34: Biology | B34: B6 Plant nutrition | C34: B6.1 Photosynthesis | E34: 1 | F34: Core | G34: Describe photosynthesis as the process by which plants synthesise carbohydrates from raw materials using energy from light | H34: 2.18 | I34: 2.18 | J34: understand the process of photosynthesis and its importance in the conversion of light energy to chemical energy
A35: Biology | B35: B6 Plant nutrition | C35: B6.1 Photosynthesis | E35: 2 | F35: Core | G35: State the word equation for photosynthesis as: carbon dioxide + water → glucose + oxygen in the presence of light and chlorophyll | H35: 2.19 | I35: 2.19 | J35: know the word equation and the balanced chemical symbol equation for photosynthesis
A36: Biology | B36: B6 Plant nutrition | C36: B6.1 Photosynthesis | E36: 3 | F36: Core | G36: State that chlorophyll is a green pigment that is found in chloroplasts | H36: 2.21 | I36: 2.21 | J36: describe the structure of the leaf and explain how it is adapted for photosynthesis | K36: Students need to be aware that chlorophyll is in chloroplasts, and that chlorophyll absorbs light for photosynthesis
A37: Biology | B37: B6 Plant nutrition | C37: B6.1 Photosynthesis | E37: 4 | F37: Core | G37: Investigate and understand the need for chlorophyll, light and carbon dioxide for photosynthesis | H37: 2.23 | I37: 2.23 | J37: practical: investigate photosynthesis, showing the evolution of oxygen from a water plant, the production of starch and the requirements of light, carbon dioxide and chlorophyll
A38: Biology | B38: B6 Plant nutrition | C38: B6.1 Photosynthesis | E38: 5 | F38: Supplement | G38: State the balanced symbol equation for photosynthesis as: 6CO2 + 6H2O → C6H12O6 + 6O2 | H38: 2.19 | I38: 2.19 | J38: know the word equation and the balanced chemical symbol equation for photosynthesis
A39: Biology | B39: B6 Plant nutrition | C39: B6.1 Photosynthesis | E39: 6 | F39: Supplement | G39: State that chlorophyll transfers energy from light into energy in chemicals, for the synthesis of carbohydrates | H39: 2.18 | I39: 2.18 | J39: understand the process of photosynthesis and its importance in the conversion of light energy to chemical energy
A40: Biology | B40: B6 Plant nutrition | C40: B6.1 Photosynthesis | E40: 7 | F40: Supplement | G40: Outline the subsequent use and storage of the carbohydrates made in photosynthesis: (a) starch as an energy store (b) cellulose to build cell walls (c) glucose used in respiration to provide energy (d) sucrose for transport in the phloem (e) nectar to attract insects for pollination | K40: No specific reference in Pearson Edexcel specification
A41: Biology | B41: B6 Plant nutrition | C41: B6.1 Photosynthesis | E41: 8 | F41: Supplement | G41: Explain the importance of: (a) nitrate ions for making amino acids (b) magnesium ions for making chlorophyll | H41: 2.22 | I41: 2.22 | J41: understand that plants require mineral ions for growth, and that magnesium ions are needed for chlorophyll and nitrate ions are needed for amino acids
A42: Biology | B42: B6 Plant nutrition | C42: B6.1 Photosynthesis | E42: 9 | F42: Supplement | G42: Understand and describe the effects of varying light intensity, carbon dioxide concentration and temperature on the rate of photosynthesis | H42: 2.23 | I42: 2.23 | J42: practical: investigate photosynthesis, showing the evolution of oxygen from a water plant, the production of starch and the requirements of light, carbon dioxide and chlorophyll
A43: Biology | B43: B6 Plant nutrition | C43: B6.1 Photosynthesis | E43: 10 | F43: Supplement | G43: Understand and describe the effect of light and dark conditions on gas exchange in an aquatic plant using hydrogencarbonate indicator solution | H43: 2.45B | I43: 2.45B | J43: practical: investigate the effect of light on net gas exchange from a leaf, using hydrogencarbonate indicator
A44: Biology | B44: B6 Plant nutrition | C44: B6.2 Leaf structure | E44: 1 | F44: Core | G44: State that most leaves have a large surface area and are thin, and explain how these features are adaptations for photosynthesis | H44: 2.21 | I44: 2.21 | J44: describe the structure of the leaf and explain how it is adapted for photosynthesis
A45: Biology | B45: B6 Plant nutrition | C45: B6.2 Leaf structure | E45: 2 | F45: Core | G45: Identify in diagrams and images the following structures in the leaf of a dicotyledonous plant: chloroplasts, cuticle, guard cells and stomata, upper and lower epidermis, palisade mesophyll, spongy mesophyll, air spaces, vascular bundles, xylem and phloem | H45: 2.21 | I45: 2.21 | J45: describe the structure of the leaf and explain how it is adapted for photosynthesis
A46: Biology | B46: B6 Plant nutrition | C46: B6.2 Leaf structure | E46: 3 | F46: Supplement | G46: Explain how the structures listed in 6.2.2 adapt leaves for photosynthesis | H46: 2.21 | I46: 2.21 | J46: describe the structure of the leaf and explain how it is adapted for photosynthesis
A47: Biology | B47: B7 Human nutrition | C47: B7.1 Diet | E47: 1 | F47: Core | G47: Describe what is meant by a balanced diet | H47: 2.24 | I47: 2.24 | J47: understand that a balanced diet should include appropriate proportions of carbohydrate, protein, lipid, vitamins, minerals, water and dietary fibre
A48: Biology | B48: B7 Human nutrition | C48: B7.1 Diet | E48: 2 | F48: Core | G48: State the principal dietary sources and describe the importance of: (a) carbohydrates (b) fats and oils (c) proteins (d) vitamins, limited to C and D (e) mineral ions, limited to calcium and iron (f) fibre (roughage) (g) water | H48: 2.25 | I48: 2.25 | J48: identify the sources and describe the functions of carbohydrate, protein, lipid (fats and oils), vitamins A, C and D, the mineral ions calcium and iron, water and dietary fibre as components of the diet
A49: Biology | B49: B7 Human nutrition | C49: B7.1 Diet | E49: 3 | F49: Core | G49: State the causes of scurvy and rickets | K49: students should know what vitamin C and D are require for so should be able to identify the causes of scurvy and rickets
A50: Biology | B50: B7 Human nutrition | C50: B7.2 Digestive system | E50: 1 | F50: Core | G50: Identify in diagrams and images the main organs of the digestive system, limited to: (a) alimentary canal: mouth, oesophagus, stomach, small intestine (duodenum and ileum) and large intestine (colon, rectum and anus) (b) associated organs: salivary glands, pancreas, liver and gall bladder | H50: 2.27 & 2.30 | I50: 2.27 & 2.30 | J50: describe the structure and function of the human alimentary canal, including the mouth, oesophagus, stomach, small intestine (duodenum and ileum), large intestine (colon and rectum) and pancreas & understand that bile is produced by the liver and stored in the gall bladder
